Workbook
Name bancario: 'Extratos Bancários'!$A$1:OFFSET('Extratos Bancários'!$A$1,COUNTA('Extratos Bancários'!$A:$A)-1,COUNTA('Extratos Bancários'!$1:$1)-1)
Name BDados: #REF!:OFFSET(#REF!,COUNTA(#REF!)-3,COUNTA(#REF!)-1)
Name BDados: Bdados!$A$3:OFFSET(Bdados!$A$3,COUNTA(Bdados!$A:$A)-3,COUNTA(Bdados!$3:$3)-1)
Name BDados: #REF!:OFFSET(#REF!,COUNTA(#REF!)-3,COUNTA(#REF!)-1)
Name BDadosAnt: #REF!:OFFSET(#REF!,COUNTA(#REF!)-3,COUNTA(#REF!)-1)
Name BDadosAnt: #REF!:OFFSET(#REF!,COUNTA(#REF!)-3,COUNTA(#REF!)-1)
Name CarteiraAtiva: #REF!:OFFSET(#REF!,COUNTA(#REF!)-2,COUNTA(#REF!)-1)
Name CarteiraAtiva: #REF!:OFFSET(#REF!,COUNTA(#REF!)-2,COUNTA(#REF!)-1)
Name CarteiraDistrato: #REF!:OFFSET(#REF!,COUNTA(#REF!)-2,COUNTA(#REF!)-1)
Name CarteiraDistrato: #REF!:OFFSET(#REF!,COUNTA(#REF!)-2,COUNTA(#REF!)-1)
Name contas: 'Lista de Contas'!$B$2:$B$4
Name Cronograma: #REF!:OFFSET(#REF!,COUNTA(#REF!)-1,COUNTA(#REF!)-1)
Name Cronograma: #REF!:OFFSET(#REF!,COUNTA(#REF!)-1,COUNTA(#REF!)-1)
Name DadosEmp: #REF!:OFFSET(#REF!,COUNTA(#REF!)-1,COUNTA(#REF!)-1)
Name DadosEmp: #REF!:OFFSET(#REF!,COUNTA(#REF!)-1,COUNTA(#REF!)-1)
Name Ext_Bancarios: #REF!:OFFSET(#REF!,COUNTA(#REF!)-1,COUNTA(#REF!)-1)
Name Ext_Bancarios: #REF!:OFFSET(#REF!,COUNTA(#REF!)-1,COUNTA(#REF!)-1)
Name Ext_Bancarios: #REF!:OFFSET(#REF!,COUNTA(#REF!)-1,COUNTA(#REF!)-1)
Name Ext_Clientes: #REF!:OFFSET(#REF!,COUNTA(#REF!)-2,COUNTA(#REF!)-1)
Name Ext_Clientes: #REF!:OFFSET(#REF!,COUNTA(#REF!)-2,COUNTA(#REF!)-1)
Name Ext_Clientes: #REF!:OFFSET(#REF!,COUNTA(#REF!)-2,COUNTA(#REF!)-1)
Name incorrido: 'Fluxo Incorrido'!$A$1:OFFSET('Fluxo Incorrido'!$A$1,COUNTA('Fluxo Incorrido'!$A:$A)-1,COUNTA('Fluxo Incorrido'!$1:$1)-1)
Name Juros: #REF!:OFFSET(#REF!,COUNTA(#REF!)-4,COUNTA(#REF!)-1)
Name Juros: #REF!:OFFSET(#REF!,COUNTA(#REF!)-4,COUNTA(#REF!)-1)
Name Lista_Contas: #REF!:OFFSET(#REF!,COUNTA(#REF!)-1,0)
Name Lista_Contas: #REF!:OFFSET(#REF!,COUNTA(#REF!)-1,0)
Name Lista_Contas: #REF!:OFFSET(#REF!,COUNTA(#REF!)-1,0)
Name ListaEmp: #REF!:OFFSET(#REF!,COUNTA(#REF!)-1,0)
Name ListaEmp: #REF!:OFFSET(#REF!,COUNTA(#REF!)-1,0)
Name PosicaoBanco: #REF!:OFFSET(#REF!,COUNTA(#REF!)-1,COUNTA(#REF!)-1)
Name PosicaoBanco: #REF!:OFFSET(#REF!,COUNTA(#REF!)-1,COUNTA(#REF!)-1)
Name Reembolsos: 'Reembolsos Solicidados'!$A$2:OFFSET('Reembolsos Solicidados'!$A$2,COUNTA('Reembolsos Solicidados'!$A:$A)-1,COUNTA('Reembolsos Solicidados'!$2:$2)-1)
Name Reembolsos: 'Reembolsos Solicidados'!$A$2:OFFSET('Reembolsos Solicidados'!$A$2,COUNTA('Reembolsos Solicidados'!$A:$A)-1,COUNTA('Reembolsos Solicidados'!$2:$2)-1)
Name Reembolsos: 'Reembolsos Solicidados'!$A$2:OFFSET('Reembolsos Solicidados'!$A$2,COUNTA('Reembolsos Solicidados'!$A:$A)-1,COUNTA('Reembolsos Solicidados'!$2:$2)-1)

Sheet Extratos Bancários
A1: Empreendimento Ajustado | B1: Empresa Ajustada | C1: Banco | D1: Agência | E1: Conta | F1: Data | G1: Descrição | H1: Complemento | I1: Documento | J1: Créditos | K1: Débitos | L1: Valor | M1: Aux Abs | N1: Aux | O1: Mês | P1: Classificação
A2: Jardins | B2: Consolação | C2: Itaú | D2: 7307 | E2: 51562-2 | F2: 45366 | G2: SISPAG PAG TIT 15008360 | K2: -750 | L2: -750 | M2: 750 | N2: 0 | O2: 45352
A3: Jardins | B3: Consolação | C3: Itaú | D3: 7307 | E3: 51562-2 | F3: 45366 | G3: SISPAG PAG TIT 16008360 | K3: -330 | L3: -330 | M3: 330 | N3: 0 | O3: 45352
A4: Jardins | B4: Consolação | C4: Itaú | D4: 7307 | E4: 51562-2 | F4: 45366 | G4: SISPAG FORNECEDORES | K4: -98542.5 | L4: -98542.5 | M4: 98542.5 | N4: 0 | O4: 45352
A5: Jardins | B5: Consolação | C5: Itaú | D5: 7307 | E5: 51562-2 | F5: 45366 | G5: TED 237.3396.NC H E E P | J5: 130000 | L5: 130000 | M5: 130000 | N5: 0 | O5: 45352
A6: Jardins | B6: Consolação | C6: Itaú | D6: 7307 | E6: 51562-2 | F6: 45369 | G6: SISPAG PAG TIT 67714651 | K6: -22379.74 | L6: -22379.74 | M6: 22379.74 | N6: 0 | O6: 45352
A7: Jardins | B7: Consolação | C7: Itaú | D7: 7307 | E7: 51562-2 | F7: 45369 | G7: REND PAGO APLIC AUT MAIS | J7: 0.01 | L7: 0.01 | M7: 0.01 | N7: 0 | O7: 45352
A8: Jardins | B8: Consolação | C8: Itaú | D8: 7307 | E8: 51562-2 | F8: 45370 | G8: SISPAG PAG TIT BANCO 00 | K8: -2627.8 | L8: -2627.8 | M8: 2627.8 | N8: 0 | O8: 45352
A9: Jardins | B9: Consolação | C9: Itaú | D9: 7307 | E9: 51562-2 | F9: 45370 | G9: REND PAGO APLIC AUT MAIS | J9: 0.01 | L9: 0.01 | M9: 0.01 | N9: 0 | O9: 45352
A10: Jardins | B10: Consolação | C10: Itaú | D10: 7307 | E10: 51562-2 | F10: 45371 | G10: SISPAG PAG TIT BANCO 00 | K10: -774.84 | L10: -774.84 | M10: 774.84 | N10: 0 | O10: 45352
A11: Jardins | B11: Consolação | C11: Itaú | D11: 7307 | E11: 51562-2 | F11: 45371 | G11: SISPAG PAG TIT BANCO 23 | K11: -44.41 | L11: -44.41 | M11: 44.41 | N11: 0 | O11: 45352
A12: Jardins | B12: Consolação | C12: Itaú | D12: 7307 | E12: 51562-2 | F12: 45371 | G12: SISPAG PAG TIT BANCO 23 | K12: -44.41 | L12: -44.41 | M12: 44.41 | N12: 0 | O12: 45352
A13: Jardins | B13: Consolação | C13: Itaú | D13: 7307 | E13: 51562-2 | F13: 45371 | G13: SISPAG PAG TIT BANCO 23 | K13: -44.41 | L13: -44.41 | M13: 44.41 | N13: 0 | O13: 45352
A14: Jardins | B14: Consolação | C14: Itaú | D14: 7307 | E14: 51562-2 | F14: 45371 | G14: SISPAG PAG TIT BANCO 23 | K14: -44.41 | L14: -44.41 | M14: 44.41 | N14: 0 | O14: 45352
A15: Jardins | B15: Consolação | C15: Itaú | D15: 7307 | E15: 51562-2 | F15: 45371 | G15: SISPAG PAG TIT BANCO 23 | K15: -44.41 | L15: -44.41 | M15: 44.41 | N15: 0 | O15: 45352
A16: Jardins | B16: Consolação | C16: Itaú | D16: 7307 | E16: 51562-2 | F16: 45371 | G16: SISPAG PAG TIT BANCO 23 | K16: -44.41 | L16: -44.41 | M16: 44.41 | N16: 0 | O16: 45352
A17: Jardins | B17: Consolação | C17: Itaú | D17: 7307 | E17: 51562-2 | F17: 45371 | G17: SISPAG TRIBUTOS | K17: -15502.62 | L17: -15502.62 | M17: 15502.62 | N17: 0 | O17: 45352
A18: Jardins | B18: Consolação | C18: Itaú | D18: 7307 | E18: 51562-2 | F18: 45371 | G18: SISPAG FORNECEDORES | K18: -10451 | L18: -10451 | M18: 10451 | N18: 0 | O18: 45352
A19: Jardins | B19: Consolação | C19: Itaú | D19: 7307 | E19: 51562-2 | F19: 45371 | G19: SISPAG FORNECEDORES TED | K19: -9500 | L19: -9500 | M19: 9500 | N19: 0 | O19: 45352
A20: Jardins | B20: Consolação | C20: Itaú | D20: 7307 | E20: 51562-2 | F20: 45371 | G20: PIX TRANSF NC HOLD20/03 | J20: 60000 | L20: 60000 | M20: 60000 | N20: 0 | O20: 45352
A21: Jardins | B21: Consolação | C21: Itaú | D21: 7307 | E21: 51562-2 | F21: 45372 | G21: SISPAG PAG TIT BANCO 23 | K21: -44.41 | L21: -44.41 | M21: 44.41 | N21: 0 | O21: 45352
A22: Jardins | B22: Consolação | C22: Itaú | D22: 7307 | E22: 51562-2 | F22: 45372 | G22: SISPAG PAG TIT BANCO 23 | K22: -44.41 | L22: -44.41 | M22: 44.41 | N22: 0 | O22: 45352
A23: Jardins | B23: Consolação | C23: Itaú | D23: 7307 | E23: 51562-2 | F23: 45372 | G23: SISPAG PAG TIT BANCO 23 | K23: -44.41 | L23: -44.41 | M23: 44.41 | N23: 0 | O23: 45352
A24: Jardins | B24: Consolação | C24: Itaú | D24: 7307 | E24: 51562-2 | F24: 45372 | G24: SISPAG PAG TIT BANCO 23 | K24: -44.41 | L24: -44.41 | M24: 44.41 | N24: 0 | O24: 45352
A25: Jardins | B25: Consolação | C25: Itaú | D25: 7307 | E25: 51562-2 | F25: 45372 | G25: SISPAG FORNECEDORES | K25: -1666.66 | L25: -1666.66 | M25: 1666.66 | N25: 0 | O25: 45352
A26: Jardins | B26: Consolação | C26: Itaú | D26: 7307 | E26: 51562-2 | F26: 45372 | G26: SISPAG FORNECEDORES TED | K26: -15451 | L26: -15451 | M26: 15451 | N26: 0 | O26: 45352
A27: Jardins | B27: Consolação | C27: Itaú | D27: 7307 | E27: 51562-2 | F27: 45372 | G27: SISPAG FORNECEDORES TED | K27: -4999.98 | L27: -4999.98 | M27: 4999.98 | N27: 0 | O27: 45352
A28: Jardins | B28: Consolação | C28: Itaú | D28: 7307 | E28: 51562-2 | F28: 45372 | G28: REND PAGO APLIC AUT MAIS | J28: 0.04 | L28: 0.04 | M28: 0.04 | N28: 0 | O28: 45352
A29: Jardins | B29: Consolação | C29: Itaú | D29: 7307 | E29: 51562-2 | F29: 45373 | G29: SISPAG PAG TIT BANCO 23 | K29: -44.41 | L29: -44.41 | M29: 44.41 | N29: 0 | O29: 45352
A30: Jardins | B30: Consolação | C30: Itaú | D30: 7307 | E30: 51562-2 | F30: 45373 | G30: SISPAG PAG TIT BANCO 23 | K30: -130.43 | L30: -130.43 | M30: 130.43 | N30: 0 | O30: 45352
A31: Jardins | B31: Consolação | C31: Itaú | D31: 7307 | E31: 51562-2 | F31: 45373 | G31: SISPAG PAG TIT BANCO 23 | K31: -44.41 | L31: -44.41 | M31: 44.41 | N31: 0 | O31: 45352
A32: Jardins | B32: Consolação | C32: Itaú | D32: 7307 | E32: 51562-2 | F32: 45373 | G32: SISPAG PAG TIT BANCO 23 | K32: -44.41 | L32: -44.41 | M32: 44.41 | N32: 0 | O32: 45352
A33: Jardins | B33: Consolação | C33: Itaú | D33: 7307 | E33: 51562-2 | F33: 45376 | G33: SISPAG PAG TIT BANCO 23 | K33: -44.41 | L33: -44.41 | M33: 44.41 | N33: 0 | O33: 45352
A34: Jardins | B34: Consolação | C34: Itaú | D34: 7307 | E34: 51562-2 | F34: 45377 | G34: SISPAG PAG TIT BANCO 23 | K34: -22.91 | L34: -22.91 | M34: 22.91 | N34: 0 | O34: 45352
A35: Jardins | B35: Consolação | C35: Itaú | D35: 7307 | E35: 51562-2 | F35: 45377 | G35: SISPAG PAG TIT BANCO 23 | K35: -65.93 | L35: -65.93 | M35: 65.93 | N35: 0 | O35: 45352
A36: Jardins | B36: Consolação | C36: Itaú | D36: 7307 | E36: 51562-2 | F36: 45379 | G36: SISPAG PAG TIT BANCO 23 | K36: -22.91 | L36: -22.91 | M36: 22.91 | N36: 0 | O36: 45352
A37: Jardins | B37: Consolação | C37: Itaú | D37: 7307 | E37: 51562-2 | F37: 45379 | G37: SISPAG PAG TIT BANCO 23 | K37: -65.93 | L37: -65.93 | M37: 65.93 | N37: 0 | O37: 45352
A38: Jardins | B38: Consolação | C38: Itaú | D38: 7307 | E38: 51562-2 | F38: 45379 | G38: SISPAG PAG TIT 67714651 | K38: -11189.87 | L38: -11189.87 | M38: 11189.87 | N38: 0 | O38: 45352
A39: Jardins | B39: Consolação | C39: Itaú | D39: 7307 | E39: 51562-2 | F39: 45379 | G39: SISPAG FORNECEDORES | K39: -35000 | L39: -35000 | M39: 35000 | N39: 0 | O39: 45352
A40: Jardins | B40: Consolação | C40: Itaú | D40: 7307 | E40: 51562-2 | F40: 45379 | G40: SISPAG FORNECEDORES | K40: -3750 | L40: -3750 | M40: 3750 | N40: 0 | O40: 45352
... A43: Jardins | B43: Consolação | C43: Itaú | D43: 7307 | E43: 51562-2 | F43: 45379 | G43: SISPAG FORNECEDORES | K43: -86.08 | L43: -86.08 | M43: 86.08 | N43: 0 | O43: 45352
A44: Jardins | B44: Consolação | C44: Itaú | D44: 7307 | E44: 51562-2 | F44: 45379 | G44: TED 237.3396.NC H E E P | J44: 70000 | L44: 70000 | M44: 70000 | N44: 0 | O44: 45352
A45: Jardins | B45: Consolação | C45: Itaú | D45: 7307 | E45: 51562-2 | F45: 45384 | G45: SISPAG PAG TIT BANCO 23 | K45: -22.91 | L45: -22.91 | M45: 22.91 | N45: 0 | O45: 45383
A46: Jardins | B46: Consolação | C46: Itaú | D46: 7307 | E46: 51562-2 | F46: 45384 | G46: SISPAG FORNECEDORES | K46: -1109.54 | L46: -1109.54 | M46: 1109.54 | N46: 0 | O46: 45383
A47: Jardins | B47: Consolação | C47: Itaú | D47: 7307 | E47: 51562-2 | F47: 45384 | G47: TAR C/C SISPAG | K47: -2.7 | L47: -2.7 | M47: 2.7 | N47: 0 | O47: 45383
A48: Jardins | B48: Consolação | C48: Itaú | D48: 7307 | E48: 51562-2 | F48: 45384 | G48: TAR TED SISPAG | K48: -49.92 | L48: -49.92 | M48: 49.92 | N48: 0 | O48: 45383
A49: Jardins | B49: Consolação | C49: Itaú | D49: 7307 | E49: 51562-2 | F49: 45384 | G49: PIX TRANSF NC HOLD02/04 | J49: 4861628.6 | L49: 4861628.6 | M49: 4861628.6 | N49: 0 | O49: 45383
A50: Jardins | B50: Consolação | C50: Itaú | D50: 7307 | E50: 51562-2 | F50: 45384 | G50: TAR MANUT CONTA 03/24 | K50: -73 | L50: -73 | M50: 73 | N50: 0 | O50: 45383
A51: Jardins | B51: Consolação | C51: Itaú | D51: 7307 | E51: 51562-2 | F51: 45384 | G51: TAR PIX PGTO TRANSF | K51: -1.5 | L51: -1.5 | M51: 1.5 | N51: 0 | O51: 45383
A52: Jardins | B52: Consolação | C52: Itaú | D52: 7307 | E52: 51562-2 | F52: 45385 | G52: SISPAG TRIBUTOS | K52: -946450.08 | L52: -946450.08 | M52: 946450.08 | N52: 0 | O52: 45383
A53: Jardins | B53: Consolação | C53: Itaú | D53: 7307 | E53: 51562-2 | F53: 45385 | G53: SISPAG TRIBUTOS | K53: -1310.9 | L53: -1310.9 | M53: 1310.9 | N53: 0 | O53: 45383
A54: Jardins | B54: Consolação | C54: Itaú | D54: 7307 | E54: 51562-2 | F54: 45385 | G54: SISPAG TRIBUTOS | K54: -845 | L54: -845 | M54: 845 | N54: 0 | O54: 45383
A55: Jardins | B55: Consolação | C55: Itaú | D55: 7307 | E55: 51562-2 | F55: 45385 | G55: REND PAGO APLIC AUT MAIS | J55: 0.54 | L55: 0.54 | M55: 0.54 | N55: 0 | O55: 45383
A56: Jardins | B56: Consolação | C56: Itaú | D56: 7307 | E56: 51562-2 | F56: 45386 | G56: SISPAG PAG TIT BANCO 03 | K56: -14876.75 | L56: -14876.75 | M56: 14876.75 | N56: 0 | O56: 45383
A57: Jardins | B57: Consolação | C57: Itaú | D57: 7307 | E57: 51562-2 | F57: 45386 | G57: REND PAGO APLIC AUT MAIS | J57: 0.01 | L57: 0.01 | M57: 0.01 | N57: 0 | O57: 45383
A58: Jardins | B58: Consolação | C58: Itaú | D58: 7307 | E58: 51562-2 | F58: 45387 | G58: SISPAG FORNECEDORES | K58: -11080 | L58: -11080 | M58: 11080 | N58: 0 | O58: 45383
A59: Jardins | B59: Consolação | C59: Itaú | D59: 7307 | E59: 51562-2 | F59: 45387 | G59: SISPAG FORNECEDORES | K59: -135435.83 | L59: -135435.83 | M59: 135435.83 | N59: 0 | O59: 45383
A60: Jardins | B60: Consolação | C60: Itaú | D60: 7307 | E60: 51562-2 | F60: 45387 | G60: REND PAGO APLIC AUT MAIS | J60: 0.29 | L60: 0.29 | M60: 0.29 | N60: 0 | O60: 45383
A61: Jardins | B61: Consolação | C61: Itaú | D61: 7307 | E61: 51562-2 | F61: 45390 | G61: SISPAG FORNECEDORES | K61: -21354 | L61: -21354 | M61: 21354 | N61: 0 | O61: 45383
A62: Jardins | B62: Consolação | C62: Itaú | D62: 7307 | E62: 51562-2 | F62: 45390 | G62: SISPAG FORNECEDORES | K62: -60000 | L62: -60000 | M62: 60000 | N62: 0 | O62: 45383
A63: Jardins | B63: Consolação | C63: Itaú | D63: 7307 | E63: 51562-2 | F63: 45390 | G63: SISPAG FORNECEDORES | K63: -10000 | L63: -10000 | M63: 10000 | N63: 0 | O63: 45383
A64: Jardins | B64: Consolação | C64: Itaú | D64: 7307 | E64: 51562-2 | F64: 45390 | G64: SISPAG FORNECEDORES | K64: -245.22 | L64: -245.22 | M64: 245.22 | N64: 0 | O64: 45383
A65: Jardins | B65: Consolação | C65: Itaú | D65: 7307 | E65: 51562-2 | F65: 45390 | G65: SISPAG FORNECEDORES | K65: -107.83 | L65: -107.83 | M65: 107.83 | N65: 0 | O65: 45383
A66: Jardins | B66: Consolação | C66: Itaú | D66: 7307 | E66: 51562-2 | F66: 45390 | G66: REND PAGO APLIC AUT MAIS | J66: 0.47 | L66: 0.47 | M66: 0.47 | N66: 0 | O66: 45383
A67: Jardins | B67: Consolação | C67: Itaú | D67: 7307 | E67: 51562-2 | F67: 45391 | G67: SISPAG FORNECEDORES | K67: -130000 | L67: -130000 | M67: 130000 | N67: 0 | O67: 45383
A68: Jardins | B68: Consolação | C68: Itaú | D68: 7307 | E68: 51562-2 | F68: 45391 | G68: REND PAGO APLIC AUT MAIS | J68: 0.98 | L68: 0.98 | M68: 0.98 | N68: 0 | O68: 45383
A69: Jardins | B69: Consolação | C69: Itaú | D69: 7307 | E69: 51562-2 | F69: 45392 | G69: SISPAG TRIBUTOS | K69: -1021.33 | L69: -1021.33 | M69: 1021.33 | N69: 0 | O69: 45383
A70: Jardins | B70: Consolação | C70: Itaú | D70: 7307 | E70: 51562-2 | F70: 45392 | G70: REND PAGO APLIC AUT MAIS | J70: 0.01 | L70: 0.01 | M70: 0.01 | N70: 0 | O70: 45383
A71: Jardins | B71: Consolação | C71: Itaú | D71: 7307 | E71: 51562-2 | F71: 45394 | G71: SISPAG TRIBUTOS | K71: -19222.41 | L71: -19222.41 | M71: 19222.41 | N71: 0 | O71: 45383
A72: Jardins | B72: Consolação | C72: Itaú | D72: 7307 | E72: 51562-2 | F72: 45394 | G72: SISPAG FORNECEDORES | K72: -250425 | L72: -250425 | M72: 250425 | N72: 0 | O72: 45383
A73: Jardins | B73: Consolação | C73: Itaú | D73: 7307 | E73: 51562-2 | F73: 45394 | G73: SISPAG FORNECEDORES | K73: -2050 | L73: -2050 | M73: 2050 | N73: 0 | O73: 45383
A74: Jardins | B74: Consolação | C74: Itaú | D74: 7307 | E74: 51562-2 | F74: 45394 | G74: SISPAG FORNECEDORES | K74: -107325 | L74: -107325 | M74: 107325 | N74: 0 | O74: 45383
A75: Jardins | B75: Consolação | C75: Itaú | D75: 7307 | E75: 51562-2 | F75: 45394 | G75: SISPAG FORNECEDORES | K75: -3750 | L75: -3750 | M75: 3750 | N75: 0 | O75: 45383
A76: Jardins | B76: Consolação | C76: Itaú | D76: 7307 | E76: 51562-2 | F76: 45394 | G76: SISPAG FORNECEDORES | K76: -357750 | L76: -357750 | M76: 357750 | N76: 0 | O76: 45383
A77: Jardins | B77: Consolação | C77: Itaú | D77: 7307 | E77: 51562-2 | F77: 45394 | G77: SISPAG FORNECEDORES | K77: -357750 | L77: -357750 | M77: 357750 | N77: 0 | O77: 45383
A78: Jardins | B78: Consolação | C78: Itaú | D78: 7307 | E78: 51562-2 | F78: 45394 | G78: SISPAG FORNECEDORES | K78: -357750 | L78: -357750 | M78: 357750 | N78: 0 | O78: 45383
A79: Jardins | B79: Consolação | C79: Itaú | D79: 7307 | E79: 51562-2 | F79: 45394 | G79: SISPAG FORNECEDORES | K79: -503.74 | L79: -503.74 | M79: 503.74 | N79: 0 | O79: 45383
A80: Jardins | B80: Consolação | C80: Itaú | D80: 7307 | E80: 51562-2 | F80: 45394 | G80: REND PAGO APLIC AUT MAIS | J80: 24.81 | L80: 24.81 | M80: 24.81 | N80: 0 | O80: 45383
A81: Jardins | B81: Consolação | C81: Itaú | D81: 7307 | E81: 51562-2 | F81: 45397 | G81: SISPAG FORNECEDORES | K81: -40000 | L81: -40000 | M81: 40000 | N81: 0 | O81: 45383
A82: Jardins | B82: Consolação | C82: Itaú | D82: 7307 | E82: 51562-2 | F82: 45397 | G82: REND PAGO APLIC AUT MAIS | J82: 0.99 | L82: 0.99 | M82: 0.99 | N82: 0 | O82: 45383
A83: Jardins | B83: Consolação | C83: Itaú | D83: 7307 | E83: 51562-2 | F83: 45398 | G83: SISPAG FORNECEDORES | K83: -10980.45 | L83: -10980.45 | M83: 10980.45 | N83: 0 | O83: 45383
A84: Jardins | B84: Consolação | C84: Itaú | D84: 7307 | E84: 51562-2 | F84: 45398 | G84: SISPAG FORNECEDORES | K84: -800 | L84: -800 | M84: 800 | N84: 0 | O84: 45383
A85: Jardins | B85: Consolação | C85: Itaú | D85: 7307 | E85: 51562-2 | F85: 45398 | G85: SISPAG FORNECEDORES | K85: -2050 | L85: -2050 | M85: 2050 | N85: 0 | O85: 45383
A86: Jardins | B86: Consolação | C86: Itaú | D86: 7307 | E86: 51562-2 | F86: 45398 | G86: REND PAGO APLIC AUT MAIS | J86: 0.41 | L86: 0.41 | M86: 0.41 | N86: 0 | O86: 45383
A87: Jardins | B87: Consolação | C87: Itaú | D87: 7307 | E87: 51562-2 | F87: 45399 | G87: SISPAG PAG TIT BANCO 00 | K87: -1970.85 | L87: -1970.85 | M87: 1970.85 | N87: 0 | O87: 45383
A88: Jardins | B88: Consolação | C88: Itaú | D88: 7307 | E88: 51562-2 | F88: 45399 | G88: SISPAG FORNECEDORES | K88: -100000 | L88: -100000 | M88: 100000 | N88: 0 | O88: 45383
A89: Jardins | B89: Consolação | C89: Itaú | D89: 7307 | E89: 51562-2 | F89: 45399 | G89: REND PAGO APLIC AUT MAIS | J89: 3.49 | L89: 3.49 | M89: 3.49 | N89: 0 | O89: 45383
A90: Jardins | B90: Consolação | C90: Itaú | D90: 7307 | E90: 51562-2 | F90: 45401 | G90: SISPAG TRIBUTOS | K90: -891.76 | L90: -891.76 | M90: 891.76 | N90: 0 | O90: 45383
A91: Jardins | B91: Consolação | C91: Itaú | D91: 7307 | E91: 51562-2 | F91: 45401 | G91: SISPAG TRIBUTOS | K91: -547 | L91: -547 | M91: 547 | N91: 0 | O91: 45383
A92: Jardins | B92: Consolação | C92: Itaú | D92: 7307 | E92: 51562-2 | F92: 45401 | G92: SISPAG FORNECEDORES | K92: -116957 | L92: -116957 | M92: 116957 | N92: 0 | O92: 45383
A93: Jardins | B93: Consolação | C93: Itaú | D93: 7307 | E93: 51562-2 | F93: 45401 | G93: SISPAG FORNECEDORES | K93: -900 | L93: -900 | M93: 900 | N93: 0 | O93: 45383
A94: Jardins | B94: Consolação | C94: Itaú | D94: 7307 | E94: 51562-2 | F94: 45401 | G94: REND PAGO APLIC AUT MAIS | J94: 5.49 | L94: 5.49 | M94: 5.49 | N94: 0 | O94: 45383
A95: Jardins | B95: Consolação | C95: Itaú | D95: 7307 | E95: 51562-2 | F95: 45404 | G95: SISPAG CAMPO S BEN GES | J95: 40000 | L95: 40000 | M95: 40000 | N95: 0 | O95: 45383
A96: Jardins | B96: Consolação | C96: Itaú | D96: 7307 | E96: 51562-2 | F96: 45408 | G96: SISPAG PAG TIT BANCO 00 | K96: -1970.85 | L96: -1970.85 | M96: 1970.85 | N96: 0 | O96: 45383
A97: Jardins | B97: Consolação | C97: Itaú | D97: 7307 | E97: 51562-2 | F97: 45408 | G97: SISPAG PAG TIT BANCO 10 | K97: -400 | L97: -400 | M97: 400 | N97: 0 | O97: 45383
A98: Jardins | B98: Consolação | C98: Itaú | D98: 7307 | E98: 51562-2 | F98: 45408 | G98: SISPAG PAG TIT BANCO 23 | K98: -715.32 | L98: -715.32 | M98: 715.32 | N98: 0 | O98: 45383
A99: Jardins | B99: Consolação | C99: Itaú | D99: 7307 | E99: 51562-2 | F99: 45408 | G99: SISPAG PAG TIT 10941721 | K99: -456 | L99: -456 | M99: 456 | N99: 0 | O99: 45383
A100: Jardins | B100: Consolação | C100: Itaú | D100: 7307 | E100: 51562-2 | F100: 45408 | G100: SISPAG FORNECEDORES | K100: -515410.49 | L100: -515410.49 | M100: 515410.49 | N100: 1 | O100: 45383
A101: Jardins | B101: Consolação | C101: Itaú | D101: 7307 | E101: 51562-2 | F101: 45408 | G101: REND PAGO APLIC AUT MAIS | J101: 46.36 | L101: 46.36 | M101: 46.36 | N101: 0 | O101: 45383
A102: Jardins | B102: Ipiranga | C102: Bradesco | D102: 3396 | E102: 6222-7 | F102: 45107 | G102: RECEBIMENTO FORNECEDOR | H102: NC HOLDING EMPREENDIMENTOS E | I102: 3003396 | J102: 1000 | L102: 1000 | M102: 1000 | N102: 0 | O102: 45078
...

Sheet Planilha1
A3: Data Ajustada | B3: Conciliação Reembolso | C3: Documento | D3: Desc | E3: Soma de Valor Total | F3: cpvt | G3: doc
A4: 45384 | B4: 7 | C4: FAT.63044824 | D4: 13 OFICIAL DE REGISTRO DE IMOVEIS DA CAPITAL | E4: -1109.54 | F4: ok | I4: =D4&" - "&C4 -> 13 OFICIAL DE REGISTRO DE IMOVEIS DA CAPITAL - FAT.63044824
B5: 94 | C5: FAT.11169857 | D5: ASSOCIACAO DOS REGISTRADORES IMOBILIARIOS DE SAO PAULO | E5: -22.91 | F5: ok | I5: =D5&" - "&C5 -> ASSOCIACAO DOS REGISTRADORES IMOBILIARIOS DE SAO PAULO - FAT.11169857
A6: 45386 | B6: 92 | C6: FAT.510720240214000 | D6: LIBERTY SEGUROS S/A | E6: -14876.75 | F6: ok | I6: =D6&" - "&C6 -> LIBERTY SEGUROS S/A - FAT.510720240214000
A7: 45387 | B7: 26 | C7: NFSE.00456 | D7: M.C SILVA SOCIEDADE INDIVIDUAL DE ADVOCACIA. | E7: -20000 | F7: ok | I7: =D7&" - "&C7 -> M.C SILVA SOCIEDADE INDIVIDUAL DE ADVOCACIA. - NFSE.00456
B8: 27 | C8: FAT.14602 | D8: 20 TABELIAO DE NOTAS DA CAPITAL | E8: -23668.13 | F8: ok | I8: =D8&" - "&C8 -> 20 TABELIAO DE NOTAS DA CAPITAL - FAT.14602
B9: 28 | C9: FAT.14606 | D9: 20 TABELIAO DE NOTAS DA CAPITAL | E9: -18521.91 | F9: ok | I9: =D9&" - "&C9 -> 20 TABELIAO DE NOTAS DA CAPITAL - FAT.14606
B10: 29 | C10: FAT.14089 | D10: 20 TABELIAO DE NOTAS DA CAPITAL | E10: -10060.74 | F10: ok | I10: =D10&" - "&C10 -> 20 TABELIAO DE NOTAS DA CAPITAL - FAT.14089
B11: 30 | C11: FAT.14637 | D11: 20 TABELIAO DE NOTAS DA CAPITAL | E11: -9509.55 | F11: ok | I11: =D11&" - "&C11 -> 20 TABELIAO DE NOTAS DA CAPITAL - FAT.14637
B12: 31 | C12: FAT.14608 | D12: 20 TABELIAO DE NOTAS DA CAPITAL | E12: -16140.79 | F12: ok | I12: =D12&" - "&C12 -> 20 TABELIAO DE NOTAS DA CAPITAL - FAT.14608
B13: 32 | C13: FAT.14604 | D13: 20 TABELIAO DE NOTAS DA CAPITAL | E13: -6150.49 | F13: ok | I13: =D13&" - "&C13 -> 20 TABELIAO DE NOTAS DA CAPITAL - FAT.14604
B14: 33 | C14: FAT.14641 | D14: 20 TABELIAO DE NOTAS DA CAPITAL | E14: -16211.23 | F14: ok | I14: =D14&" - "&C14 -> 20 TABELIAO DE NOTAS DA CAPITAL - FAT.14641
B15: 34 | C15: FAT.14741 | D15: 20 TABELIAO DE NOTAS DA CAPITAL | E15: -15172.99 | F15: ok | I15: =D15&" - "&C15 -> 20 TABELIAO DE NOTAS DA CAPITAL - FAT.14741
A16: 45390 | B16: 1 | C16: NFSE.000460 | D16: M.C SILVA SOCIEDADE INDIVIDUAL DE ADVOCACIA. | E16: -21354 | F16: ok | I16: =D16&" - "&C16 -> M.C SILVA SOCIEDADE INDIVIDUAL DE ADVOCACIA. - NFSE.000460
B17: 35 | C17: FAT.497163 | D17: CRISTINA PACHECO RIBEIRO | E17: -245.22 | F17: ok | I17: =D17&" - "&C17 -> CRISTINA PACHECO RIBEIRO - FAT.497163
B18: 89 | C18: FAT.54846 | D18: NATHALIA MARTINS ASSESSORIA LTDA | E18: -107.83 | F18: ok | I18: =D18&" - "&C18 -> NATHALIA MARTINS ASSESSORIA LTDA - FAT.54846
B19: 90 | C19: NFSE.000204 | D19: PLANET APP DESENVOLVIMENTO E SERVICOS S/S LTDA. | E19: -10000 | F19: ok | I19: =D19&" - "&C19 -> PLANET APP DESENVOLVIMENTO E SERVICOS S/S LTDA. - NFSE.000204
A20: 45391 | B20: 88 | C20: NFSE.000175 | D20: CSRF / LASTRO SERVICOS E NEGOCIOS IMOBILIARIOS LTDA | E20: 6441.13 | F20: ok | I20: =D20&" - "&C20 -> CSRF / LASTRO SERVICOS E NEGOCIOS IMOBILIARIOS LTDA - NFSE.000175
C21: NFSE.000175 | D21: IR 1708 / LASTRO SERVICOS E NEGOCIOS IMOBILIARIOS LTDA | E21: 2077.78 | F21: ok | I21: =D21&" - "&C21 -> IR 1708 / LASTRO SERVICOS E NEGOCIOS IMOBILIARIOS LTDA - NFSE.000175
C22: NFSE.000175 | D22: LASTRO SERVICOS E NEGOCIOS IMOBILIARIOS LTDA | E22: -138518.91 | F22: ok | I22: =D22&" - "&C22 -> LASTRO SERVICOS E NEGOCIOS IMOBILIARIOS LTDA - NFSE.000175
A23: 45394 | B23: 36 | C23: NFSE.000005 | D23: BNS AGENCIAMENTO E INTERMEDIACAO DE SERVICOS E IMOVEIS LTDA | E23: -357750 | F23: ok | I23: =D23&" - "&C23 -> BNS AGENCIAMENTO E INTERMEDIACAO DE SERVICOS E IMOVEIS LTDA - NFSE.000005
B24: 37 | C24: NFSE.000723 | D24: IRRINVEST GESTAO E ADMINISTRACAO IMOBILIARIA LTDA | E24: -357750 | F24: ok | I24: =D24&" - "&C24 -> IRRINVEST GESTAO E ADMINISTRACAO IMOBILIARIA LTDA - NFSE.000723
B25: 38 | C25: NFSE.000008 | D25: JOAQUIM GUTIERREZ ANTONIO | E25: -357750 | F25: ok | I25: =D25&" - "&C25 -> JOAQUIM GUTIERREZ ANTONIO - NFSE.000008
B26: 39 | C26: NFSE.001226 | D26: ESTUDIO FAVO ARQUITETURA LTDA | E26: -3750 | F26: ok | I26: =D26&" - "&C26 -> ESTUDIO FAVO ARQUITETURA LTDA - NFSE.001226
B27: 40 | C27: REC.100424 | D27: ANGELO MONTALBANO | E27: -503.74 | F27: ok | I27: =D27&" - "&C27 -> ANGELO MONTALBANO - REC.100424
B28: 41 | C28: NFSE.000028 | D28: FRANQUE DELMO ELOIA 02360154435 | E28: -2050 | F28: ok | I28: =D28&" - "&C28 -> FRANQUE DELMO ELOIA 02360154435 - NFSE.000028
B29: 85 | C29: NFSE.00005 | D29: AVANTE CONSULTORIA DE NEGOCIOS LTDA | E29: -107325 | F29: ok | I29: =D29&" - "&C29 -> AVANTE CONSULTORIA DE NEGOCIOS LTDA - NFSE.00005
B30: 86 | E30: -250425 | F30: ok | I30: =D30&" - "&C30 -> -
A31: 45397 | B31: 82 | C31: ADT.000441 | D31: CAMPO SAO BENTO GESTAO DE PROJETOS AMBIENTAIS EIRELI | E31: -40000 | F31: ok | I31: =D31&" - "&C31 -> CAMPO SAO BENTO GESTAO DE PROJETOS AMBIENTAIS EIRELI - ADT.000441
A32: 45398 | B32: 79 | C32: NFSE.000027 | D32: FRANQUE DELMO ELOIA 02360154435 | E32: -800 | F32: ok | I32: =D32&" - "&C32 -> FRANQUE DELMO ELOIA 02360154435 - NFSE.000027
B33: 80 | C33: NFSE.000028 | D33: FRANQUE DELMO ELOIA 02360154435 | E33: -2050 | F33: ok | I33: =D33&" - "&C33 -> FRANQUE DELMO ELOIA 02360154435 - NFSE.000028
B34: 81 | C34: NF.000316 | D34: CSRF / NG ENGENHARIA S/C LTDA | E34: 544.05 | F34: ok | I34: =D34&" - "&C34 -> CSRF / NG ENGENHARIA S/C LTDA - NF.000316
C35: NF.000316 | D35: IR 1708 / NG ENGENHARIA S/C LTDA | E35: 175.5 | F35: ok | I35: =D35&" - "&C35 -> IR 1708 / NG ENGENHARIA S/C LTDA - NF.000316
C36: NF.000316 | D36: NG ENGENHARIA S/C LTDA | E36: -11700 | F36: ver | H36: RENATA LAPASTINA | I36: =D36&" - "&C36 -> NG ENGENHARIA S/C LTDA - NF.000316
A37: 45399 | B37: 42 | C37: NFSE.000018 | D37: NORSK EMPREENDIMENTOS E PARTICIPACOES LTDA. | E37: -100000 | F37: ok | I37: =D37&" - "&C37 -> NORSK EMPREENDIMENTOS E PARTICIPACOES LTDA. - NFSE.000018
B38: 83 | C38: NFSE.002164 | D38: CERTENGE LAUDOS AVALIACOES E PERICIAS LTDA | E38: -2100 | F38: ok | I38: =D38&" - "&C38 -> CERTENGE LAUDOS AVALIACOES E PERICIAS LTDA - NFSE.002164
C39: NFSE.002164 | D39: CSRF / CERTENGE LAUDOS AVALIACOES E PERICIAS LTDA | E39: 97.65 | F39: ok | I39: =D39&" - "&C39 -> CSRF / CERTENGE LAUDOS AVALIACOES E PERICIAS LTDA - NFSE.002164
C40: NFSE.002164 | D40: IR 1708 / CERTENGE LAUDOS AVALIACOES E PERICIAS LTDA | E40: 31.5 | F40: ok | G40: ok | I40: =D40&" - "&C40 -> IR 1708 / CERTENGE LAUDOS AVALIACOES E PERICIAS LTDA - NFSE.002164
A41: 45401 | B41: 43 | C41: NFSE.001873 | D41: AROEIRA MEIO AMBIENTE LTDA | E41: -10000 | F41: ok | G41: ok | I41: =D41&" - "&C41 -> AROEIRA MEIO AMBIENTE LTDA - NFSE.001873
C42: NFSE.001873 | D42: CSRF / AROEIRA MEIO AMBIENTE LTDA | E42: 465 | F42: ok | G42: ok | I42: =D42&" - "&C42 -> CSRF / AROEIRA MEIO AMBIENTE LTDA - NFSE.001873
C43: NFSE.001873 | D43: IR 1708 / AROEIRA MEIO AMBIENTE LTDA | E43: 150 | F43: ok | I43: =D43&" - "&C43 -> IR 1708 / AROEIRA MEIO AMBIENTE LTDA - NFSE.001873
B44: 44 | C44: NFSE.002224 | D44: CSRF / JBA / JONAS BIRGER ARQUITETURA S/S | E44: 3255 | F44: ok | I44: =D44&" - "&C44 -> CSRF / JBA / JONAS BIRGER ARQUITETURA S/S - NFSE.002224
C45: NFSE.002224 | D45: IR 1708 / JBA / JONAS BIRGER ARQUITETURA S/S | E45: 1050 | F45: ok | I45: =D45&" - "&C45 -> IR 1708 / JBA / JONAS BIRGER ARQUITETURA S/S - NFSE.002224
C46: NFSE.002224 | D46: JBA / JONAS BIRGER ARQUITETURA S/S | E46: -70000 | F46: ok | I46: =D46&" - "&C46 -> JBA / JONAS BIRGER ARQUITETURA S/S - NFSE.002224
B47: 78 | C47: ADT.000029 | D47: FRANQUE DELMO ELOIA 02360154435 | E47: -900 | F47: ok | I47: =D47&" - "&C47 -> FRANQUE DELMO ELOIA 02360154435 - ADT.000029
A48: 45408 | B48: 48 | C48: FAT.727600001 | D48: HOSTGATOR BRASIL LTDA | E48: -715.32 | F48: ok | I48: =D48&" - "&C48 -> HOSTGATOR BRASIL LTDA - FAT.727600001
B49: 49 | C49: FAT.41721426 | D49: NIC.BR - NUCLEO DE INFORMACAO E COORDENACAO DO PONTO BR | E49: -456 | F49: ok | I49: =D49&" - "&C49 -> NIC.BR - NUCLEO DE INFORMACAO E COORDENACAO DO PONTO BR - FAT.41721426
B50: 50 | C50: REC.042024 | D50: COMPANHIA PROVINCIA DE SECURITIZACAO | E50: -515410.49 | F50: ok | G50: ok | I50: =D50&" - "&C50 -> COMPANHIA PROVINCIA DE SECURITIZACAO - REC.042024
B51: 51 | C51: NFSE.002182 | D51: CERTENGE LAUDOS AVALIACOES E PERICIAS LTDA | E51: -2100 | F51: ok | G51: ok | I51: =D51&" - "&C51 -> CERTENGE LAUDOS AVALIACOES E PERICIAS LTDA - NFSE.002182
C52: NFSE.002182 | D52: CSRF / CERTENGE LAUDOS AVALIACOES E PERICIAS LTDA | E52: 97.65 | F52: ok | G52: ok | I52: =D52&" - "&C52 -> CSRF / CERTENGE LAUDOS AVALIACOES E PERICIAS LTDA - NFSE.002182
C53: NFSE.002182 | D53: IR 1708 / CERTENGE LAUDOS AVALIACOES E PERICIAS LTDA | E53: 31.5 | F53: ok | G53: ok | I53: =D53&" - "&C53 -> IR 1708 / CERTENGE LAUDOS AVALIACOES E PERICIAS LTDA - NFSE.002182
A54: Total Geral | E54: -2500789.8 | F54: ok | G54: ok | I54: =D54&" - "&C54 -> -
F55: ok | G55: ok | I55: =D55&" - "&C55 -> -
F56: ok | G56: ok | I56: =D56&" - "&C56 -> -
F57: ok | G57: ok | I57: =D57&" - "&C57 -> -
F58: ok | G58: ok | I58: =D58&" - "&C58 -> -
F59: ok | G59: ok | I59: =D59&" - "&C59 -> -
F60: ok | G60: ok | I60: =D60&" - "&C60 -> -
F61: ok | I61: =D61&" - "&C61 -> -
F62: ok | I62: =D62&" - "&C62 -> -
F63: ok | I63: =D63&" - "&C63 -> -
F64: ok | I64: =D64&" - "&C64 -> -
F65: ok | G65: ok | I65: =D65&" - "&C65 -> -
F66: ok | G66: ok | I66: =D66&" - "&C66 -> -
F67: ok | G67: ok | I67: =D67&" - "&C67 -> -
F68: ok | I68: =D68&" - "&C68 -> -
F69: ok | I69: =D69&" - "&C69 -> -
F70: ok | I70: =D70&" - "&C70 -> -
F71: ok | I71: =D71&" - "&C71 -> -
F72: ok | I72: =D72&" - "&C72 -> -
F73: ok | I73: =D73&" - "&C73 -> -
F74: ok | I74: =D74&" - "&C74 -> -
F75: ok | I75: =D75&" - "&C75 -> -
F76: ok | I76: =D76&" - "&C76 -> -
F77: ok | I77: =D77&" - "&C77 -> -
F78: ok | I78: =D78&" - "&C78 -> -
F79: ok | I79: =D79&" - "&C79 -> -
... F81: ok | I81: =D81&" - "&C81 -> -
F82: ok | G82: ok | I82: =D82&" - "&C82 -> -
F83: ok | G83: ok | I83: =D83&" - "&C83 -> -
F84: ok | G84: ok | I84: =D84&" - "&C84 -> -
F85: ok | I85: =D85&" - "&C85 -> -
F86: ok | I86: =D86&" - "&C86 -> -
F87: ok | I87: =D87&" - "&C87 -> -
F88: ok | I88: =D88&" - "&C88 -> -
F89: ok | I89: =D89&" - "&C89 -> -
F90: ok | I90: =D90&" - "&C90 -> -
F91: ok | I91: =D91&" - "&C91 -> -
F92: ok | I92: =D92&" - "&C92 -> -
F93: ok | I93: =D93&" - "&C93 -> -
F94: ok | I94: =D94&" - "&C94 -> -
F95: ok | G95: ok | I95: =D95&" - "&C95 -> -
F96: ok | G96: ok | I96: =D96&" - "&C96 -> -
F97: ok | G97: ok | I97: =D97&" - "&C97 -> -
F98: ok | I98: =D98&" - "&C98 -> -
F99: ok | G99: ok | I99: =D99&" - "&C99 -> -
F100: ok | G100: ok | I100: =D100&" - "&C100 -> -
F101: ok | G101: ok | I101: =D101&" - "&C101 -> -
F102: ok | G102: ok | I102: =D102&" - "&C102 -> -
F103: ok | G103: ok | I103: =D103&" - "&C103 -> -
...

Sheet Planilha1 (2)
A1: Tipo | B1: (Vários itens)
A3: Desc Ajustada | B3: Documento
B4: ajuste | D4: =A4&"-"&B4 -> -ajuste | E4: =IF(OFFSET(B4,1,0)="","verificar",C4) -> 0
B5: REAP.040424 | D5: =A5&"-"&B5 -> -REAP.040424 | E5: =IF(OFFSET(B5,1,0)="","verificar",C5) -> 0
B6: REAP.090424 | D6: =A6&"-"&B6 -> -REAP.090424 | E6: =IF(OFFSET(B6,1,0)="","verificar",C6) -> 0
B7: REAP.100424 | D7: =A7&"-"&B7 -> -REAP.100424 | E7: =IF(OFFSET(B7,1,0)="","verificar",C7) -> 0
B8: REAP.120424 | D8: =A8&"-"&B8 -> -REAP.120424 | E8: =IF(OFFSET(B8,1,0)="","verificar",C8) -> 0
B9: REAP.1504 | D9: =A9&"-"&B9 -> -REAP.1504 | E9: =IF(OFFSET(B9,1,0)="","verificar",C9) -> 0
B10: REAP.160424 | D10: =A10&"-"&B10 -> -REAP.160424 | E10: =IF(OFFSET(B10,1,0)="","verificar",C10) -> 0
B11: REAP.1704 | D11: =A11&"-"&B11 -> -REAP.1704 | E11: =IF(OFFSET(B11,1,0)="","verificar",C11) -> 0
B12: REAP.2604 | D12: =A12&"-"&B12 -> -REAP.2604 | E12: =IF(OFFSET(B12,1,0)="","verificar",C12) -> 0
B13: TAR.09112023 | D13: =A13&"-"&B13 -> -TAR.09112023 | E13: =IF(OFFSET(B13,1,0)="","verificar",C13) -> 0
B14: TAR.14122023 | D14: =A14&"-"&B14 -> -TAR.14122023 | E14: =IF(OFFSET(B14,1,0)="","verificar",C14) -> 0
B15: TAR.23112023 | D15: =A15&"-"&B15 -> -TAR.23112023 | E15: =IF(OFFSET(B15,1,0)="","verificar",C15) -> 0
B16: TAR.231123 | D16: =A16&"-"&B16 -> -TAR.231123 | E16: =IF(OFFSET(B16,1,0)="","verificar",C16) -> 0
A17: 13 CARTORIO DE REGISTRO CIVIL DO BUTANTA | B17: FAT.280324. | D17: =A17&"-"&B17 -> 13 CARTORIO DE REGISTRO CIVIL DO BUTANTA-FAT.280324. | E17: =IF(OFFSET(B17,1,0)="","verificar",C17) -> 0
A18: 13 OFICIAL DE REGISTRO DE IMOVEIS DA CAPITAL | B18: FAT.63044824 | D18: =A18&"-"&B18 -> 13 OFICIAL DE REGISTRO DE IMOVEIS DA CAPITAL-FAT.63044824 | E18: =IF(OFFSET(B18,1,0)="","verificar",C18) -> 0
A19: 13 OFICIAL DE REGISTRO DE IMOVEIS DA CAPITAL | B19: REC.041223 | D19: =A19&"-"&B19 -> 13 OFICIAL DE REGISTRO DE IMOVEIS DA CAPITAL-REC.041223 | E19: =IF(OFFSET(B19,1,0)="","verificar",C19) -> 0
A20: 20 TABELIAO DE NOTAS DA CAPITAL | B20: FAT.14089 | D20: =A20&"-"&B20 -> 20 TABELIAO DE NOTAS DA CAPITAL-FAT.14089 | E20: =IF(OFFSET(B20,1,0)="","verificar",C20) -> 0
A21: 20 TABELIAO DE NOTAS DA CAPITAL | B21: FAT.14602 | D21: =A21&"-"&B21 -> 20 TABELIAO DE NOTAS DA CAPITAL-FAT.14602 | E21: =IF(OFFSET(B21,1,0)="","verificar",C21) -> 0
A22: 20 TABELIAO DE NOTAS DA CAPITAL | B22: FAT.14604 | D22: =A22&"-"&B22 -> 20 TABELIAO DE NOTAS DA CAPITAL-FAT.14604 | E22: =IF(OFFSET(B22,1,0)="","verificar",C22) -> 0
A23: 20 TABELIAO DE NOTAS DA CAPITAL | B23: FAT.14606 | D23: =A23&"-"&B23 -> 20 TABELIAO DE NOTAS DA CAPITAL-FAT.14606 | E23: =IF(OFFSET(B23,1,0)="","verificar",C23) -> 0
A24: 20 TABELIAO DE NOTAS DA CAPITAL | B24: FAT.14608 | D24: =A24&"-"&B24 -> 20 TABELIAO DE NOTAS DA CAPITAL-FAT.14608 | E24: =IF(OFFSET(B24,1,0)="","verificar",C24) -> 0
A25: 20 TABELIAO DE NOTAS DA CAPITAL | B25: FAT.14637 | D25: =A25&"-"&B25 -> 20 TABELIAO DE NOTAS DA CAPITAL-FAT.14637 | E25: =IF(OFFSET(B25,1,0)="","verificar",C25) -> 0
A26: 20 TABELIAO DE NOTAS DA CAPITAL | B26: FAT.14641 | D26: =A26&"-"&B26 -> 20 TABELIAO DE NOTAS DA CAPITAL-FAT.14641 | E26: =IF(OFFSET(B26,1,0)="","verificar",C26) -> 0
A27: 20 TABELIAO DE NOTAS DA CAPITAL | B27: FAT.14741 | D27: =A27&"-"&B27 -> 20 TABELIAO DE NOTAS DA CAPITAL-FAT.14741 | E27: =IF(OFFSET(B27,1,0)="","verificar",C27) -> 0
A28: ACUSTICA ENGENHARIA S/S | B28: NFSE.005020 | D28: =A28&"-"&B28 -> ACUSTICA ENGENHARIA S/S-NFSE.005020 | E28: =IF(OFFSET(B28,1,0)="","verificar",C28) -> 0
... A100: COMPANHIA PROVINCIA DE SECURITIZACAO | B100: REC.042024 | D100: =A100&"-"&B100 -> COMPANHIA PROVINCIA DE SECURITIZACAO-REC.042024 | E100: =IF(OFFSET(B100,1,0)="","verificar",C100) -> 0
A101: CONTA DE LUZ INTERNET --ENEL DISTRIBUICAO/SP | B101: 5971186 | D101: =A101&"-"&B101 -> CONTA DE LUZ INTERNET --ENEL DISTRIBUICAO/SP-5971186 | E101: =IF(OFFSET(B101,1,0)="","verificar",C101) -> 0
A102: COOPERA CERTIFICADORA LTDA | B102: FAT.10585 | D102: =A102&"-"&B102 -> COOPERA CERTIFICADORA LTDA-FAT.10585 | E102: =IF(OFFSET(B102,1,0)="","verificar",C102) -> 0
A103: CRISTINA PACHECO RIBEIRO | B103: FAT.497163 | D103: =A103&"-"&B103 -> CRISTINA PACHECO RIBEIRO-FAT.497163 | E103: =IF(OFFSET(B103,1,0)="","verificar",C103) -> 0
A104: DAVINCI BUREAU DE IMPRESSOES LTDA | B104: NFSE.0089199 | D104: =A104&"-"&B104 -> DAVINCI BUREAU DE IMPRESSOES LTDA-NFSE.0089199 | E104: =IF(OFFSET(B104,1,0)="","verificar",C104) -> 0
A105: DECIMO QUARTO TABELIONATO DE NOTAS | B105: FAT.280324 | D105: =A105&"-"&B105 -> DECIMO QUARTO TABELIONATO DE NOTAS-FAT.280324 | E105: =IF(OFFSET(B105,1,0)="","verificar",C105) -> 0
A106: ELIANE MALUF ALVES DE LOZIER | B106: CT.ALUGUEL2 | D106: =A106&"-"&B106 -> ELIANE MALUF ALVES DE LOZIER-CT.ALUGUEL2 | E106: =IF(OFFSET(B106,1,0)="","verificar",C106) -> 0
A107: EMERGENCY DOCUMENTACAO IMOBILIARIA EIRELI | B107: NFSE.030047 | D107: =A107&"-"&B107 -> EMERGENCY DOCUMENTACAO IMOBILIARIA EIRELI-NFSE.030047 | E107: =IF(OFFSET(B107,1,0)="","verificar",C107) -> 0
A108: EMERGENCY DOCUMENTACAO IMOBILIARIA EIRELI | B108: NFSE.REC | D108: =A108&"-"&B108 -> EMERGENCY DOCUMENTACAO IMOBILIARIA EIRELI-NFSE.REC | E108: =IF(OFFSET(B108,1,0)="","verificar",C108) -> 0
A109: ESTUDIO FAVO ARQUITETURA LTDA | B109: NFSE.001172 | D109: =A109&"-"&B109 -> ESTUDIO FAVO ARQUITETURA LTDA-NFSE.001172 | E109: =IF(OFFSET(B109,1,0)="","verificar",C109) -> 0
A110: ESTUDIO FAVO ARQUITETURA LTDA | B110: NFSE.001213 | D110: =A110&"-"&B110 -> ESTUDIO FAVO ARQUITETURA LTDA-NFSE.001213 | E110: =IF(OFFSET(B110,1,0)="","verificar",C110) -> 0
A111: ESTUDIO FAVO ARQUITETURA LTDA | B111: NFSE.001226 | D111: =A111&"-"&B111 -> ESTUDIO FAVO ARQUITETURA LTDA-NFSE.001226 | E111: =IF(OFFSET(B111,1,0)="","verificar",C111) -> 0
A112: FARDIZ EMPREENDIMENTOS E PARTICIPACOES LTDA | B112: CT.CONSOLACAO 2847 FARD | D112: =A112&"-"&B112 -> FARDIZ EMPREENDIMENTOS E PARTICIPACOES LTDA-CT.CONSOLACAO 2847 FARD | E112: =IF(OFFSET(B112,1,0)="","verificar",C112) -> 0
A113: FERNANDO CARSINO JARDIM | B113: CT.CONSOLACAO 2847 JARD | D113: =A113&"-"&B113 -> FERNANDO CARSINO JARDIM-CT.CONSOLACAO 2847 JARD | E113: =IF(OFFSET(B113,1,0)="","verificar",C113) -> 0
... A297: SERGIO LUIZ FERNANDES FILHO | B297: NFSE.002915 | D297: =A297&"-"&B297 -> SERGIO LUIZ FERNANDES FILHO-NFSE.002915 | E297: =IF(OFFSET(B297,1,0)="","verificar",C297) -> verificar
A298: Total Geral | D298: =A298&"-"&B298 -> Total Geral- | E298: =IF(OFFSET(B298,1,0)="","verificar",C298) -> verificar
D299: =A299&"-"&B299 -> - | E299: =IF(OFFSET(B299,1,0)="","verificar",C299) -> verificar
D300: =A300&"-"&B300 -> - | E300: =IF(OFFSET(B300,1,0)="","verificar",C300) -> verificar
D301: =A301&"-"&B301 -> - | E301: =IF(OFFSET(B301,1,0)="","verificar",C301) -> verificar
D302: =A302&"-"&B302 -> - | E302: =IF(OFFSET(B302,1,0)="","verificar",C302) -> verificar
D303: =A303&"-"&B303 -> - | E303: =IF(OFFSET(B303,1,0)="","verificar",C303) -> verificar
D304: =A304&"-"&B304 -> - | E304: =IF(OFFSET(B304,1,0)="","verificar",C304) -> verificar
D305: =A305&"-"&B305 -> - | E305: =IF(OFFSET(B305,1,0)="","verificar",C305) -> verificar
D306: =A306&"-"&B306 -> - | E306: =IF(OFFSET(B306,1,0)="","verificar",C306) -> verificar
D307: =A307&"-"&B307 -> - | E307: =IF(OFFSET(B307,1,0)="","verificar",C307) -> verificar
D308: =A308&"-"&B308 -> - | E308: =IF(OFFSET(B308,1,0)="","verificar",C308) -> verificar
D309: =A309&"-"&B309 -> - | E309: =IF(OFFSET(B309,1,0)="","verificar",C309) -> verificar
D310: =A310&"-"&B310 -> - | E310: =IF(OFFSET(B310,1,0)="","verificar",C310) -> verificar
... D339: =A339&"-"&B339 -> - | E339: =IF(OFFSET(B339,1,0)="","verificar",C339) -> verificar

Sheet Planilha2
A3: temp | B3: Data Ajustada | C3: Conciliação Reembolso | D3: Soma de Valor Total | E3: documento?
A4: - ajuste | B4: 45372 | C4: (vazio) | D4: 0.04
B5: 45401 | C5: (vazio) | D5: 5.49
A6: - REAP.040424 | B6: 45386 | C6: (vazio) | D6: 0.01
A7: - REAP.090424 | B7: 45391 | C7: (vazio) | D7: 0.98
A8: - REAP.100424 | B8: 45392 | C8: (vazio) | D8: 0.01
A9: - REAP.120424 | B9: 45394 | C9: (vazio) | D9: 24.81
A10: - REAP.1504 | B10: 45397 | C10: (vazio) | D10: 0.99
A11: - REAP.160424 | B11: 45398 | C11: (vazio) | D11: 0.41
A12: - REAP.1704 | B12: 45399 | C12: (vazio) | D12: 3.49
A13: - REAP.2604 | B13: 45408 | C13: (vazio) | D13: 46.36
A14: - TAR.09112023 | B14: 45239 | C14: (vazio) | D14: -69.95
A15: - TAR.14122023 | B15: 45274 | C15: (vazio) | D15: -9
A16: - TAR.23112023 | B16: 45253 | C16: (vazio) | D16: -36
A17: - TAR.231123 | B17: 45253 | C17: (vazio) | D17: -18
A18: 13 CARTORIO DE REGISTRO CIVIL DO BUTANTA - FAT.280324. | B18: 45379 | C18: (vazio) | D18: -86.08
A19: 13 OFICIAL DE REGISTRO DE IMOVEIS DA CAPITAL - FAT.63044824 | B19: 45384 | C19: 7 | D19: -1109.54
A20: 13 OFICIAL DE REGISTRO DE IMOVEIS DA CAPITAL - REC.041223 | B20: 45264 | C20: (vazio) | D20: -2252.25
A21: 20 TABELIAO DE NOTAS DA CAPITAL - FAT.14089 | B21: 45387 | C21: 29 | D21: -10060.74
A22: 20 TABELIAO DE NOTAS DA CAPITAL - FAT.14602 | B22: 45387 | C22: 27 | D22: -23668.13
A23: 20 TABELIAO DE NOTAS DA CAPITAL - FAT.14604 | B23: 45387 | C23: 32 | D23: -6150.49
A24: 20 TABELIAO DE NOTAS DA CAPITAL - FAT.14606 | B24: 45387 | C24: 28 | D24: -18521.91
A25: 20 TABELIAO DE NOTAS DA CAPITAL - FAT.14608 | B25: 45387 | C25: 31 | D25: -16140.79
A26: 20 TABELIAO DE NOTAS DA CAPITAL - FAT.14637 | B26: 45387 | C26: 30 | D26: -9509.55
A27: 20 TABELIAO DE NOTAS DA CAPITAL - FAT.14641 | B27: 45387 | C27: 33 | D27: -16211.23
A28: 20 TABELIAO DE NOTAS DA CAPITAL - FAT.14741 | B28: 45387 | C28: 34 | D28: -15172.99
A29: ACUSTICA ENGENHARIA S/S - NFSE.005020 | B29: 45310 | C29: (vazio) | D29: -11628.01
A30: AMILCAR SOUROPIRES FERREIRA - CT.CONSOLACAO 2837 | B30: 45141 | C30: (vazio) | D30: -100000
A31: ANGELO MONTALBANO - REC.100424 | B31: 45394 | C31: 40 | D31: -503.74
A32: AR C/C SISPAG - TAR.20240402003 | B32: 45384 | C32: (vazio) | D32: -2.7
A33: AR TED SISPAG - TAR.20240402004 | B33: 45384 | C33: (vazio) | D33: -49.92
A34: AROEIRA MEIO AMBIENTE LTDA - NFSE.001873 | B34: 45401 | C34: 43 | D34: -9385
A35: ASSIMPI- ASSOCIACAO N DOS S S DA MICRO E PEQUENA INDUSTRIA - REC.012835 | B35: 45098 | C35: (vazio) | D35: -211.38
A36: ASSIMPI- ASSOCIACAO N DOS S S DA MICRO E PEQUENA INDUSTRIA - REC.137334 | B36: 45300 | C36: (vazio) | D36: -218.17
A37: ASSIMPI- ASSOCIACAO N DOS S S DA MICRO E PEQUENA INDUSTRIA - REC.141086 | B37: 45358 | C37: (vazio) | D37: -436.34
A38: ASSIMPI- ASSOCIACAO N DOS S S DA MICRO E PEQUENA INDUSTRIA - REC.141087 | B38: 45358 | C38: (vazio) | D38: -218.17
A39: ASSIMPI- ASSOCIACAO N DOS S S DA MICRO E PEQUENA INDUSTRIA - REC.240590039725672 | B39: 45358 | C39: (vazio) | D39: -150.99
A40: ASSIMPI- ASSOCIACAO N DOS S S DA MICRO E PEQUENA INDUSTRIA - REC.240590039743861 | B40: 45358 | C40: (vazio) | D40: -251.76
A41: ASSIMPI- ASSOCIACAO N DOS S S DA MICRO E PEQUENA INDUSTRIA - REC.240590039748456 | B41: 45358 | C41: (vazio) | D41: -251.76
A42: ASSOCIACAO DOS REGISTRADORES IMOBILIARIOS DE SAO PAULO - FAT.011079668 | B42: 45373 | C42: (vazio) | D42: -130.43
A43: ASSOCIACAO DOS REGISTRADORES IMOBILIARIOS DE SAO PAULO - FAT.11042170 | B43: 45371 | C43: (vazio) | D43: -44.41
A44: ASSOCIACAO DOS REGISTRADORES IMOBILIARIOS DE SAO PAULO - FAT.11043177 | B44: 45371 | C44: (vazio) | D44: -44.41
A45: ASSOCIACAO DOS REGISTRADORES IMOBILIARIOS DE SAO PAULO - FAT.11043730 | B45: 45371 | C45: (vazio) | D45: -44.41 | E45: ok
A46: ASSOCIACAO DOS REGISTRADORES IMOBILIARIOS DE SAO PAULO - FAT.110438880 | B46: 45371 | C46: (vazio) | D46: -44.41
A47: ASSOCIACAO DOS REGISTRADORES IMOBILIARIOS DE SAO PAULO - FAT.11043956 | B47: 45371 | C47: (vazio) | D47: -44.41
A48: ASSOCIACAO DOS REGISTRADORES IMOBILIARIOS DE SAO PAULO - FAT.11044061 | B48: 45371 | C48: (vazio) | D48: -44.41 | E48: ok
A49: ASSOCIACAO DOS REGISTRADORES IMOBILIARIOS DE SAO PAULO - FAT.11044124 | B49: 45372 | C49: (vazio) | D49: -88.82
A50: ASSOCIACAO DOS REGISTRADORES IMOBILIARIOS DE SAO PAULO - FAT.11059891 | B50: 45372 | C50: (vazio) | D50: -44.41
A51: ASSOCIACAO DOS REGISTRADORES IMOBILIARIOS DE SAO PAULO - FAT.11062240 | B51: 45372 | C51: (vazio) | D51: -44.41 | E51: ok
A52: ASSOCIACAO DOS REGISTRADORES IMOBILIARIOS DE SAO PAULO - FAT.11062351 | B52: 45373 | C52: (vazio) | D52: -44.41
A53: ASSOCIACAO DOS REGISTRADORES IMOBILIARIOS DE SAO PAULO - FAT.11062388 | B53: 45376 | C53: (vazio) | D53: -44.41
A54: ASSOCIACAO DOS REGISTRADORES IMOBILIARIOS DE SAO PAULO - FAT.11068615 | B54: 45373 | C54: (vazio) | D54: -44.41
A55: ASSOCIACAO DOS REGISTRADORES IMOBILIARIOS DE SAO PAULO - FAT.11068657 | B55: 45373 | C55: (vazio) | D55: -44.41
A56: ASSOCIACAO DOS REGISTRADORES IMOBILIARIOS DE SAO PAULO - FAT.11111301 | B56: 45377 | C56: (vazio) | D56: -22.91
A57: ASSOCIACAO DOS REGISTRADORES IMOBILIARIOS DE SAO PAULO - FAT.11112656 | B57: 45377 | C57: (vazio) | D57: -65.93
A58: ASSOCIACAO DOS REGISTRADORES IMOBILIARIOS DE SAO PAULO - FAT.11133101 | B58: 45379 | C58: (vazio) | D58: -65.93
A59: ASSOCIACAO DOS REGISTRADORES IMOBILIARIOS DE SAO PAULO - FAT.11133132 | B59: 45379 | C59: (vazio) | D59: -22.91
A60: ASSOCIACAO DOS REGISTRADORES IMOBILIARIOS DE SAO PAULO - FAT.11169857 | B60: 45384 | C60: 94 | D60: -22.91
A61: ASSOCIACAO DOS REGISTRADORES IMOBILIARIOS DE SAO PAULO - FAT.43245589 | B61: 45371 | C61: (vazio) | D61: -774.84
A62: AVANTE CONSULTORIA DE NEGOCIOS LTDA - NFSE.00005 | B62: 45394 | C62: 85 | D62: -107325
A63: BACHEMA SERVICOS ANALITICOS AMBIENTAIS LTDA - NFSE.011194 | B63: 45257 | C63: (vazio) | D63: -7442.3
A64: BNS AGENCIAMENTO E INTERMEDIACAO DE SERVICOS E IMOVEIS LTDA - NFSE.000005 | B64: 45394 | C64: 36 | D64: -357750
A65: CAMPO SAO BENTO - DEV.2204 | B65: 45404 | C65: (vazio) | D65: 40000
A66: CAMPO SAO BENTO GESTAO DE PROJETOS AMBIENTAIS EIRELI - ADT.000441 | B66: 45397 | C66: 82 | D66: -40000
A67: CAMPO SAO BENTO GESTAO DE PROJETOS AMBIENTAIS EIRELI - NFSE.000441 | B67: 45401 | C67: (vazio) | D67: -40000
A68: CAU/SP - REC.19465690 | B68: 45300 | C68: (vazio) | D68: -119.61
A69: CAU/SP - REC.19466085 | B69: 45300 | C69: (vazio) | D69: -119.61
A70: CERTENGE LAUDOS AVALIACOES E PERICIAS LTDA - NFSE.002146 | B70: 45370 | C70: (vazio) | D70: -2627.8
A71: CERTENGE LAUDOS AVALIACOES E PERICIAS LTDA - NFSE.002164 | B71: 45399 | C71: 83 | D71: -1970.85
A72: CERTENGE LAUDOS AVALIACOES E PERICIAS LTDA - NFSE.002182 | B72: 45408 | C72: 51 | D72: -1970.85
A73: CLEYDE MALUF ALVES - CT.ALUGUEL 1 | B73: 45007 | C73: (vazio) | D73: -10000
B74: 45040 | C74: (vazio) | D74: -10000
B75: 45068 | C75: (vazio) | D75: -10000
B76: 45093 | C76: (vazio) | D76: -10000
B77: 45131 | C77: (vazio) | D77: -10000
B78: 45156 | C78: (vazio) | D78: -40000
B79: 45189 | C79: (vazio) | D79: -10000
B80: 45219 | C80: (vazio) | D80: -10000
B81: 45251 | C81: (vazio) | D81: -10000 | E81: ok
B82: 45275 | C82: (vazio) | D82: -10000
B83: 45310 | C83: (vazio) | D83: -10000
B84: 45342 | C84: (vazio) | D84: -15000
B85: 45355 | C85: (vazio) | D85: -451 | E85: ok
B86: 45371 | C86: (vazio) | D86: -20902 | E86: ok
B87: 45372 | C87: (vazio) | D87: -10000 | E87: ok
A88: COMPANHIA AMBIENTAL DO ESTADO DE SAO PAULO - FAT.91523080 | B88: 45224 | C88: (vazio) | D88: -26780.36
A89: COMPANHIA AMBIENTAL DO ESTADO DE SAO PAULO - FAT.970637 | B89: 45309 | C89: (vazio) | D89: -141.44
A90: COMPANHIA AMBIENTAL DO ESTADO DE SAO PAULO - FAT.974555 | B90: 45309 | C90: (vazio) | D90: -141.44
A91: COMPANHIA AMBIENTAL DO ESTADO DE SAO PAULO - FAT.974558 | B91: 45309 | C91: (vazio) | D91: -141.44 | E91: ok
A92: COMPANHIA AMBIENTAL DO ESTADO DE SAO PAULO - FAT.974559 | B92: 45309 | C92: (vazio) | D92: -141.44 | E92: ok
A93: COMPANHIA AMBIENTAL DO ESTADO DE SAO PAULO - FAT.974562 | B93: 45309 | C93: (vazio) | D93: -141.44
A94: COMPANHIA AMBIENTAL DO ESTADO DE SAO PAULO - FAT.974564 | B94: 45309 | C94: (vazio) | D94: -141.44
A95: COMPANHIA AMBIENTAL DO ESTADO DE SAO PAULO - FAT.974565 | B95: 45309 | C95: (vazio) | D95: -141.44
A96: COMPANHIA AMBIENTAL DO ESTADO DE SAO PAULO - FAT.974566 | B96: 45309 | C96: (vazio) | D96: -141.44
A97: COMPANHIA AMBIENTAL DO ESTADO DE SAO PAULO - FAT.974567 | B97: 45309 | C97: (vazio) | D97: -141.44
A98: COMPANHIA AMBIENTAL DO ESTADO DE SAO PAULO - FAT.974570 | B98: 45309 | C98: (vazio) | D98: -141.44
A99: COMPANHIA AMBIENTAL DO ESTADO DE SAO PAULO - FAT.974572 | B99: 45309 | C99: (vazio) | D99: -141.44
A100: COMPANHIA AMBIENTAL DO ESTADO DE SAO PAULO - FAT.974577 | B100: 45309 | C100: (vazio) | D100: -141.44
A101: COMPANHIA AMBIENTAL DO ESTADO DE SAO PAULO - FAT.974578 | B101: 45309 | C101: (vazio) | D101: -141.44
A102: COMPANHIA AMBIENTAL DO ESTADO DE SAO PAULO - FAT.974579 | B102: 45309 | C102: (vazio) | D102: -141.44
...

Sheet Fluxo Incorrido
A1: Empreendimento Ajustado | B1: Data Ajustada | C1: Banco | D1: Conta | E1: Relatório Sistema? | F1: Classe Ajustada | G1: Data | H1: Or | I1: Tipo | J1: Desc | K1: Documento | L1: Desc Ajustada | M1: Valor Total | N1: Valor ABS | O1: Mês | P1: Conciliação | Q1: Conciliação Reembolso | R1: Reembolso solicitado? | S1: Classe Ajustada | T1: Classificação Analítica | U1: Classificação Sintética
A2: Jardins | B2: 44952 | C2: Holding | D2: Holding | E2: sim | F2: 2.02.03.04 - Assessoria e Consultoria Contábil | G2: 44952 | H2: CP | I2: Adiantamento | J2: NOVA PLANO - SUPORTE ADMINISTRATIVO LTDA | K2: NFSE.005088 | L2: NOVA PLANO - SUPORTE ADMINISTRATIVO LTDA | M2: -400 | N2: 400 | O2: 44927 | R2: não | S2: 2.02.03.04 - Assessoria e Consultoria Contábil | T2: Desp Adm - Assessorias | U2: Desp Adm
A3: Jardins | B3: 44957 | C3: Holding | D3: Holding | E3: sim | F3: 2.06.02.07 - TFE- Taxa de Fiscalização de Estabelecimento | G3: 44957 | H3: CP | I3: Adiantamento | J3: PREFEITURA DE SAO PAULO - TFE | K3: DAM.100010445305 | L3: PREFEITURA DE SAO PAULO - TFE | M3: -195.38 | N3: 195.38 | O3: 44927 | R3: não | S3: 2.06.02.07 - TFE- Taxa de Fiscalização de Estabelecimento | T3: Incorporação - Desp Legais, Tributos, Emolumentos | U3: Incorporação
A4: Jardins | B4: 44957 | C4: Holding | D4: Holding | E4: sim | F4: 2.05.01.07 - Multas, Juros e Correções por Atraso no Pagamento | G4: 44957 | H4: CP | I4: Pagto juros | J4: PREFEITURA DE SAO PAULO - TFE | K4: DAM.100010445305 | L4: PREFEITURA DE SAO PAULO - TFE | M4: -53.13 | N4: 53.13 | O4: 44927 | R4: não | S4: 2.05.01.07 - Multas, Juros e Correções por Atraso no Pagamento | T4: Desp Financeiras | U4: Desp Financeiras
A5: Jardins | B5: 44957 | C5: Holding | D5: Holding | E5: sim | F5: 2.09.02.01 - Recolhimento de IRRF - Terceiros | G5: 44957 | H5: CP | I5: Adiantamento | J5: Secretaria de Fazenda Federal | K5: DARF.1365 | L5: Secretaria de Fazenda Federal | M5: -67.5 | N5: 67.5 | O5: 44927 | R5: não | S5: 2.09.02.01 - Recolhimento de IRRF - Terceiros | T5: Tributos | U5: Tributos
A6: Jardins | B6: 44957 | C6: Holding | D6: Holding | E6: sim | F6: 2.05.01.07 - Multas, Juros e Correções por Atraso no Pagamento | G6: 44957 | H6: CP | I6: Pagto juros | J6: Secretaria de Fazenda Federal | K6: DARF.1365 | L6: Secretaria de Fazenda Federal | M6: -19.2 | N6: 19.2 | O6: 44927 | R6: não | S6: 2.05.01.07 - Multas, Juros e Correções por Atraso no Pagamento | T6: Desp Financeiras | U6: Desp Financeiras
A7: Jardins | B7: 44957 | C7: Holding | D7: Holding | E7: sim | F7: 2.09.02.04 - Recolhimento de PIS/Cofins/CSLL - Terceiros | G7: 44957 | H7: CP | I7: Adiantamento | J7: Secretaria de Fazenda Federal | K7: DARF.1365 | L7: Secretaria de Fazenda Federal | M7: -209.25 | N7: 209.25 | O7: 44927 | R7: não | S7: 2.09.02.04 - Recolhimento de PIS/Cofins/CSLL - Terceiros | T7: Tributos | U7: Tributos
A8: Jardins | B8: 44957 | C8: Holding | D8: Holding | E8: sim | F8: 2.05.01.07 - Multas, Juros e Correções por Atraso no Pagamento | G8: 44957 | H8: CP | I8: Pagto juros | J8: Secretaria de Fazenda Federal | K8: DARF.1365 | L8: Secretaria de Fazenda Federal | M8: -61.6 | N8: 61.6 | O8: 44927 | R8: não | S8: 2.05.01.07 - Multas, Juros e Correções por Atraso no Pagamento | T8: Desp Financeiras | U8: Desp Financeiras
A9: Jardins | B9: 44957 | C9: Holding | D9: Holding | E9: sim | F9: 2.09.02.01 - Recolhimento de IRRF - Terceiros | G9: 44957 | H9: CP | I9: Adiantamento | J9: Secretaria de Fazenda Federal | K9: DARF.1376 | L9: Secretaria de Fazenda Federal | M9: -67.5 | N9: 67.5 | O9: 44927 | R9: não | S9: 2.09.02.01 - Recolhimento de IRRF - Terceiros | T9: Tributos | U9: Tributos
A10: Jardins | B10: 44957 | C10: Holding | D10: Holding | E10: sim | F10: 2.05.01.07 - Multas, Juros e Correções por Atraso no Pagamento | G10: 44957 | H10: CP | I10: Pagto juros | J10: Secretaria de Fazenda Federal | K10: DARF.1376 | L10: Secretaria de Fazenda Federal | M10: -19.89 | N10: 19.89 | O10: 44927 | R10: não | S10: 2.05.01.07 - Multas, Juros e Correções por Atraso no Pagamento | T10: Desp Financeiras | U10: Desp Financeiras
A11: Jardins | B11: 44957 | C11: Holding | D11: Holding | E11: sim | F11: 2.09.02.04 - Recolhimento de PIS/Cofins/CSLL - Terceiros | G11: 44957 | H11: CP | I11: Adiantamento | J11: Secretaria de Fazenda Federal | K11: DARF.1376 | L11: Secretaria de Fazenda Federal | M11: -209.25 | N11: 209.25 | O11: 44927 | R11: não | S11: 2.09.02.04 - Recolhimento de PIS/Cofins/CSLL - Terceiros | T11: Tributos | U11: Tributos
A12: Jardins | B12: 44957 | C12: Holding | D12: Holding | E12: sim | F12: 2.05.01.07 - Multas, Juros e Correções por Atraso no Pagamento | G12: 44957 | H12: CP | I12: Pagto juros | J12: Secretaria de Fazenda Federal | K12: DARF.1376 | L12: Secretaria de Fazenda Federal | M12: -59.53 | N12: 59.53 | O12: 44927 | R12: não | S12: 2.05.01.07 - Multas, Juros e Correções por Atraso no Pagamento | T12: Desp Financeiras | U12: Desp Financeiras
A13: Jardins | B13: 44987 | C13: Holding | D13: Holding | E13: sim | F13: 2.02.03.04 - Assessoria e Consultoria Contábil | G13: 44987 | H13: CP | I13: Adiantamento | J13: NOVA PLANO - SUPORTE ADMINISTRATIVO LTDA | K13: NFSE.005166 | L13: NOVA PLANO - SUPORTE ADMINISTRATIVO LTDA | M13: -400 | N13: 400 | O13: 44986 | R13: não | S13: 2.02.03.04 - Assessoria e Consultoria Contábil | T13: Desp Adm - Assessorias | U13: Desp Adm
... A95: Jardins | B95: 45233 | C95: Bradesco | D95: 6222-7 | E95: sim | F95: 2.02.03.04 - Assessoria e Consultoria Contábil | G95: 45233 | H95: CP | I95: Pagamento | J95: NOVA CROP - SUPORTE ADMINISTRATIVO LTDA | K95: NFSE.005260 | L95: NOVA CROP - SUPORTE ADMINISTRATIVO LTDA | M95: -415.96 | N95: 415.96 | O95: 45231 | R95: não | S95: 2.02.03.04 - Assessoria e Consultoria Contábil | T95: Desp Adm - Assessorias | U95: Desp Adm
A96: Jardins | B96: 45239 | C96: Bradesco | D96: 6222-7 | E96: sim | F96: 2.20.01.07 - Tarifas Bancarias | G96: 45239 | H96: BC | I96: Pag. tarifa conta | K96: TAR.09112023 | M96: -69.95 | N96: 69.95 | O96: 45231 | R96: não | S96: 2.20.01.07 - Tarifas Bancarias | T96: Tarifas / Taxas | U96: Desp Financeiras
A97: Jardins | B97: 45247 | C97: Bradesco | D97: 6222-7 | E97: sim | F97: 2.09.02.04 - Recolhimento de PIS/Cofins/CSLL - Terceiros | G97: 45247 | H97: CP | I97: Pagamento | J97: Secretaria de Fazenda Federal | K97: DARF.011194 | L97: Secretaria de Fazenda Federal | M97: -368.75 | N97: 368.75 | O97: 45231 | R97: não | S97: 2.09.02.04 - Recolhimento de PIS/Cofins/CSLL - Terceiros | T97: Tributos | U97: Tributos
A98: Jardins | B98: 45247 | C98: Bradesco | D98: 6222-7 | E98: sim | F98: 2.09.02.01 - Recolhimento de IRRF - Terceiros | G98: 45247 | H98: CP | I98: Pagamento | J98: Secretaria de Fazenda Federal | K98: DARF.011194 | L98: Secretaria de Fazenda Federal | M98: -118.95 | N98: 118.95 | O98: 45231 | R98: não | S98: 2.09.02.01 - Recolhimento de IRRF - Terceiros | T98: Tributos | U98: Tributos
A99: Jardins | B99: 45251 | C99: Bradesco | D99: 6222-7 | E99: sim | F99: 2.11.01.04 - Aluguel | G99: 45251 | H99: CP | I99: Pagamento | J99: CLEYDE MALUF ALVES | K99: CT.ALUGUEL 1 | L99: CLEYDE MALUF ALVES | M99: -10000 | N99: 10000 | O99: 45231 | R99: não | S99: 2.11.01.04 - Aluguel | T99: Terreno - Despesas | U99: Terreno
A100: Jardins | B100: 45251 | C100: Bradesco | D100: 6222-7 | E100: sim | F100: 2.11.01.04 - Aluguel | G100: 45251 | H100: CP | I100: Pagamento | J100: ELIANE MALUF ALVES DE LOZIER | K100: CT.ALUGUEL2 | L100: ELIANE MALUF ALVES DE LOZIER | M100: -10000 | N100: 10000 | O100: 45231 | R100: não | S100: 2.11.01.04 - Aluguel | T100: Terreno - Despesas | U100: Terreno
A101: Jardins | B101: 45251 | C101: Bradesco | D101: 6222-7 | E101: sim | F101: 2.11.01.01 - Terrenista | G101: 45251 | H101: CP | I101: Pagamento | J101: MIRNA MARIA PEDRO | K101: CT.ITU 1478 | L101: MIRNA MARIA PEDRO | M101: -2500 | N101: 2500 | O101: 45231 | R101: não | S101: 2.11.01.01 - Terrenista | T101: Terreno - Aquisição | U101: Terreno
A102: Jardins | B102: 45251 | C102: Bradesco | D102: 6222-7 | E102: sim | F102: 2.11.01.01 - Terrenista | G102: 45251 | H102: CP | I102: Pagamento | J102: MIRNA MARIA PEDRO | K102: CT.ITU 1478 | L102: MIRNA MARIA PEDRO | M102: -2500 | N102: 2500 | O102: 45231 | R102: não | S102: 2.11.01.01 - Terrenista | T102: Terreno - Aquisição | U102: Terreno
A103: Jardins | B103: 45251 | C103: Bradesco | D103: 6222-7 | E103: sim | F103: 2.11.01.01 - Terrenista | G103: 45251 | H103: CP | I103: Pagamento | J103: MIRNA MARIA PEDRO | K103: CT.ITU 1478 | L103: MIRNA MARIA PEDRO | M103: -2500 | N103: 2500 | O103: 45231 | R103: não | S103: 2.11.01.01 - Terrenista | T103: Terreno - Aquisição | U103: Terreno
A104: Jardins | B104: 45251 | C104: Bradesco | D104: 6222-7 | E104: sim | F104: 2.11.01.01 - Terrenista | G104: 45251 | H104: CP | I104: Pagamento | J104: MIRNA MARIA PEDRO | K104: CT.ITU 1478 | L104: MIRNA MARIA PEDRO | M104: -2500 | N104: 2500 | O104: 45231 | R104: não | S104: 2.11.01.01 - Terrenista | T104: Terreno - Aquisição | U104: Terreno
A105: Jardins | B105: 45252 | C105: Bradesco | D105: 6222-7 | E105: sim | F105: 2.01.03.04 - Alvarás, Emolumentos, Taxas e Custos Legais | G105: 45252 | H105: CP | I105: Pagamento | J105: PREFEITURA DA CIDADE DE SÃO PAULO - DAMSP | K105: DAM.482872023 | L105: PREFEITURA DA CIDADE DE SÃO PAULO - DAMSP | M105: -203.34 | N105: 203.34 | O105: 45231 | R105: não | S105: 2.01.03.04 - Alvarás, Emolumentos, Taxas e Custos Legais | T105: Terreno - Taxas e Emolumentos | U105: Terreno
A106: Jardins | B106: 45253 | C106: Bradesco | D106: 6222-7 | E106: sim | F106: 2.20.01.07 - Tarifas Bancarias | G106: 45253 | H106: BC | I106: Pag. tarifa conta | K106: TAR.23112023 | M106: -9 | N106: 9 | O106: 45231 | R106: não | S106: 2.20.01.07 - Tarifas Bancarias | T106: Tarifas / Taxas | U106: Desp Financeiras
A107: Jardins | B107: 45253 | C107: Bradesco | D107: 6222-7 | E107: sim | F107: 2.20.01.07 - Tarifas Bancarias | G107: 45253 | H107: BC | I107: Pag. tarifa conta | K107: TAR.23112023 | M107: -9 | N107: 9 | O107: 45231 | R107: não | S107: 2.20.01.07 - Tarifas Bancarias | T107: Tarifas / Taxas | U107: Desp Financeiras
A108: Jardins | B108: 45253 | C108: Bradesco | D108: 6222-7 | E108: sim | F108: 2.20.01.07 - Tarifas Bancarias | G108: 45253 | H108: BC | I108: Pag. tarifa conta | K108: TAR.23112023 | M108: -9 | N108: 9 | O108: 45231 | R108: não | S108: 2.20.01.07 - Tarifas Bancarias | T108: Tarifas / Taxas | U108: Desp Financeiras
A109: Jardins | B109: 45253 | C109: Bradesco | D109: 6222-7 | E109: sim | F109: 2.20.01.07 - Tarifas Bancarias | G109: 45253 | H109: BC | I109: Pag. tarifa conta | K109: TAR.23112023 | M109: -9 | N109: 9 | O109: 45231 | R109: não | S109: 2.20.01.07 - Tarifas Bancarias | T109: Tarifas / Taxas | U109: Desp Financeiras
A110: Jardins | B110: 45253 | C110: Bradesco | D110: 6222-7 | E110: sim | F110: 2.20.01.07 - Tarifas Bancarias | G110: 45253 | H110: BC | I110: Pag. tarifa conta | K110: TAR.231123 | M110: -9 | N110: 9 | O110: 45231 | R110: não | S110: 2.20.01.07 - Tarifas Bancarias | T110: Tarifas / Taxas | U110: Desp Financeiras
A111: Jardins | B111: 45253 | C111: Bradesco | D111: 6222-7 | E111: sim | F111: 2.20.01.07 - Tarifas Bancarias | G111: 45253 | H111: BC | I111: Pag. tarifa conta | K111: TAR.231123 | M111: -9 | N111: 9 | O111: 45231 | R111: não | S111: 2.20.01.07 - Tarifas Bancarias | T111: Tarifas / Taxas | U111: Desp Financeiras
A112: Jardins | B112: 45257 | C112: Bradesco | D112: 6222-7 | E112: sim | F112: 2.13.01.02 - Avaliação Ambiental | G112: 45257 | H112: CP | I112: Pagamento | J112: BACHEMA SERVICOS ANALITICOS AMBIENTAIS LTDA | K112: NFSE.011194 | L112: BACHEMA SERVICOS ANALITICOS AMBIENTAIS LTDA | M112: -7930 | N112: 7930 | O112: 45231 | R112: não | S112: 2.13.01.02 - Avaliação Ambiental | T112: Incorporação - Projetos | U112: Incorporação
A113: Jardins | B113: 45257 | C113: Bradesco | D113: 6222-7 | E113: sim | F113: 2.09.01.01 - (-) Retenção de IR - Terceiros | G113: 45257 | H113: CP | I113: Retenção impostos | J113: IR 1708 / BACHEMA SERVICOS ANALITICOS AMBIENTAIS LTDA | K113: NFSE.011194 | L113: BACHEMA SERVICOS ANALITICOS AMBIENTAIS LTDA | M113: 118.95 | N113: 118.95 | O113: 45231 | R113: não | S113: 2.09.01.01 - (-) Retenção de IR - Terceiros | T113: Incorporação - Projetos | U113: Incorporação
A114: Jardins | B114: 45257 | C114: Bradesco | D114: 6222-7 | E114: sim | F114: 2.09.01.04 - (-) Retenção de PIS/Cofins/CSLL - Terceiros | G114: 45257 | H114: CP | I114: Retenção impostos | J114: CSRF / BACHEMA SERVICOS ANALITICOS AMBIENTAIS LTDA | K114: NFSE.011194 | L114: BACHEMA SERVICOS ANALITICOS AMBIENTAIS LTDA | M114: 368.75 | N114: 368.75 | O114: 45231 | R114: não | S114: 2.09.01.04 - (-) Retenção de PIS/Cofins/CSLL - Terceiros | T114: Incorporação - Projetos | U114: Incorporação
A115: Jardins | B115: 45257 | C115: Bradesco | D115: 6222-7 | E115: sim | F115: 2.14.01.10 - Produção de material Comunicação Visual Terreno/PD | G115: 45257 | H115: CP | I115: Pagamento | J115: FRANQUE DELMO ELOIA 02360154435 | K115: NFSE.000016 | L115: FRANQUE DELMO ELOIA 02360154435 | M115: -900 | N115: 900 | O115: 45231 | R115: não | S115: 2.14.01.10 - Produção de material Comunicação Visual Terreno/PD | T115: Marketing - Promoção e Propaganda | U115: Marketing
A116: Jardins | B116: 45257 | C116: Bradesco | D116: 6222-7 | E116: sim | F116: 2.13.01.02 - Avaliação Ambiental | G116: 45257 | H116: CP | I116: Pagamento | J116: LABORATORIO VAPOR SOLUTIONS LTDA | K116: NFSE.004112 | L116: LABORATORIO VAPOR SOLUTIONS LTDA | M116: -9264 | N116: 9264 | O116: 45231 | R116: não | S116: 2.13.01.02 - Avaliação Ambiental | T116: Incorporação - Projetos | U116: Incorporação
A117: Jardins | B117: 45257 | C117: Bradesco | D117: 6222-7 | E117: sim | F117: 2.09.01.01 - (-) Retenção de IR - Terceiros | G117: 45257 | H117: CP | I117: Retenção impostos | J117: IR 1708 / LABORATORIO VAPOR SOLUTIONS LTDA | K117: NFSE.004112 | L117: LABORATORIO VAPOR SOLUTIONS LTDA | M117: 138.96 | N117: 138.96 | O117: 45231 | R117: não | S117: 2.09.01.01 - (-) Retenção de IR - Terceiros | T117: Incorporação - Projetos | U117: Incorporação
A118: Jardins | B118: 45257 | C118: Bradesco | D118: 6222-7 | E118: sim | F118: 2.09.01.04 - (-) Retenção de PIS/Cofins/CSLL - Terceiros | G118: 45257 | H118: CP | I118: Retenção impostos | J118: CSRF / LABORATORIO VAPOR SOLUTIONS LTDA | K118: NFSE.004112 | L118: LABORATORIO VAPOR SOLUTIONS LTDA | M118: 430.78 | N118: 430.78 | O118: 45231 | R118: não | S118: 2.09.01.04 - (-) Retenção de PIS/Cofins/CSLL - Terceiros | T118: Incorporação - Projetos | U118: Incorporação
A119: Jardins | B119: 45257 | C119: Bradesco | D119: 6222-7 | E119: sim | F119: 2.16.01.03 - Despesas Diversas | G119: 45257 | H119: CP | I119: Pagamento | J119: MERCADOPAGO.COM REPRESENTACOES LTDA. | K119: FAT.10305601916 | L119: MERCADOPAGO.COM REPRESENTACOES LTDA. | M119: -269.9 | N119: 269.9 | O119: 45231 | R119: não | S119: 2.16.01.03 - Despesas Diversas | T119: Desp Adm - Outras | U119: Desp Adm
A120: Jardins | B120: 45257 | C120: Bradesco | D120: 6222-7 | E120: sim | F120: 2.16.01.03 - Despesas Diversas | G120: 45257 | H120: CP | I120: Pagamento | J120: MERCADOPAGO.COM REPRESENTACOES LTDA. | K120: FAT.10305604870 | L120: MERCADOPAGO.COM REPRESENTACOES LTDA. | M120: -219.3 | N120: 219.3 | O120: 45231 | R120: não | S120: 2.16.01.03 - Despesas Diversas | T120: Desp Adm - Outras | U120: Desp Adm
A121: Jardins | B121: 45257 | C121: Bradesco | D121: 6222-7 | E121: sim | F121: 2.16.01.03 - Despesas Diversas | G121: 45257 | H121: CP | I121: Pagamento | J121: MERCADOPAGO.COM REPRESENTACOES LTDA. | K121: FAT.10305605412 | L121: MERCADOPAGO.COM REPRESENTACOES LTDA. | M121: -156.52 | N121: 156.52 | O121: 45231 | R121: não | S121: 2.16.01.03 - Despesas Diversas | T121: Desp Adm - Outras | U121: Desp Adm
A122: Jardins | B122: 45260 | C122: Bradesco | D122: 6222-7 | E122: sim | F122: 2.20.01.07 - Tarifas Bancarias | G122: 45260 | H122: BC | I122: Pagamento | J122: TARIFA BANCARIA TRANSF PGTO PIX | K122: TAR.14122023 | L122: TARIFA BANCARIA TRANSF PGTO PIX | M122: -9 | N122: 9 | O122: 45231 | R122: não | S122: 2.20.01.07 - Tarifas Bancarias | T122: Tarifas / Taxas | U122: Desp Financeiras
A123: Jardins | B123: 45261 | C123: Holding | D123: Holding | E123: sim | F123: 2.01.03.04 - Alvarás, Emolumentos, Taxas e Custos Legais | G123: 45261 | H123: CP | I123: Adiantamento | J123: PREFEITURA DA CIDADE DE SÃO PAULO - DAMSP | K123: DAM.671356687922 | L123: PREFEITURA DA CIDADE DE SÃO PAULO - DAMSP | M123: -76939.1 | N123: 76939.1 | O123: 45261 | R123: não | S123: 2.01.03.04 - Alvarás, Emolumentos, Taxas e Custos Legais | T123: Terreno - Taxas e Emolumentos | U123: Terreno
... A130: Jardins | B130: 45272 | C130: Bradesco | D130: 6222-7 | E130: não | F130: 1.05.04.01 - Saídas de Devoluções de Aportes de Sócios / Invest | G130: 45272 | H130: CP | I130: Pagamento | J130: NC HOLDING EMPREENDIMENTOS E PARTICIPACOES LTDA. | K130: REC.dev. aporte | L130: NC HOLDING EMPREENDIMENTOS E PARTICIPACOES LTDA. | M130: -0.06 | N130: 0.06 | O130: 45261 | R130: não | S130: 1.05.04.01 - Saídas de Devoluções de Aportes de Sócios / Invest | T130: Débito - NC Holding | U130: Retiradas
A131: Jardins | B131: 45274 | C131: Bradesco | D131: 6222-7 | E131: sim | F131: 2.20.01.07 - Tarifas Bancarias | G131: 45274 | H131: BC | I131: Pag. tarifa conta | K131: TAR.14122023 | M131: -9 | N131: 9 | O131: 45261 | R131: não | S131: 2.20.01.07 - Tarifas Bancarias | T131: Tarifas / Taxas | U131: Desp Financeiras
A132: Jardins | B132: 45275 | C132: Holding | D132: Holding | E132: sim | F132: 2.11.01.04 - Aluguel | G132: 45275 | H132: CP | I132: Adiantamento | J132: CLEYDE MALUF ALVES | K132: CT.ALUGUEL 1 | L132: CLEYDE MALUF ALVES | M132: -10000 | N132: 10000 | O132: 45261 | R132: não | S132: 2.11.01.04 - Aluguel | T132: Terreno - Despesas | U132: Terreno
A133: Jardins | B133: 45275 | C133: Holding | D133: Holding | E133: sim | F133: 2.11.01.04 - Aluguel | G133: 45275 | H133: CP | I133: Adiantamento | J133: ELIANE MALUF ALVES DE LOZIER | K133: CT.ALUGUEL2 | L133: ELIANE MALUF ALVES DE LOZIER | M133: -10000 | N133: 10000 | O133: 45261 | R133: não | S133: 2.11.01.04 - Aluguel | T133: Terreno - Despesas | U133: Terreno
A134: Jardins | B134: 45275 | C134: Holding | D134: Holding | E134: sim | F134: 2.11.01.01 - Terrenista | G134: 45275 | H134: CP | I134: Adiantamento | J134: MIRNA MARIA PEDRO | K134: CT.ITU 1478 | L134: MIRNA MARIA PEDRO | M134: -2500 | N134: 2500 | O134: 45261 | R134: não | S134: 2.11.01.01 - Terrenista | T134: Terreno - Aquisição | U134: Terreno
A135: Jardins | B135: 45275 | C135: Holding | D135: Holding | E135: sim | F135: 2.11.01.01 - Terrenista | G135: 45275 | H135: CP | I135: Adiantamento | J135: MIRNA MARIA PEDRO | K135: CT.ITU 1478 | L135: MIRNA MARIA PEDRO | M135: -2500 | N135: 2500 | O135: 45261 | R135: não | S135: 2.11.01.01 - Terrenista | T135: Terreno - Aquisição | U135: Terreno
A136: Jardins | B136: 45275 | C136: Holding | D136: Holding | E136: sim | F136: 2.11.01.01 - Terrenista | G136: 45275 | H136: CP | I136: Adiantamento | J136: MIRNA MARIA PEDRO | K136: CT.ITU 1478 | L136: MIRNA MARIA PEDRO | M136: -2500 | N136: 2500 | O136: 45261 | R136: não | S136: 2.11.01.01 - Terrenista | T136: Terreno - Aquisição | U136: Terreno
A137: Jardins | B137: 45275 | C137: Holding | D137: Holding | E137: sim | F137: 2.11.01.01 - Terrenista | G137: 45275 | H137: CP | I137: Adiantamento | J137: MIRNA MARIA PEDRO | K137: CT.ITU 1478 | L137: MIRNA MARIA PEDRO | M137: -2500 | N137: 2500 | O137: 45261 | R137: não | S137: 2.11.01.01 - Terrenista | T137: Terreno - Aquisição | U137: Terreno
A138: Jardins | B138: 45280 | C138: Holding | D138: Holding | E138: sim | F138: 2.02.03.04 - Assessoria e Consultoria Contábil | G138: 45280 | H138: CP | I138: Adiantamento | J138: NOVA CROP - SUPORTE ADMINISTRATIVO LTDA | K138: NFSE.006130 | L138: NOVA CROP - SUPORTE ADMINISTRATIVO LTDA | M138: -415.96 | N138: 415.96 | O138: 45261 | R138: não | S138: 2.02.03.04 - Assessoria e Consultoria Contábil | T138: Desp Adm - Assessorias | U138: Desp Adm
A139: Jardins | B139: 45300 | C139: Holding | D139: Holding | E139: sim | F139: 2.04.03.11 - Despesas Administrativas | G139: 45300 | H139: CP | I139: Adiantamento | J139: ASSIMPI- ASSOCIACAO N DOS S S DA MICRO E PEQUENA INDUSTRIA | K139: REC.137334 | L139: ASSIMPI- ASSOCIACAO N DOS S S DA MICRO E PEQUENA INDUSTRIA | M139: -218.17 | N139: 218.17 | O139: 45292 | R139: não | S139: 2.04.03.11 - Despesas Administrativas | T139: Desp Adm - Outras | U139: Desp Adm
A140: Jardins | B140: 45300 | C140: Holding | D140: Holding | E140: sim | F140: 2.13.02.06 - Pasta de Incorporação | G140: 45300 | H140: CP | I140: Adiantamento | J140: CAU/SP | K140: REC.19465690 | L140: CAU/SP | M140: -119.61 | N140: 119.61 | O140: 45292 | R140: não | S140: 2.13.02.06 - Pasta de Incorporação | T140: Incorporação - Desp Legais, Tributos, Emolumentos | U140: Incorporação
A141: Jardins | B141: 45300 | C141: Holding | D141: Holding | E141: sim | F141: 2.13.02.06 - Pasta de Incorporação | G141: 45300 | H141: CP | I141: Adiantamento | J141: CAU/SP | K141: REC.19466085 | L141: CAU/SP | M141: -119.61 | N141: 119.61 | O141: 45292 | R141: não | S141: 2.13.02.06 - Pasta de Incorporação | T141: Incorporação - Desp Legais, Tributos, Emolumentos | U141: Incorporação
A142: Jardins | B142: 45300 | C142: Holding | D142: Holding | E142: sim | F142: 2.06.01.08 - Outros Impostos/Taxas/Emolumentos | G142: 45300 | H142: CP | I142: Pagamento | J142: GOVERNO DE SAO PAULO SECRETARIA DA FAZENDA DARE-SP. | K142: GUIA.240590003429418 | L142: GOVERNO DE SAO PAULO SECRETARIA DA FAZENDA DARE-SP. | M142: -251.76 | N142: 251.76 | O142: 45292 | R142: não | S142: 2.06.01.08 - Outros Impostos/Taxas/Emolumentos | T142: Tributos | U142: Tributos
A143: Jardins | B143: 45300 | C143: Bradesco | D143: 6222-7 | E143: sim | F143: 2.20.01.07 - Tarifas Bancarias | G143: 45300 | H143: BC | I143: Pag. tarifa conta | J143: TARIFA MANUTENCAO C/C TAR.MANUT.C/C | K143: TAR.090124 | L143: TARIFA MANUTENCAO C/C TAR.MANUT.C/C | M143: -69.95 | N143: 69.95 | O143: 45292 | R143: não | S143: 2.20.01.07 - Tarifas Bancarias | T143: Tarifas / Taxas | U143: Desp Financeiras
... A197: Jardins | B197: 45322 | C197: Holding | D197: Holding | E197: sim | F197: 2.04.04.05 - Licenças de Softwares | G197: 45322 | H197: CP | I197: Pagamento | J197: COOPERA CERTIFICADORA LTDA | K197: FAT.10585 | L197: COOPERA CERTIFICADORA LTDA | M197: -180 | N197: 180 | O197: 45292 | R197: não | S197: 2.04.04.05 - Licenças de Softwares | T197: Desp Adm - Outras | U197: Desp Adm
A198: Jardins | B198: 45323 | C198: Itaú Centralizadora | D198: 18593-7 | E198: Não | F198: - | G198: 45323 | I198: Extrato Bancário | J198: SISPAG CIA PROV SECURIT | L198: SISPAG CIA PROV SECURIT | M198: 5 | N198: 5 | O198: 45323 | S198: - | T198: Tarifas / Taxas | U198: Desp Financeiras
A199: Jardins | B199: 45323 | C199: Itaú Centralizadora | D199: 18593-7 | E199: Não | F199: - | G199: 45323 | I199: Extrato Bancário | J199: TAR MANUT CONTA 10/23 | L199: TAR MANUT CONTA 10/23 | M199: -5 | N199: 5 | O199: 45323 | S199: - | T199: Tarifas / Taxas | U199: Desp Financeiras
A200: Jardins | B200: 45324 | C200: Holding | D200: Holding | E200: sim | F200: 2.02.03.04 - Assessoria e Consultoria Contábil | G200: 45324 | H200: CP | I200: Adiantamento | J200: NOVA CROP - SUPORTE ADMINISTRATIVO LTDA | K200: NFSE.06336 | L200: NOVA CROP - SUPORTE ADMINISTRATIVO LTDA | M200: -415.96 | N200: 415.96 | O200: 45323 | R200: não | S200: 2.02.03.04 - Assessoria e Consultoria Contábil | T200: Desp Adm - Assessorias | U200: Desp Adm
A201: Jardins | B201: 45327 | C201: Holding | D201: Holding | E201: sim | F201: 2.11.01.07 - Cartório & Escritura | G201: 45327 | H201: CP | I201: Adiantamento | J201: PREFEITURA DA CIDADE DE SÃO PAULO - DAMSP | K201: DAM.535202024000613 | L201: PREFEITURA DA CIDADE DE SÃO PAULO - DAMSP | M201: -383.8 | N201: 383.8 | O201: 45323 | R201: não | S201: 2.11.01.07 - Cartório & Escritura | T201: Incorporação - Desp Legais, Tributos, Emolumentos | U201: Incorporação
A202: Jardins | B202: 45327 | C202: Holding | D202: Holding | E202: sim | F202: 2.11.01.07 - Cartório & Escritura | G202: 45327 | H202: CP | I202: Adiantamento | J202: PREFEITURA DA CIDADE DE SÃO PAULO - DAMSP | K202: DAM.5352024000601 | L202: PREFEITURA DA CIDADE DE SÃO PAULO - DAMSP | M202: -383.8 | N202: 383.8 | O202: 45323 | R202: não | S202: 2.11.01.07 - Cartório & Escritura | T202: Incorporação - Desp Legais, Tributos, Emolumentos | U202: Incorporação
A203: Jardins | B203: 45327 | C203: Holding | D203: Holding | E203: sim | F203: 2.11.01.07 - Cartório & Escritura | G203: 45327 | H203: CP | I203: Adiantamento | J203: PREFEITURA DA CIDADE DE SÃO PAULO - DAMSP | K203: DAM.535220024000625 | L203: PREFEITURA DA CIDADE DE SÃO PAULO - DAMSP | M203: -383.8 | N203: 383.8 | O203: 45323 | R203: não | S203: 2.11.01.07 - Cartório & Escritura | T203: Incorporação - Desp Legais, Tributos, Emolumentos | U203: Incorporação
A204: Jardins | B204: 45327 | C204: Holding | D204: Holding | E204: sim | F204: 2.11.01.07 - Cartório & Escritura | G204: 45327 | H204: CP | I204: Adiantamento | J204: PREFEITURA DA CIDADE DE SÃO PAULO - DAMSP | K204: DAM.53522024000596 | L204: PREFEITURA DA CIDADE DE SÃO PAULO - DAMSP | M204: -383.8 | N204: 383.8 | O204: 45323 | R204: não | S204: 2.11.01.07 - Cartório & Escritura | T204: Incorporação - Desp Legais, Tributos, Emolumentos | U204: Incorporação
A205: Jardins | B205: 45327 | C205: Holding | D205: Holding | E205: sim | F205: 2.11.01.07 - Cartório & Escritura | G205: 45327 | H205: CP | I205: Adiantamento | J205: PREFEITURA DA CIDADE DE SÃO PAULO - DAMSP | K205: DAM.53522024000597 | L205: PREFEITURA DA CIDADE DE SÃO PAULO - DAMSP | M205: -383.8 | N205: 383.8 | O205: 45323 | R205: não | S205: 2.11.01.07 - Cartório & Escritura | T205: Incorporação - Desp Legais, Tributos, Emolumentos | U205: Incorporação
A206: Jardins | B206: 45327 | C206: Holding | D206: Holding | E206: sim | F206: 2.11.01.07 - Cartório & Escritura | G206: 45327 | H206: CP | I206: Adiantamento | J206: PREFEITURA DA CIDADE DE SÃO PAULO - DAMSP | K206: DAM.53522024000598 | L206: PREFEITURA DA CIDADE DE SÃO PAULO - DAMSP | M206: -383.8 | N206: 383.8 | O206: 45323 | R206: não | S206: 2.11.01.07 - Cartório & Escritura | T206: Incorporação - Desp Legais, Tributos, Emolumentos | U206: Incorporação
A207: Jardins | B207: 45327 | C207: Holding | D207: Holding | E207: sim | F207: 2.11.01.07 - Cartório & Escritura | G207: 45327 | H207: CP | I207: Adiantamento | J207: PREFEITURA DA CIDADE DE SÃO PAULO - DAMSP | K207: DAM.53522024000600 | L207: PREFEITURA DA CIDADE DE SÃO PAULO - DAMSP | M207: -383.8 | N207: 383.8 | O207: 45323 | R207: não | S207: 2.11.01.07 - Cartório & Escritura | T207: Incorporação - Desp Legais, Tributos, Emolumentos | U207: Incorporação
A208: Jardins | B208: 45327 | C208: Holding | D208: Holding | E208: sim | F208: 2.11.01.07 - Cartório & Escritura | G208: 45327 | H208: CP | I208: Adiantamento | J208: PREFEITURA DA CIDADE DE SÃO PAULO - DAMSP | K208: DAM.53522024000602 | L208: PREFEITURA DA CIDADE DE SÃO PAULO - DAMSP | M208: -383.8 | N208: 383.8 | O208: 45323 | R208: não | S208: 2.11.01.07 - Cartório & Escritura | T208: Incorporação - Desp Legais, Tributos, Emolumentos | U208: Incorporação
A209: Jardins | B209: 45327 | C209: Holding | D209: Holding | E209: sim | F209: 2.11.01.07 - Cartório & Escritura | G209: 45327 | H209: CP | I209: Adiantamento | J209: PREFEITURA DA CIDADE DE SÃO PAULO - DAMSP | K209: DAM.53522024000604 | L209: PREFEITURA DA CIDADE DE SÃO PAULO - DAMSP | M209: -383.8 | N209: 383.8 | O209: 45323 | R209: não | S209: 2.11.01.07 - Cartório & Escritura | T209: Incorporação - Desp Legais, Tributos, Emolumentos | U209: Incorporação
A210: Jardins | B210: 45327 | C210: Holding | D210: Holding | E210: sim | F210: 2.11.01.07 - Cartório & Escritura | G210: 45327 | H210: CP | I210: Adiantamento | J210: PREFEITURA DA CIDADE DE SÃO PAULO - DAMSP | K210: DAM.53522024000605 | L210: PREFEITURA DA CIDADE DE SÃO PAULO - DAMSP | M210: -383.8 | N210: 383.8 | O210: 45323 | R210: não | S210: 2.11.01.07 - Cartório & Escritura | T210: Incorporação - Desp Legais, Tributos, Emolumentos | U210: Incorporação
A211: Jardins | B211: 45327 | C211: Holding | D211: Holding | E211: sim | F211: 2.11.01.07 - Cartório & Escritura | G211: 45327 | H211: CP | I211: Adiantamento | J211: PREFEITURA DA CIDADE DE SÃO PAULO - DAMSP | K211: DAM.53522024000606 | L211: PREFEITURA DA CIDADE DE SÃO PAULO - DAMSP | M211: -383.8 | N211: 383.8 | O211: 45323 | R211: não | S211: 2.11.01.07 - Cartório & Escritura | T211: Incorporação - Desp Legais, Tributos, Emolumentos | U211: Incorporação
... A313: Jardins | B313: 45371 | C313: Itaú | D313: 51562-2 | E313: sim | F313: 2.09.02.04 - Recolhimento de PIS/Cofins/CSLL - Terceiros | G313: 45371 | H313: CP | I313: Pagamento | J313: Secretaria de Fazenda Federal | K313: DARF.160224 | L313: Secretaria de Fazenda Federal | M313: -250 | N313: 250 | O313: 45352 | R313: não | S313: 2.09.02.04 - Recolhimento de PIS/Cofins/CSLL - Terceiros | T313: Tributos | U313: Tributos
A314: Jardins | B314: 45372 | C314: Itaú | D314: 51562-2 | E314: não | F314: 1.03.01.01 - Receita de Aplicações Financeiras | G314: 45372 | H314: BC | I314: Rendimento de aplicação | K314: ajuste | M314: 0.04 | N314: 0.04 | O314: 45352 | R314: não | S314: 1.03.01.01 - Receita de Aplicações Financeiras | T314: Rendimento Aplicações | U314: Outras Receitas
A315: Jardins | B315: 45372 | C315: Itaú | D315: 51562-2 | E315: sim | F315: 2.11.01.07 - Cartório & Escritura | G315: 45372 | H315: CP | I315: Pagamento | J315: ASSOCIACAO DOS REGISTRADORES IMOBILIARIOS DE SAO PAULO | K315: FAT.11044124 | L315: ASSOCIACAO DOS REGISTRADORES IMOBILIARIOS DE SAO PAULO | M315: -44.41 | N315: 44.41 | O315: 45352 | R315: não | S315: 2.11.01.07 - Cartório & Escritura | T315: Incorporação - Desp Legais, Tributos, Emolumentos | U315: Incorporação
A316: Jardins | B316: 45372 | C316: Itaú | D316: 51562-2 | E316: não | F316: 2.11.01.07 - Cartório & Escritura | G316: 45372 | H316: CP | I316: Pagamento | J316: ASSOCIACAO DOS REGISTRADORES IMOBILIARIOS DE SAO PAULO | K316: FAT.11044124 | L316: ASSOCIACAO DOS REGISTRADORES IMOBILIARIOS DE SAO PAULO | M316: -44.41 | N316: 44.41 | O316: 45352 | R316: não | S316: 2.11.01.07 - Cartório & Escritura | T316: Incorporação - Desp Legais, Tributos, Emolumentos | U316: Incorporação
A317: Jardins | B317: 45372 | C317: Itaú | D317: 51562-2 | E317: sim | F317: 2.11.01.07 - Cartório & Escritura | G317: 45372 | H317: CP | I317: Pagamento | J317: ASSOCIACAO DOS REGISTRADORES IMOBILIARIOS DE SAO PAULO | K317: FAT.11059891 | L317: ASSOCIACAO DOS REGISTRADORES IMOBILIARIOS DE SAO PAULO | M317: -44.41 | N317: 44.41 | O317: 45352 | R317: não | S317: 2.11.01.07 - Cartório & Escritura | T317: Incorporação - Desp Legais, Tributos, Emolumentos | U317: Incorporação
A318: Jardins | B318: 45372 | C318: Itaú | D318: 51562-2 | E318: sim | F318: 2.11.01.07 - Cartório & Escritura | G318: 45372 | H318: CP | I318: Pagamento | J318: ASSOCIACAO DOS REGISTRADORES IMOBILIARIOS DE SAO PAULO | K318: FAT.11062240 | L318: ASSOCIACAO DOS REGISTRADORES IMOBILIARIOS DE SAO PAULO | M318: -44.41 | N318: 44.41 | O318: 45352 | R318: não | S318: 2.11.01.07 - Cartório & Escritura | T318: Incorporação - Desp Legais, Tributos, Emolumentos | U318: Incorporação
A319: Jardins | B319: 45372 | C319: Holding | D319: Holding | E319: sim | F319: 2.11.01.04 - Aluguel | G319: 45372 | H319: CP | I319: Pagamento | J319: CLEYDE MALUF ALVES | K319: CT.ALUGUEL 1 | L319: CLEYDE MALUF ALVES | M319: -5000 | N319: 5000 | O319: 45352 | R319: não | S319: 2.11.01.04 - Aluguel | T319: Terreno - Despesas | U319: Terreno
A320: Jardins | B320: 45372 | C320: Itaú | D320: 51562-2 | E320: não | F320: 2.11.01.04 - Aluguel | G320: 45372 | H320: CP | I320: Pagamento | J320: CLEYDE MALUF ALVES | K320: CT.ALUGUEL 1 | L320: CLEYDE MALUF ALVES | M320: -5000 | N320: 5000 | O320: 45352 | R320: não | S320: 2.11.01.04 - Aluguel | T320: Terreno - Despesas | U320: Terreno
A321: Jardins | B321: 45372 | C321: Holding | D321: Holding | E321: sim | F321: 2.11.01.04 - Aluguel | G321: 45372 | H321: CP | I321: Pagamento | J321: ELIANE MALUF ALVES DE LOZIER | K321: CT.ALUGUEL2 | L321: ELIANE MALUF ALVES DE LOZIER | M321: -10451 | N321: 10451 | O321: 45352 | R321: não | S321: 2.11.01.04 - Aluguel | T321: Terreno - Despesas | U321: Terreno
A322: Jardins | B322: 45372 | C322: Itaú | D322: 51562-2 | E322: não | F322: 2.11.01.04 - Aluguel | G322: 45372 | H322: CP | I322: Pagamento | J322: ELIANE MALUF ALVES DE LOZIER | K322: CT.ALUGUEL2 | L322: ELIANE MALUF ALVES DE LOZIER | M322: -10451 | N322: 10451 | O322: 45352 | R322: não | S322: 2.11.01.04 - Aluguel | T322: Terreno - Despesas | U322: Terreno
A323: Jardins | B323: 45372 | C323: Holding | D323: Holding | E323: sim | F323: 2.11.01.01 - Terrenista | G323: 45372 | H323: CP | I323: Pagamento | J323: MIRNA MARIA PEDRO | K323: CT.ITU 1478 | L323: MIRNA MARIA PEDRO | M323: -1666.66 | N323: 1666.66 | O323: 45352 | R323: não | S323: 2.11.01.01 - Terrenista | T323: Terreno - Aquisição | U323: Terreno
A324: Jardins | B324: 45372 | C324: Holding | D324: Holding | E324: sim | F324: 2.11.01.01 - Terrenista | G324: 45372 | H324: CP | I324: Pagamento | J324: MIRNA MARIA PEDRO | K324: CT.ITU 1478 | L324: MIRNA MARIA PEDRO | M324: -1666.66 | N324: 1666.66 | O324: 45352 | R324: não | S324: 2.11.01.01 - Terrenista | T324: Terreno - Aquisição | U324: Terreno
A325: Jardins | B325: 45372 | C325: Holding | D325: Holding | E325: sim | F325: 2.11.01.01 - Terrenista | G325: 45372 | H325: CP | I325: Pagamento | J325: MIRNA MARIA PEDRO | K325: CT.ITU 1478 | L325: MIRNA MARIA PEDRO | M325: -1666.66 | N325: 1666.66 | O325: 45352 | R325: não | S325: 2.11.01.01 - Terrenista | T325: Terreno - Aquisição | U325: Terreno
A326: Jardins | B326: 45372 | C326: Holding | D326: Holding | E326: sim | F326: 2.11.01.01 - Terrenista | G326: 45372 | H326: CP | I326: Pagamento | J326: MIRNA MARIA PEDRO | K326: CT.ITU 1478 | L326: MIRNA MARIA PEDRO | M326: -1666.66 | N326: 1666.66 | O326: 45352 | R326: não | S326: 2.11.01.01 - Terrenista | T326: Terreno - Aquisição | U326: Terreno
... A349: Jardins | B349: 45379 | C349: Itaú | D349: 51562-2 | E349: sim | F349: 1.05.01.01 - Entradas de Aportes de Sócios / Investidores | G349: 45379 | H349: BC | I349: Recebimento | J349: TED 237.3396.NC H E E P | K349: APOR.2803 | L349: TED 237.3396.NC H E E P | M349: 70000 | N349: 70000 | O349: 45352 | R349: não | S349: 1.05.01.01 - Entradas de Aportes de Sócios / Investidores | T349: Crédito - NC Holding | U349: Aportes
A350: Jardins | B350: 45384 | C350: Itaú | D350: 51562-2 | E350: sim | F350: 2.11.01.07 - Cartório & Escritura | G350: 45384 | H350: CP | I350: Pagamento | J350: 13 OFICIAL DE REGISTRO DE IMOVEIS DA CAPITAL | K350: FAT.63044824 | L350: 13 OFICIAL DE REGISTRO DE IMOVEIS DA CAPITAL | M350: -1109.54 | N350: 1109.54 | O350: 45383 | Q350: 7 | R350: sim | S350: 2.11.01.07 - Cartório & Escritura | T350: Incorporação - Desp Legais, Tributos, Emolumentos | U350: Incorporação
A351: Jardins | B351: 45384 | C351: Itaú | D351: 51562-2 | E351: sim | F351: 2.20.01.07 - Tarifas Bancarias | G351: 45384 | H351: CX | I351: Pag. tarifa conta | J351: AR C/C SISPAG | K351: TAR.20240402003 | L351: AR C/C SISPAG | M351: -2.7 | N351: 2.7 | O351: 45383 | R351: não | S351: 2.20.01.07 - Tarifas Bancarias | T351: Tarifas / Taxas | U351: Desp Financeiras
A352: Jardins | B352: 45384 | C352: Itaú | D352: 51562-2 | E352: sim | F352: 2.20.01.07 - Tarifas Bancarias | G352: 45384 | H352: CX | I352: Pag. tarifa conta | J352: AR TED SISPAG | K352: TAR.20240402004 | L352: AR TED SISPAG | M352: -49.92 | N352: 49.92 | O352: 45383 | R352: não | S352: 2.20.01.07 - Tarifas Bancarias | T352: Tarifas / Taxas | U352: Desp Financeiras
A353: Jardins | B353: 45384 | C353: Itaú | D353: 51562-2 | E353: sim | F353: 2.11.01.07 - Cartório & Escritura | G353: 45384 | H353: CP | I353: Pagamento | J353: ASSOCIACAO DOS REGISTRADORES IMOBILIARIOS DE SAO PAULO | K353: FAT.11169857 | L353: ASSOCIACAO DOS REGISTRADORES IMOBILIARIOS DE SAO PAULO | M353: -22.91 | N353: 22.91 | O353: 45383 | Q353: 94 | R353: sim | S353: 2.11.01.07 - Cartório & Escritura | T353: Incorporação - Desp Legais, Tributos, Emolumentos | U353: Incorporação
A354: Jardins | B354: 45384 | C354: Itaú | D354: 51562-2 | E354: sim | F354: 1.05.01.01 - Entradas de Aportes de Sócios / Investidores | G354: 45384 | H354: CR | I354: Recebimento | J354: NC HOLDING EMPREENDIMENTOS E PARTICIPACOES LTDA | K354: APOR.APORTE 020424 | L354: NC HOLDING EMPREENDIMENTOS E PARTICIPACOES LTDA | M354: 4861628.6 | N354: 4861628.6 | O354: 45383 | R354: não | S354: 1.05.01.01 - Entradas de Aportes de Sócios / Investidores | T354: Crédito - NC Holding | U354: Aportes
A355: Jardins | B355: 45384 | C355: Itaú | D355: 51562-2 | E355: sim | F355: 2.20.01.07 - Tarifas Bancarias | G355: 45384 | H355: CX | I355: Pag. tarifa conta | J355: TAR MANUT CONTA 03/24 | K355: TAR.20240402006 | L355: TAR MANUT CONTA 03/24 | M355: -73 | N355: 73 | O355: 45383 | R355: não | S355: 2.20.01.07 - Tarifas Bancarias | T355: Tarifas / Taxas | U355: Desp Financeiras
A356: Jardins | B356: 45384 | C356: Itaú | D356: 51562-2 | E356: não | F356: 2.20.01.07 - Tarifas Bancarias | G356: 45384 | H356: CX | I356: Pag. tarifa conta | J356: TAR PIX PGTO TRANSF | K356: ajuste | L356: TAR PIX PGTO TRANSF | M356: -1.5 | N356: 1.5 | O356: 45383 | R356: não | S356: 2.20.01.07 - Tarifas Bancarias | T356: Tarifas / Taxas | U356: Desp Financeiras
A357: Jardins | B357: 45384 | C357: Itaú Centralizadora | D357: 18593-7 | E357: Não | F357: - | G357: 45384 | I357: Extrato Bancário | J357: DI APLICACAO CDB | L357: DI APLICACAO CDB | M357: -3546709 | N357: 3546709 | O357: 45383 | S357: - | T357: Aplicação / Resgate | U357: Aplicação / Resgate
A358: Jardins | B358: 45384 | C358: Itaú Centralizadora | D358: 18593-7 | E358: Não | F358: - | G358: 45384 | I358: Extrato Bancário | J358: DI APLICACAO CDB | L358: DI APLICACAO CDB | M358: -6104000 | N358: 6104000 | O358: 45383 | S358: - | T358: Aplicação / Resgate | U358: Aplicação / Resgate
A359: Jardins | B359: 45384 | C359: Itaú Centralizadora | D359: 18593-7 | E359: Não | F359: - | G359: 45384 | I359: Extrato Bancário | J359: DI APLICACAO CDB | L359: DI APLICACAO CDB | M359: -4400956 | N359: 4400956 | O359: 45383 | S359: - | T359: Aplicação / Resgate | U359: Aplicação / Resgate
A360: Jardins | B360: 45384 | C360: Itaú Centralizadora | D360: 18593-7 | E360: Não | F360: - | G360: 45384 | I360: Extrato Bancário | J360: DI APLICACAO CDB | L360: DI APLICACAO CDB | M360: -100000 | N360: 100000 | O360: 45383 | S360: - | T360: Aplicação / Resgate | U360: Aplicação / Resgate
A361: Jardins | B361: 45384 | C361: Itaú Centralizadora | D361: 18593-7 | E361: Não | F361: - | G361: 45384 | I361: Extrato Bancário | J361: PLU APLICACAO CDB | L361: PLU APLICACAO CDB | M361: -31504944 | N361: 31504944 | O361: 45383 | S361: - | T361: Aplicação / Resgate | U361: Aplicação / Resgate
A362: Jardins | B362: 45384 | C362: Itaú Centralizadora | D362: 18593-7 | E362: Não | F362: - | G362: 45384 | I362: Extrato Bancário | J362: CERT RECEBIVEIS IMOBIL | L362: CERT RECEBIVEIS IMOBIL | M362: 46054000 | N362: 46054000 | O362: 45383 | S362: - | T362: CRI - Emissão | U362: CRI - Emissão
A363: Jardins | B363: 45384 | C363: Itaú Centralizadora | D363: 18593-7 | E363: Não | F363: - | G363: 45384 | I363: Extrato Bancário | J363: APL APLIC AUT MAIS | L363: APL APLIC AUT MAIS | M363: -397317 | N363: 397317 | O363: 45383 | S363: - | T363: Aplicação / Resgate | U363: Aplicação / Resgate
...

Sheet Carteira
A1: Aux | B1: Empreendimento | C1: Fase / Bloco / Torre | D1: Cod Torre | E1: Unidade | F1: Contrato | G1: Cliente Parcela | H1: CPF Parcela | I1: Data Venda | J1: Valor Venda | K1: VENCIMENTO | L1: DATA DA BAIXA | M1: Data Distrato | N1: PARCELA | O1: Valor Baixa | P1: Valor Pago | Q1: Valor A Pagar | R1: MÊS_VENDA | S1: MÊS_VENC | T1: MÊS_PGTO | U1: Status_Parcela | V1: Dias atraso parcela | W1: Dias atraso unidade | X1: Faixa_Atraso_Parcelas | Y1: Faixa_Atraso_Unidades | Z1: Parcela CH / Pós-CH? | AA1: Pós-CH Antecipada? | AB1: Pago Pré-Ch | AC1: Antecipação Ch / Pós-Ch | AD1: Pago Ch / Pós-Ch | AE1: A Pagar Pré-Chaves | AF1: A Pagar Chaves | AG1: A Pagar Pós-Chaves | AH1: Valor Carteira Descontado
A2: JOYA-01-2001 | B2: Joya Jardins | C2: 1 | D2: 1 | E2: 2001 | F2: 1468 | G2: André Marino Gregori | H2: 105.510.388-02 | I2: 45587 | J2: 2182150 | K2: 45593 | L2: 45595 | N2: Ato | O2: 285150 | P2: 285150 | Q2: 0 | R2: 45566 | S2: 45566 | T2: 45566 | U2: Pago | V2: 0 | W2: 0 | X2: 0 - 30 | Y2: 0 - 30 | Z2: não | AA2: não | AB2: 285150 | AC2: 0 | AD2: 0 | AE2: 0 | AF2: 0 | AG2: 0 | AH2: 0
A3: JOYA-01-2001 | B3: Joya Jardins | C3: 1 | D3: 1 | E3: 2001 | F3: 1468 | G3: André Marino Gregori | H3: 105.510.388-02 | I3: 45587 | J3: 2182150 | K3: 45736 | N3: Parcela Única | O3: 0 | P3: 0 | Q3: 251450 | R3: 45566 | S3: 45717 | U3: A Vencer | V3: 0 | W3: 0 | X3: 0 - 30 | Y3: 0 - 30 | Z3: não | AA3: não | AB3: 0 | AC3: 0 | AD3: 0 | AE3: 251450 | AF3: 0 | AG3: 0 | AH3: 240750.43
A4: JOYA-01-2001 | B4: Joya Jardins | C4: 1 | D4: 1 | E4: 2001 | F4: 1468 | G4: André Marino Gregori | H4: 105.510.388-02 | I4: 45587 | J4: 2182150 | K4: 45950 | N4: Parcela Única | O4: 0 | P4: 0 | Q4: 251450 | R4: 45566 | S4: 45931 | U4: A Vencer | V4: 0 | W4: 0 | X4: 0 - 30 | Y4: 0 - 30 | Z4: não | AA4: não | AB4: 0 | AC4: 0 | AD4: 0 | AE4: 251450 | AF4: 0 | AG4: 0 | AH4: 226531.53
A5: JOYA-01-2001 | B5: Joya Jardins | C5: 1 | D5: 1 | E5: 2001 | F5: 1468 | G5: André Marino Gregori | H5: 105.510.388-02 | I5: 45587 | J5: 2182150 | K5: 46101 | N5: Parcela Única | O5: 0 | P5: 0 | Q5: 150870 | R5: 45566 | S5: 46082 | U5: A Vencer | V5: 0 | W5: 0 | X5: 0 - 30 | Y5: 0 - 30 | Z5: não | AA5: não | AB5: 0 | AC5: 0 | AD5: 0 | AE5: 150870 | AF5: 0 | AG5: 0 | AH5: 130135.37
A6: JOYA-01-2001 | B6: Joya Jardins | C6: 1 | D6: 1 | E6: 2001 | F6: 1468 | G6: André Marino Gregori | H6: 105.510.388-02 | I6: 45587 | J6: 2182150 | K6: 46315 | N6: Parcela Única | O6: 0 | P6: 0 | Q6: 100580 | R6: 45566 | S6: 46296 | U6: A Vencer | V6: 0 | W6: 0 | X6: 0 - 30 | Y6: 0 - 30 | Z6: não | AA6: não | AB6: 0 | AC6: 0 | AD6: 0 | AE6: 100580 | AF6: 0 | AG6: 0 | AH6: 81632.984
A7: JOYA-01-2001 | B7: Joya Jardins | C7: 1 | D7: 1 | E7: 2001 | F7: 1468 | G7: André Marino Gregori | H7: 105.510.388-02 | I7: 45587 | J7: 2182150 | K7: 46558 | N7: Parcela Única | O7: 0 | P7: 0 | Q7: 1152646.8 | R7: 45566 | S7: 46539 | U7: A Vencer | V7: 0 | W7: 0 | X7: 0 - 30 | Y7: 0 - 30 | Z7: sim | AA7: não | AB7: 0 | AC7: 0 | AD7: 0 | AE7: 0 | AF7: 0 | AG7: 1152646.8 | AH7: 872639.71
A8: JOYA-01-2001 | B8: Joya Jardins | C8: 1 | D8: 1 | E8: 2001 | F8: 1468 | G8: André Marino Gregori | H8: 105.510.388-02 | I8: 45587 | J8: 2182150 | K8: 46680 | N8: Periodicidade | O8: 0 | P8: 0 | Q8: 1005.8 | R8: 45566 | S8: 46661 | U8: A Vencer | V8: 0 | W8: 0 | X8: 0 - 30 | Y8: 0 - 30 | Z8: sim | AA8: não | AB8: 0 | AC8: 0 | AD8: 0 | AE8: 0 | AF8: 0 | AG8: 1005.8 | AH8: 735.43229
A9: JOYA-01-0902 | B9: Joya Jardins | C9: 1 | D9: 1 | E9: 902 | F9: 1457 | G9: Bruna Bertolani Grilo | H9: 283.463.228-60 | I9: 45565 | J9: 1500000 | K9: 45565 | L9: 45568 | N9: Ato | O9: 1250000 | P9: 1250000 | Q9: 0 | R9: 45536 | S9: 45536 | T9: 45566 | U9: Pago | V9: 0 | W9: 0 | X9: 0 - 30 | Y9: 0 - 30 | Z9: não | AA9: não | AB9: 1250000 | AC9: 0 | AD9: 0 | AE9: 0 | AF9: 0 | AG9: 0 | AH9: 0
A10: JOYA-01-0902 | B10: Joya Jardins | C10: 1 | D10: 1 | E10: 902 | F10: 1457 | G10: Bruna Bertolani Grilo | H10: 283.463.228-60 | I10: 45565 | J10: 1500000 | K10: 45687 | N10: Parcela Única | O10: 0 | P10: 0 | Q10: 250000 | R10: 45536 | S10: 45658 | U10: A Vencer | V10: 0 | W10: 0 | X10: 0 - 30 | Y10: 0 - 30 | Z10: não | AA10: não | AB10: 0 | AC10: 0 | AD10: 0 | AE10: 250000 | AF10: 0 | AG10: 0 | AH10: 243561.85
A11: JOYA-01-0302 | B11: Joya Jardins | C11: 1 | D11: 1 | E11: 302 | F11: 1464 | G11: Carlotta Holding E Participacoes Ltda | H11: 48.211.772/0001-07 | I11: 45581 | J11: 4200000 | K11: 45582 | L11: 45581 | M11: distratado | N11: Ato | O11: 115000 | P11: 115000 | Q11: 0 | R11: 45566 | S11: 45566 | T11: 45566 | U11: Pago | V11: 0 | W11: 0 | X11: 0 - 30 | Y11: 0 - 30 | Z11: não | AA11: não | AB11: 115000 | AC11: 0 | AD11: 0 | AE11: 0 | AF11: 0 | AG11: 0 | AH11: 0
A12: JOYA-01-0302 | B12: Joya Jardins | C12: 1 | D12: 1 | E12: 302 | F12: 1464 | G12: Carlotta Holding E Participacoes Ltda | H12: 48.211.772/0001-07 | I12: 45581 | J12: 4200000 | K12: 45612 | L12: 45586 | M12: distratado | N12: Parcelas Mensais | O12: 10000 | P12: 10000 | Q12: 0 | R12: 45566 | S12: 45597 | T12: 45566 | U12: Pago | V12: 0 | W12: 0 | X12: 0 - 30 | Y12: 0 - 30 | Z12: não | AA12: não | AB12: 10000 | AC12: 0 | AD12: 0 | AE12: 0 | AF12: 0 | AG12: 0 | AH12: 0
A13: JOYA-01-0302 | B13: Joya Jardins | C13: 1 | D13: 1 | E13: 302 | F13: 1464 | G13: Carlotta Holding E Participacoes Ltda | H13: 48.211.772/0001-07 | I13: 45581 | J13: 4200000 | K13: 45612 | L13: 45586 | M13: distratado | N13: Parcelas Mensais | O13: 20000 | P13: 20000 | Q13: 0 | R13: 45566 | S13: 45597 | T13: 45566 | U13: Pago | V13: 0 | W13: 0 | X13: 0 - 30 | Y13: 0 - 30 | Z13: não | AA13: não | AB13: 20000 | AC13: 0 | AD13: 0 | AE13: 0 | AF13: 0 | AG13: 0 | AH13: 0
A14: JOYA-01-0302 | B14: Joya Jardins | C14: 1 | D14: 1 | E14: 302 | F14: 1464 | G14: Carlotta Holding E Participacoes Ltda | H14: 48.211.772/0001-07 | I14: 45581 | J14: 4200000 | K14: 45612 | L14: 45588 | M14: distratado | N14: Parcelas Mensais | O14: 97656.25 | P14: 97656.25 | Q14: 0 | R14: 45566 | S14: 45597 | T14: 45566 | U14: Pago | V14: 0 | W14: 0 | X14: 0 - 30 | Y14: 0 - 30 | Z14: não | AA14: não | AB14: 97656.25 | AC14: 0 | AD14: 0 | AE14: 0 | AF14: 0 | AG14: 0 | AH14: 0
A15: JOYA-01-0302 | B15: Joya Jardins | C15: 1 | D15: 1 | E15: 302 | F15: 1464 | G15: Carlotta Holding E Participacoes Ltda | H15: 48.211.772/0001-07 | I15: 45581 | J15: 4200000 | K15: 45642 | L15: 45588 | M15: distratado | N15: Parcelas Mensais | O15: 127656.25 | P15: 127656.25 | Q15: 0 | R15: 45566 | S15: 45627 | T15: 45566 | U15: Pago | V15: 0 | W15: 0 | X15: 0 - 30 | Y15: 0 - 30 | Z15: não | AA15: não | AB15: 127656.25 | AC15: 0 | AD15: 0 | AE15: 0 | AF15: 0 | AG15: 0 | AH15: 0
A16: JOYA-01-0302 | B16: Joya Jardins | C16: 1 | D16: 1 | E16: 302 | F16: 1464 | G16: Carlotta Holding E Participacoes Ltda | H16: 48.211.772/0001-07 | I16: 45581 | J16: 4200000 | K16: 45673 | L16: 45588 | M16: distratado | N16: Parcelas Mensais | O16: 114687.5 | P16: 114687.5 | Q16: 0 | R16: 45566 | S16: 45658 | T16: 45566 | U16: Pago | V16: 0 | W16: 0 | X16: 0 - 30 | Y16: 0 - 30 | Z16: não | AA16: não | AB16: 114687.5 | AC16: 0 | AD16: 0 | AE16: 0 | AF16: 0 | AG16: 0 | AH16: 0
A17: JOYA-01-0302 | B17: Joya Jardins | C17: 1 | D17: 1 | E17: 302 | F17: 1464 | G17: Carlotta Holding E Participacoes Ltda | H17: 48.211.772/0001-07 | I17: 45581 | J17: 4200000 | K17: 45673 | L17: 45590 | M17: distratado | N17: Parcelas Mensais | O17: 12968.75 | P17: 12968.75 | Q17: 0 | R17: 45566 | S17: 45658 | T17: 45566 | U17: Pago | V17: 0 | W17: 0 | X17: 0 - 30 | Y17: 0 - 30 | Z17: não | AA17: não | AB17: 12968.75 | AC17: 0 | AD17: 0 | AE17: 0 | AF17: 0 | AG17: 0 | AH17: 0
A18: JOYA-01-0302 | B18: Joya Jardins | C18: 1 | D18: 1 | E18: 302 | F18: 1464 | G18: Carlotta Holding E Participacoes Ltda | H18: 48.211.772/0001-07 | I18: 45581 | J18: 4200000 | K18: 45704 | L18: 45590 | M18: distratado | N18: Parcelas Mensais | O18: 37031.25 | P18: 37031.25 | Q18: 0 | R18: 45566 | S18: 45689 | T18: 45566 | U18: Pago | V18: 0 | W18: 0 | X18: 0 - 30 | Y18: 0 - 30 | Z18: não | AA18: não | AB18: 37031.25 | AC18: 0 | AD18: 0 | AE18: 0 | AF18: 0 | AG18: 0 | AH18: 0
A19: JOYA-01-0302 | B19: Joya Jardins | C19: 1 | D19: 1 | E19: 302 | F19: 1464 | G19: Carlotta Holding E Participacoes Ltda | H19: 48.211.772/0001-07 | I19: 45581 | J19: 4200000 | K19: 45732 | L19: 45596 | M19: distratado | N19: Parcelas Mensais | O19: 0 | P19: 0 | Q19: 0 | R19: 45566 | S19: 45717 | T19: 45566 | U19: Pago | V19: 0 | W19: 0 | X19: 0 - 30 | Y19: 0 - 30 | Z19: não | AA19: não | AB19: 0 | AC19: 0 | AD19: 0 | AE19: 0 | AF19: 0 | AG19: 0 | AH19: 0
A20: JOYA-01-0302 | B20: Joya Jardins | C20: 1 | D20: 1 | E20: 302 | F20: 1464 | G20: Carlotta Holding E Participacoes Ltda | H20: 48.211.772/0001-07 | I20: 45581 | J20: 4200000 | K20: 45763 | L20: 45596 | M20: distratado | N20: Parcelas Mensais | O20: 0 | P20: 0 | Q20: 0 | R20: 45566 | S20: 45748 | T20: 45566 | U20: Pago | V20: 0 | W20: 0 | X20: 0 - 30 | Y20: 0 - 30 | Z20: não | AA20: não | AB20: 0 | AC20: 0 | AD20: 0 | AE20: 0 | AF20: 0 | AG20: 0 | AH20: 0
A21: JOYA-01-0302 | B21: Joya Jardins | C21: 1 | D21: 1 | E21: 302 | F21: 1464 | G21: Carlotta Holding E Participacoes Ltda | H21: 48.211.772/0001-07 | I21: 45581 | J21: 4200000 | K21: 45793 | L21: 45596 | M21: distratado | N21: Parcelas Mensais | O21: 0 | P21: 0 | Q21: 0 | R21: 45566 | S21: 45778 | T21: 45566 | U21: Pago | V21: 0 | W21: 0 | X21: 0 - 30 | Y21: 0 - 30 | Z21: não | AA21: não | AB21: 0 | AC21: 0 | AD21: 0 | AE21: 0 | AF21: 0 | AG21: 0 | AH21: 0
A22: JOYA-01-0302 | B22: Joya Jardins | C22: 1 | D22: 1 | E22: 302 | F22: 1464 | G22: Carlotta Holding E Participacoes Ltda | H22: 48.211.772/0001-07 | I22: 45581 | J22: 4200000 | K22: 45824 | L22: 45596 | M22: distratado | N22: Parcelas Mensais | O22: 0 | P22: 0 | Q22: 0 | R22: 45566 | S22: 45809 | T22: 45566 | U22: Pago | V22: 0 | W22: 0 | X22: 0 - 30 | Y22: 0 - 30 | Z22: não | AA22: não | AB22: 0 | AC22: 0 | AD22: 0 | AE22: 0 | AF22: 0 | AG22: 0 | AH22: 0
... A46: JOYA-01-0302 | B46: Joya Jardins | C46: 1 | D46: 1 | E46: 302 | F46: 1464 | G46: Carlotta Holding E Participacoes Ltda | H46: 48.211.772/0001-07 | I46: 45581 | J46: 4200000 | K46: 46554 | L46: 45596 | M46: distratado | N46: Parcelas Mensais | O46: 0 | P46: 0 | Q46: 0 | R46: 45566 | S46: 46539 | T46: 45566 | U46: Pago | V46: 0 | W46: 0 | X46: 0 - 30 | Y46: 0 - 30 | Z46: sim | AA46: não | AB46: 0 | AC46: 0 | AD46: 0 | AE46: 0 | AF46: 0 | AG46: 0 | AH46: 0
A47: JOYA-01-2101 | B47: Joya Jardins | C47: 1 | D47: 1 | E47: 2101 | F47: 1449 | G47: Gianluca Perino | H47: 232.170.948-08 | I47: 45559 | J47: 2630000 | K47: 45561 | L47: 45561 | N47: Ato | O47: 50000 | P47: 50000 | Q47: 0 | R47: 45536 | S47: 45536 | T47: 45536 | U47: Pago | V47: 0 | W47: 0 | X47: 0 - 30 | Y47: 0 - 30 | Z47: não | AA47: não | AB47: 50000 | AC47: 0 | AD47: 0 | AE47: 0 | AF47: 0 | AG47: 0 | AH47: 0
A48: JOYA-01-2101 | B48: Joya Jardins | C48: 1 | D48: 1 | E48: 2101 | F48: 1449 | G48: Gianluca Perino | H48: 232.170.948-08 | I48: 45559 | J48: 2630000 | K48: 45561 | L48: 45562 | N48: Ato | O48: 50000 | P48: 50000 | Q48: 0 | R48: 45536 | S48: 45536 | T48: 45536 | U48: Pago | V48: 0 | W48: 0 | X48: 0 - 30 | Y48: 0 - 30 | Z48: não | AA48: não | AB48: 50000 | AC48: 0 | AD48: 0 | AE48: 0 | AF48: 0 | AG48: 0 | AH48: 0
A49: JOYA-01-2101 | B49: Joya Jardins | C49: 1 | D49: 1 | E49: 2101 | F49: 1449 | G49: Gianluca Perino | H49: 232.170.948-08 | I49: 45559 | J49: 2630000 | K49: 45561 | L49: 45565 | N49: Ato | O49: 12500 | P49: 12500 | Q49: 0 | R49: 45536 | S49: 45536 | T49: 45536 | U49: Pago | V49: 0 | W49: 0 | X49: 0 - 30 | Y49: 0 - 30 | Z49: não | AA49: não | AB49: 12500 | AC49: 0 | AD49: 0 | AE49: 0 | AF49: 0 | AG49: 0 | AH49: 0
A50: JOYA-01-2101 | B50: Joya Jardins | C50: 1 | D50: 1 | E50: 2101 | F50: 1449 | G50: Gianluca Perino | H50: 232.170.948-08 | I50: 45559 | J50: 2630000 | K50: 45585 | L50: 45581 | N50: Parcelas Mensais | O50: 75525 | P50: 75525 | Q50: 0 | R50: 45536 | S50: 45566 | T50: 45566 | U50: Pago | V50: 0 | W50: 0 | X50: 0 - 30 | Y50: 0 - 30 | Z50: não | AA50: não | AB50: 75525 | AC50: 0 | AD50: 0 | AE50: 0 | AF50: 0 | AG50: 0 | AH50: 0
A51: JOYA-01-2101 | B51: Joya Jardins | C51: 1 | D51: 1 | E51: 2101 | F51: 1449 | G51: Gianluca Perino | H51: 232.170.948-08 | I51: 45559 | J51: 2630000 | K51: 45616 | N51: Parcelas Mensais | O51: 0 | P51: 0 | Q51: 75963.04 | R51: 45536 | S51: 45597 | U51: A Vencer | V51: 0 | W51: 0 | X51: 0 - 30 | Y51: 0 - 30 | Z51: não | AA51: não | AB51: 0 | AC51: 0 | AD51: 0 | AE51: 75963.04 | AF51: 0 | AG51: 0 | AH51: 75305.279
A52: JOYA-01-2101 | B52: Joya Jardins | C52: 1 | D52: 1 | E52: 2101 | F52: 1449 | G52: Gianluca Perino | H52: 232.170.948-08 | I52: 45559 | J52: 2630000 | K52: 45646 | N52: Parcelas Mensais | O52: 0 | P52: 0 | Q52: 75963.04 | R52: 45536 | S52: 45627 | U52: A Vencer | V52: 0 | W52: 0 | X52: 0 - 30 | Y52: 0 - 30 | Z52: não | AA52: não | AB52: 0 | AC52: 0 | AD52: 0 | AE52: 75963.04 | AF52: 0 | AG52: 0 | AH52: 74653.213
A53: JOYA-01-2101 | B53: Joya Jardins | C53: 1 | D53: 1 | E53: 2101 | F53: 1449 | G53: Gianluca Perino | H53: 232.170.948-08 | I53: 45559 | J53: 2630000 | K53: 45677 | N53: Parcelas Mensais | O53: 0 | P53: 0 | Q53: 75963.04 | R53: 45536 | S53: 45658 | U53: A Vencer | V53: 0 | W53: 0 | X53: 0 - 30 | Y53: 0 - 30 | Z53: não | AA53: não | AB53: 0 | AC53: 0 | AD53: 0 | AE53: 75963.04 | AF53: 0 | AG53: 0 | AH53: 74006.794
A54: JOYA-01-2101 | B54: Joya Jardins | C54: 1 | D54: 1 | E54: 2101 | F54: 1449 | G54: Gianluca Perino | H54: 232.170.948-08 | I54: 45559 | J54: 2630000 | K54: 45708 | N54: Parcelas Mensais | O54: 0 | P54: 0 | Q54: 75963.04 | R54: 45536 | S54: 45689 | U54: A Vencer | V54: 0 | W54: 0 | X54: 0 - 30 | Y54: 0 - 30 | Z54: não | AA54: não | AB54: 0 | AC54: 0 | AD54: 0 | AE54: 75963.04 | AF54: 0 | AG54: 0 | AH54: 73365.972
A55: JOYA-01-2101 | B55: Joya Jardins | C55: 1 | D55: 1 | E55: 2101 | F55: 1449 | G55: Gianluca Perino | H55: 232.170.948-08 | I55: 45559 | J55: 2630000 | K55: 45736 | N55: Parcelas Mensais | O55: 0 | P55: 0 | Q55: 75963.04 | R55: 45536 | S55: 45717 | U55: A Vencer | V55: 0 | W55: 0 | X55: 0 - 30 | Y55: 0 - 30 | Z55: não | AA55: não | AB55: 0 | AC55: 0 | AD55: 0 | AE55: 75963.04 | AF55: 0 | AG55: 0 | AH55: 72730.699
A56: JOYA-01-2101 | B56: Joya Jardins | C56: 1 | D56: 1 | E56: 2101 | F56: 1449 | G56: Gianluca Perino | H56: 232.170.948-08 | I56: 45559 | J56: 2630000 | K56: 45767 | N56: Parcelas Mensais | O56: 0 | P56: 0 | Q56: 75963.04 | R56: 45536 | S56: 45748 | U56: A Vencer | V56: 0 | W56: 0 | X56: 0 - 30 | Y56: 0 - 30 | Z56: não | AA56: não | AB56: 0 | AC56: 0 | AD56: 0 | AE56: 75963.04 | AF56: 0 | AG56: 0 | AH56: 72100.927
A57: JOYA-01-2101 | B57: Joya Jardins | C57: 1 | D57: 1 | E57: 2101 | F57: 1449 | G57: Gianluca Perino | H57: 232.170.948-08 | I57: 45559 | J57: 2630000 | K57: 45797 | N57: Parcelas Mensais | O57: 0 | P57: 0 | Q57: 75963.04 | R57: 45536 | S57: 45778 | U57: A Vencer | V57: 0 | W57: 0 | X57: 0 - 30 | Y57: 0 - 30 | Z57: não | AA57: não | AB57: 0 | AC57: 0 | AD57: 0 | AE57: 75963.04 | AF57: 0 | AG57: 0 | AH57: 71476.608
A58: JOYA-01-2101 | B58: Joya Jardins | C58: 1 | D58: 1 | E58: 2101 | F58: 1449 | G58: Gianluca Perino | H58: 232.170.948-08 | I58: 45559 | J58: 2630000 | K58: 45828 | N58: Parcelas Mensais | O58: 0 | P58: 0 | Q58: 75963.04 | R58: 45536 | S58: 45809 | U58: A Vencer | V58: 0 | W58: 0 | X58: 0 - 30 | Y58: 0 - 30 | Z58: não | AA58: não | AB58: 0 | AC58: 0 | AD58: 0 | AE58: 75963.04 | AF58: 0 | AG58: 0 | AH58: 70857.694
A59: JOYA-01-2101 | B59: Joya Jardins | C59: 1 | D59: 1 | E59: 2101 | F59: 1449 | G59: Gianluca Perino | H59: 232.170.948-08 | I59: 45559 | J59: 2630000 | K59: 45858 | N59: Parcelas Mensais | O59: 0 | P59: 0 | Q59: 75963.04 | R59: 45536 | S59: 45839 | U59: A Vencer | V59: 0 | W59: 0 | X59: 0 - 30 | Y59: 0 - 30 | Z59: não | AA59: não | AB59: 0 | AC59: 0 | AD59: 0 | AE59: 75963.04 | AF59: 0 | AG59: 0 | AH59: 70244.14
A60: JOYA-01-2101 | B60: Joya Jardins | C60: 1 | D60: 1 | E60: 2101 | F60: 1449 | G60: Gianluca Perino | H60: 232.170.948-08 | I60: 45559 | J60: 2630000 | K60: 45889 | N60: Parcelas Mensais | O60: 0 | P60: 0 | Q60: 75963.04 | R60: 45536 | S60: 45870 | U60: A Vencer | V60: 0 | W60: 0 | X60: 0 - 30 | Y60: 0 - 30 | Z60: não | AA60: não | AB60: 0 | AC60: 0 | AD60: 0 | AE60: 75963.04 | AF60: 0 | AG60: 0 | AH60: 69635.899
A61: JOYA-01-2101 | B61: Joya Jardins | C61: 1 | D61: 1 | E61: 2101 | F61: 1449 | G61: Gianluca Perino | H61: 232.170.948-08 | I61: 45559 | J61: 2630000 | K61: 45920 | N61: Parcelas Mensais | O61: 0 | P61: 0 | Q61: 75963.04 | R61: 45536 | S61: 45901 | U61: A Vencer | V61: 0 | W61: 0 | X61: 0 - 30 | Y61: 0 - 30 | Z61: não | AA61: não | AB61: 0 | AC61: 0 | AD61: 0 | AE61: 75963.04 | AF61: 0 | AG61: 0 | AH61: 69032.925
A62: JOYA-01-2101 | B62: Joya Jardins | C62: 1 | D62: 1 | E62: 2101 | F62: 1449 | G62: Gianluca Perino | H62: 232.170.948-08 | I62: 45559 | J62: 2630000 | K62: 45950 | N62: Parcelas Mensais | O62: 0 | P62: 0 | Q62: 75963.04 | R62: 45536 | S62: 45931 | U62: A Vencer | V62: 0 | W62: 0 | X62: 0 - 30 | Y62: 0 - 30 | Z62: não | AA62: não | AB62: 0 | AC62: 0 | AD62: 0 | AE62: 75963.04 | AF62: 0 | AG62: 0 | AH62: 68435.171
... A82: JOYA-01-2101 | B82: Joya Jardins | C82: 1 | D82: 1 | E82: 2101 | F82: 1449 | G82: Gianluca Perino | H82: 232.170.948-08 | I82: 45559 | J82: 2630000 | K82: 46568 | N82: Parcela Única | O82: 0 | P82: 0 | Q82: 101284.06 | R82: 45536 | S82: 46539 | U82: A Vencer | V82: 0 | W82: 0 | X82: 0 - 30 | Y82: 0 - 30 | Z82: sim | AA82: não | AB82: 0 | AC82: 0 | AD82: 0 | AE82: 0 | AF82: 0 | AG82: 101284.06 | AH82: 76679.598
A83: JOYA-01-2102 | B83: Joya Jardins | C83: 1 | D83: 1 | E83: 2102 | F83: 1456 | G83: Ricardo Alexandre Camargo | H83: 122.078.238-65 | I83: 45563 | J83: 2105236.6 | K83: 45563 | L83: 45566 | N83: Ato | O83: 50000 | P83: 50000 | Q83: 0 | R83: 45536 | S83: 45536 | T83: 45566 | U83: Pago | V83: 0 | W83: 0 | X83: 0 - 30 | Y83: 0 - 30 | Z83: não | AA83: não | AB83: 50000 | AC83: 0 | AD83: 0 | AE83: 0 | AF83: 0 | AG83: 0 | AH83: 0
A84: JOYA-01-2102 | B84: Joya Jardins | C84: 1 | D84: 1 | E84: 2102 | F84: 1456 | G84: Ricardo Alexandre Camargo | H84: 122.078.238-65 | I84: 45563 | J84: 2105236.6 | K84: 45595 | L84: 45595 | N84: Parcelas Iniciais | O84: 30210 | P84: 30210 | Q84: 0 | R84: 45536 | S84: 45566 | T84: 45566 | U84: Pago | V84: 0 | W84: 0 | X84: 0 - 30 | Y84: 0 - 30 | Z84: não | AA84: não | AB84: 30210 | AC84: 0 | AD84: 0 | AE84: 0 | AF84: 0 | AG84: 0 | AH84: 0
A85: JOYA-01-2102 | B85: Joya Jardins | C85: 1 | D85: 1 | E85: 2102 | F85: 1456 | G85: Ricardo Alexandre Camargo | H85: 122.078.238-65 | I85: 45563 | J85: 2105236.6 | K85: 45626 | N85: Parcelas Iniciais | O85: 0 | P85: 0 | Q85: 30385.22 | R85: 45536 | S85: 45597 | U85: A Vencer | V85: 0 | W85: 0 | X85: 0 - 30 | Y85: 0 - 30 | Z85: não | AA85: não | AB85: 0 | AC85: 0 | AD85: 0 | AE85: 30385.22 | AF85: 0 | AG85: 0 | AH85: 30122.116
A86: JOYA-01-2102 | B86: Joya Jardins | C86: 1 | D86: 1 | E86: 2102 | F86: 1456 | G86: Ricardo Alexandre Camargo | H86: 122.078.238-65 | I86: 45563 | J86: 2105236.6 | K86: 45656 | N86: Parcelas Iniciais | O86: 0 | P86: 0 | Q86: 60719.79 | R86: 45536 | S86: 45627 | U86: A Vencer | V86: 0 | W86: 0 | X86: 0 - 30 | Y86: 0 - 30 | Z86: não | AA86: não | AB86: 0 | AC86: 0 | AD86: 0 | AE86: 60719.79 | AF86: 0 | AG86: 0 | AH86: 59672.802
A87: JOYA-01-2102 | B87: Joya Jardins | C87: 1 | D87: 1 | E87: 2102 | F87: 1456 | G87: Ricardo Alexandre Camargo | H87: 122.078.238-65 | I87: 45563 | J87: 2105236.6 | K87: 45687 | N87: Parcelas Mensais | O87: 0 | P87: 0 | Q87: 60770.44 | R87: 45536 | S87: 45658 | U87: A Vencer | V87: 0 | W87: 0 | X87: 0 - 30 | Y87: 0 - 30 | Z87: não | AA87: não | AB87: 0 | AC87: 0 | AD87: 0 | AE87: 60770.44 | AF87: 0 | AG87: 0 | AH87: 59205.443
A88: JOYA-01-2102 | B88: Joya Jardins | C88: 1 | D88: 1 | E88: 2102 | F88: 1456 | G88: Ricardo Alexandre Camargo | H88: 122.078.238-65 | I88: 45563 | J88: 2105236.6 | K88: 45716 | N88: Parcelas Mensais | O88: 0 | P88: 0 | Q88: 60770.44 | R88: 45536 | S88: 45689 | U88: A Vencer | V88: 0 | W88: 0 | X88: 0 - 30 | Y88: 0 - 30 | Z88: não | AA88: não | AB88: 0 | AC88: 0 | AD88: 0 | AE88: 60770.44 | AF88: 0 | AG88: 0 | AH88: 58692.786
A89: JOYA-01-2102 | B89: Joya Jardins | C89: 1 | D89: 1 | E89: 2102 | F89: 1456 | G89: Ricardo Alexandre Camargo | H89: 122.078.238-65 | I89: 45563 | J89: 2105236.6 | K89: 45746 | N89: Parcelas Mensais | O89: 0 | P89: 0 | Q89: 60770.44 | R89: 45536 | S89: 45717 | U89: A Vencer | V89: 0 | W89: 0 | X89: 0 - 30 | Y89: 0 - 30 | Z89: não | AA89: não | AB89: 0 | AC89: 0 | AD89: 0 | AE89: 60770.44 | AF89: 0 | AG89: 0 | AH89: 58184.567
A90: JOYA-01-2102 | B90: Joya Jardins | C90: 1 | D90: 1 | E90: 2102 | F90: 1456 | G90: Ricardo Alexandre Camargo | H90: 122.078.238-65 | I90: 45563 | J90: 2105236.6 | K90: 45777 | N90: Parcelas Mensais | O90: 0 | P90: 0 | Q90: 60770.44 | R90: 45536 | S90: 45748 | U90: A Vencer | V90: 0 | W90: 0 | X90: 0 - 30 | Y90: 0 - 30 | Z90: não | AA90: não | AB90: 0 | AC90: 0 | AD90: 0 | AE90: 60770.44 | AF90: 0 | AG90: 0 | AH90: 57680.749
A91: JOYA-01-2102 | B91: Joya Jardins | C91: 1 | D91: 1 | E91: 2102 | F91: 1456 | G91: Ricardo Alexandre Camargo | H91: 122.078.238-65 | I91: 45563 | J91: 2105236.6 | K91: 45807 | N91: Parcelas Mensais | O91: 0 | P91: 0 | Q91: 60770.44 | R91: 45536 | S91: 45778 | U91: A Vencer | V91: 0 | W91: 0 | X91: 0 - 30 | Y91: 0 - 30 | Z91: não | AA91: não | AB91: 0 | AC91: 0 | AD91: 0 | AE91: 60770.44 | AF91: 0 | AG91: 0 | AH91: 57181.294
A92: JOYA-01-2102 | B92: Joya Jardins | C92: 1 | D92: 1 | E92: 2102 | F92: 1456 | G92: Ricardo Alexandre Camargo | H92: 122.078.238-65 | I92: 45563 | J92: 2105236.6 | K92: 45838 | N92: Parcelas Mensais | O92: 0 | P92: 0 | Q92: 60770.44 | R92: 45536 | S92: 45809 | U92: A Vencer | V92: 0 | W92: 0 | X92: 0 - 30 | Y92: 0 - 30 | Z92: não | AA92: não | AB92: 0 | AC92: 0 | AD92: 0 | AE92: 60770.44 | AF92: 0 | AG92: 0 | AH92: 56686.163
A93: JOYA-01-2102 | B93: Joya Jardins | C93: 1 | D93: 1 | E93: 2102 | F93: 1456 | G93: Ricardo Alexandre Camargo | H93: 122.078.238-65 | I93: 45563 | J93: 2105236.6 | K93: 45868 | N93: Parcelas Mensais | O93: 0 | P93: 0 | Q93: 60770.44 | R93: 45536 | S93: 45839 | U93: A Vencer | V93: 0 | W93: 0 | X93: 0 - 30 | Y93: 0 - 30 | Z93: não | AA93: não | AB93: 0 | AC93: 0 | AD93: 0 | AE93: 60770.44 | AF93: 0 | AG93: 0 | AH93: 56195.32
A94: JOYA-01-2102 | B94: Joya Jardins | C94: 1 | D94: 1 | E94: 2102 | F94: 1456 | G94: Ricardo Alexandre Camargo | H94: 122.078.238-65 | I94: 45563 | J94: 2105236.6 | K94: 45899 | N94: Parcelas Mensais | O94: 0 | P94: 0 | Q94: 60770.44 | R94: 45536 | S94: 45870 | U94: A Vencer | V94: 0 | W94: 0 | X94: 0 - 30 | Y94: 0 - 30 | Z94: não | AA94: não | AB94: 0 | AC94: 0 | AD94: 0 | AE94: 60770.44 | AF94: 0 | AG94: 0 | AH94: 55708.727
A95: JOYA-01-2102 | B95: Joya Jardins | C95: 1 | D95: 1 | E95: 2102 | F95: 1456 | G95: Ricardo Alexandre Camargo | H95: 122.078.238-65 | I95: 45563 | J95: 2105236.6 | K95: 45930 | N95: Parcelas Mensais | O95: 0 | P95: 0 | Q95: 60770.44 | R95: 45536 | S95: 45901 | U95: A Vencer | V95: 0 | W95: 0 | X95: 0 - 30 | Y95: 0 - 30 | Z95: não | AA95: não | AB95: 0 | AC95: 0 | AD95: 0 | AE95: 60770.44 | AF95: 0 | AG95: 0 | AH95: 55226.347
A96: JOYA-01-2102 | B96: Joya Jardins | C96: 1 | D96: 1 | E96: 2102 | F96: 1456 | G96: Ricardo Alexandre Camargo | H96: 122.078.238-65 | I96: 45563 | J96: 2105236.6 | K96: 45960 | N96: Parcelas Mensais | O96: 0 | P96: 0 | Q96: 60770.44 | R96: 45536 | S96: 45931 | U96: A Vencer | V96: 0 | W96: 0 | X96: 0 - 30 | Y96: 0 - 30 | Z96: não | AA96: não | AB96: 0 | AC96: 0 | AD96: 0 | AE96: 60770.44 | AF96: 0 | AG96: 0 | AH96: 54748.144
... A117: JOYA-01-2102 | B117: Joya Jardins | C117: 1 | D117: 1 | E117: 2102 | F117: 1456 | G117: Ricardo Alexandre Camargo | H117: 122.078.238-65 | I117: 45563 | J117: 2105236.6 | K117: 46660 | N117: Periodicidade | O117: 0 | P117: 0 | Q117: 1012.84 | R117: 45536 | S117: 46631 | U117: A Vencer | V117: 0 | W117: 0 | X117: 0 - 30 | Y117: 0 - 30 | Z117: sim | AA117: não | AB117: 0 | AC117: 0 | AD117: 0 | AE117: 0 | AF117: 0 | AG117: 1012.84 | AH117: 747.04854
A118: JOYA-01-1802 | B118: Joya Jardins | C118: 1 | D118: 1 | E118: 1802 | F118: 1450 | G118: Roberto Rampioni | H118: 238.651.778-08 | I118: 45561 | J118: 2220000 | K118: 45595 | L118: 45593 | N118: Parcela Única | O118: 2220000 | P118: 2220000 | Q118: 0 | R118: 45536 | S118: 45566 | T118: 45566 | U118: Pago | V118: 0 | W118: 0 | X118: 0 - 30 | Y118: 0 - 30 | Z118: não | AA118: não | AB118: 2220000 | AC118: 0 | AD118: 0 | AE118: 0 | AF118: 0 | AG118: 0 | AH118: 0

Sheet Extratos Clientes
A1: Retirar valores pagos mensalmente da carteira | T1: =MAX($S:$S) -> 11
A2: Aux | B2: Empreendimento | C2: Fase / Bloco / Torre | D2: Cod Torre | E2: Unidade | F2: Contrato | G2: Cliente Parcela | H2: CPF Parcela | I2: Data Venda | J2: Valor Venda | K2: VENCIMENTO | L2: DATA DA BAIXA | M2: Data Distrato | N2: PARCELA | O2: Valor Baixa | P2: Valor Pago | Q2: Valor Ajustado | R2: Mês Pgto | S2: Conciliação Baixas | T2: Conta Recebimento | U2: Banco Recebimento | V2: Data Recebimento | W2: Mês Recebimento
A3: JOYA-01-2101 | B3: Joya Jardins | C3: 1 | D3: 1 | E3: 2101 | F3: 1449 | G3: Gianluca Perino | H3: 232.170.948-08 | I3: 45559 | J3: 2630000 | K3: 45561 | L3: 45561 | N3: Ato | O3: 50000 | P3: 50000 | Q3: 50000 | R3: 45536 | S3: 1 | T3: 6222-7 | U3: Bradesco | V3: 45561 | W3: 45536
A4: JOYA-01-2101 | B4: Joya Jardins | C4: 1 | D4: 1 | E4: 2101 | F4: 1449 | G4: Gianluca Perino | H4: 232.170.948-08 | I4: 45559 | J4: 2630000 | K4: 45561 | L4: 45562 | N4: Ato | O4: 50000 | P4: 50000 | Q4: 50000 | R4: 45536 | S4: 2 | T4: 6222-7 | U4: Bradesco | V4: 45562 | W4: 45536
A5: JOYA-01-2101 | B5: Joya Jardins | C5: 1 | D5: 1 | E5: 2101 | F5: 1449 | G5: Gianluca Perino | H5: 232.170.948-08 | I5: 45559 | J5: 2630000 | K5: 45561 | L5: 45565 | N5: Ato | O5: 12500 | P5: 12500 | Q5: 12500 | R5: 45536 | S5: 3 | T5: 6222-7 | U5: Bradesco | V5: 45565 | W5: 45536
A6: JOYA-01-2102 | B6: Joya Jardins | C6: 1 | D6: 1 | E6: 2102 | F6: 1456 | G6: Ricardo Alexandre Camargo | H6: 122.078.238-65 | I6: 45563 | J6: 2105236.6 | K6: 45563 | L6: 45566 | N6: Ato | O6: 50000 | P6: 50000 | Q6: 50000 | R6: 45566 | S6: 4 | T6: 6222-7 | U6: Bradesco | V6: 45566 | W6: 45566
A7: JOYA-01-0902 | B7: Joya Jardins | C7: 1 | D7: 1 | E7: 902 | F7: 1457 | G7: Bruna Bertolani Grilo | H7: 283.463.228-60 | I7: 45565 | J7: 1500000 | K7: 45565 | L7: 45568 | N7: Ato | O7: 1250000 | P7: 1250000 | Q7: 1250000 | R7: 45566 | S7: 5 | T7: 6222-7 | U7: Bradesco | V7: 45568 | W7: 45566
A8: JOYA-01-0302 | B8: Joya Jardins | C8: 1 | D8: 1 | E8: 302 | F8: 1464 | G8: Carlotta Holding E Participacoes Ltda | H8: 48.211.772/0001-07 | I8: 45581 | J8: 4200000 | K8: 45582 | L8: 45581 | M8: distratado | N8: Ato | O8: 115000 | P8: 115000 | Q8: 115000 | R8: 45566 | S8: 6 | T8: 6222-7 | U8: Bradesco | V8: 45581 | W8: 45566
A9: JOYA-01-2101 | B9: Joya Jardins | C9: 1 | D9: 1 | E9: 2101 | F9: 1449 | G9: Gianluca Perino | H9: 232.170.948-08 | I9: 45559 | J9: 2630000 | K9: 45585 | L9: 45581 | N9: Parcelas Mensais | O9: 75525 | P9: 75525 | Q9: 75525 | R9: 45566 | S9: 6 | T9: 6222-7 | U9: Bradesco | V9: 45581 | W9: 45566
A10: JOYA-01-0302 | B10: Joya Jardins | C10: 1 | D10: 1 | E10: 302 | F10: 1464 | G10: Carlotta Holding E Participacoes Ltda | H10: 48.211.772/0001-07 | I10: 45581 | J10: 4200000 | K10: 45612 | L10: 45586 | M10: distratado | N10: Parcelas Mensais | O10: 10000 | P10: 10000 | Q10: 10000 | R10: 45566 | S10: 7 | T10: 6222-7 | U10: Bradesco | V10: 45586 | W10: 45566
A11: JOYA-01-0302 | B11: Joya Jardins | C11: 1 | D11: 1 | E11: 302 | F11: 1464 | G11: Carlotta Holding E Participacoes Ltda | H11: 48.211.772/0001-07 | I11: 45581 | J11: 4200000 | K11: 45612 | L11: 45586 | M11: distratado | N11: Parcelas Mensais | O11: 20000 | P11: 20000 | Q11: 20000 | R11: 45566 | S11: 7 | T11: 6222-7 | U11: Bradesco | V11: 45586 | W11: 45566
A12: JOYA-01-0302 | B12: Joya Jardins | C12: 1 | D12: 1 | E12: 302 | F12: 1464 | G12: Carlotta Holding E Participacoes Ltda | H12: 48.211.772/0001-07 | I12: 45581 | J12: 4200000 | K12: 45612 | L12: 45588 | M12: distratado | N12: Parcelas Mensais | O12: 97656.25 | P12: 97656.25 | Q12: 97656.25 | R12: 45566 | S12: 8 | T12: 6222-7 | U12: Bradesco | V12: 45588 | W12: 45566
A13: JOYA-01-0302 | B13: Joya Jardins | C13: 1 | D13: 1 | E13: 302 | F13: 1464 | G13: Carlotta Holding E Participacoes Ltda | H13: 48.211.772/0001-07 | I13: 45581 | J13: 4200000 | K13: 45642 | L13: 45588 | M13: distratado | N13: Parcelas Mensais | O13: 127656.25 | P13: 127656.25 | Q13: 127656.25 | R13: 45566 | S13: 8 | T13: 6222-7 | U13: Bradesco | V13: 45588 | W13: 45566
A14: JOYA-01-0302 | B14: Joya Jardins | C14: 1 | D14: 1 | E14: 302 | F14: 1464 | G14: Carlotta Holding E Participacoes Ltda | H14: 48.211.772/0001-07 | I14: 45581 | J14: 4200000 | K14: 45673 | L14: 45588 | M14: distratado | N14: Parcelas Mensais | O14: 114687.5 | P14: 114687.5 | Q14: 114687.5 | R14: 45566 | S14: 8 | T14: 6222-7 | U14: Bradesco | V14: 45588 | W14: 45566
A15: JOYA-01-0302 | B15: Joya Jardins | C15: 1 | D15: 1 | E15: 302 | F15: 1464 | G15: Carlotta Holding E Participacoes Ltda | H15: 48.211.772/0001-07 | I15: 45581 | J15: 4200000 | K15: 45673 | L15: 45590 | M15: distratado | N15: Parcelas Mensais | O15: 12968.75 | P15: 12968.75 | Q15: 12968.75 | R15: 45566 | S15: 9 | T15: 6222-7 | U15: Bradesco | V15: 45590 | W15: 45566
A16: JOYA-01-0302 | B16: Joya Jardins | C16: 1 | D16: 1 | E16: 302 | F16: 1464 | G16: Carlotta Holding E Participacoes Ltda | H16: 48.211.772/0001-07 | I16: 45581 | J16: 4200000 | K16: 45704 | L16: 45590 | M16: distratado | N16: Parcelas Mensais | O16: 37031.25 | P16: 37031.25 | Q16: 37031.25 | R16: 45566 | S16: 9 | T16: 6222-7 | U16: Bradesco | V16: 45590 | W16: 45566
A17: JOYA-01-1802 | B17: Joya Jardins | C17: 1 | D17: 1 | E17: 1802 | F17: 1450 | G17: Roberto Rampioni | H17: 238.651.778-08 | I17: 45561 | J17: 2220000 | K17: 45595 | L17: 45593 | N17: Parcela Única | O17: 2220000 | P17: 2220000 | Q17: 2220000 | R17: 45566 | S17: 10 | T17: 6222-7 | U17: Bradesco | V17: 45593 | W17: 45566
A18: JOYA-01-2001 | B18: Joya Jardins | C18: 1 | D18: 1 | E18: 2001 | F18: 1468 | G18: André Marino Gregori | H18: 105.510.388-02 | I18: 45587 | J18: 2182150 | K18: 45593 | L18: 45595 | N18: Ato | O18: 285150 | P18: 285150 | Q18: 285150 | R18: 45566 | S18: 11 | T18: 6222-7 | U18: Bradesco | V18: 45595 | W18: 45566
A19: JOYA-01-2102 | B19: Joya Jardins | C19: 1 | D19: 1 | E19: 2102 | F19: 1456 | G19: Ricardo Alexandre Camargo | H19: 122.078.238-65 | I19: 45563 | J19: 2105236.6 | K19: 45595 | L19: 45595 | N19: Parcelas Iniciais | O19: 30210 | P19: 30210 | Q19: 30210 | R19: 45566 | S19: 11 | T19: 6222-7 | U19: Bradesco | V19: 45595 | W19: 45566

Sheet DIN INCORRIDO (TOTAL)
A3: Mês | B3: (Tudo)
G4: Itaú | H4: Bradesco
A5: Soma de Valor Total | B5: Rótulos de Coluna | F5: Classificação | G5: 51562-2 | H5: 6222-7 | I5: Total | K5: não muda
A6: Rótulos de Linha | B6: 51562-2 | C6: 6222-7 | D6: Total Geral | F6: Saldo Inicial | G6: =VLOOKUP(G$5&"C/C",#REF!,MATCH($K6,#REF!,0),FALSE) -> #REF! | H6: =VLOOKUP(H$5&"C/C",#REF!,MATCH($K6,#REF!,0),FALSE) -> #REF! | I6: =SUM(G6:H6) -> #REF! | K6: 45077
A7: Aportes | B7: 5121628.6 | C7: 871000 | D7: 5992628.6 | F7: =+A7 -> Aportes | G7: =GETPIVOTDATA("Valor Total",$A$5,"Conta",G$5,"Classificação Sintética",$F7) -> 5121628.6 | H7: =GETPIVOTDATA("Valor Total",$A$5,"Conta",H$5,"Classificação Sintética",$F7) -> 871000 | I7: =SUM(G7:H7) -> 5992628.6
A8: Débito - Província | B8: -515410.49 | D8: -515410.49 | F8: =+A8 -> Débito - Província | G8: =GETPIVOTDATA("Valor Total",$A$5,"Conta",G$5,"Classificação Sintética",$F8) -> -515410.49 | H8: =GETPIVOTDATA("Valor Total",$A$5,"Conta",H$5,"Classificação Sintética",$F8) -> 0 | I8: =SUM(G8:H8) -> -515410.49
A9: Débito a identificar | B9: -79392.97 | C9: -292143.44 | D9: -371536.41 | F9: =+A9 -> Débito a identificar | G9: =GETPIVOTDATA("Valor Total",$A$5,"Conta",G$5,"Classificação Sintética",$F9) -> -79392.97 | H9: =GETPIVOTDATA("Valor Total",$A$5,"Conta",H$5,"Classificação Sintética",$F9) -> -292143.44 | I9: =SUM(G9:H9) -> -371536.41
A10: Desp Adm | B10: -76554.11 | C10: -97519.87 | D10: -174073.98 | F10: =+A10 -> Desp Adm | G10: =GETPIVOTDATA("Valor Total",$A$5,"Conta",G$5,"Classificação Sintética",$F10) -> -76554.11 | H10: =GETPIVOTDATA("Valor Total",$A$5,"Conta",H$5,"Classificação Sintética",$F10) -> -97519.87 | I10: =SUM(G10:H10) -> -174073.98
A11: Desp Financeiras | B11: -1266.38 | C11: -15548.64 | D11: -16815.02 | F11: =+A11 -> Desp Financeiras | G11: =GETPIVOTDATA("Valor Total",$A$5,"Conta",G$5,"Classificação Sintética",$F11) -> -1266.38 | H11: =GETPIVOTDATA("Valor Total",$A$5,"Conta",H$5,"Classificação Sintética",$F11) -> -15548.64 | I11: =SUM(G11:H11) -> -16815.02
A12: Incorporação | B12: -803616.28 | C12: -1342252.4 | D12: -2145868.7 | F12: =+A12 -> Incorporação | G12: =GETPIVOTDATA("Valor Total",$A$5,"Conta",G$5,"Classificação Sintética",$F12) -> -803616.28 | H12: =GETPIVOTDATA("Valor Total",$A$5,"Conta",H$5,"Classificação Sintética",$F12) -> -1342252.4 | I12: =SUM(G12:H12) -> -2145868.7
A13: Marketing | B13: -390989.47 | C13: -1149239.1 | D13: -1540228.6 | F13: =+A13 -> Marketing | G13: =GETPIVOTDATA("Valor Total",$A$5,"Conta",G$5,"Classificação Sintética",$F13) -> -390989.47 | H13: =GETPIVOTDATA("Valor Total",$A$5,"Conta",H$5,"Classificação Sintética",$F13) -> -1149239.1 | I13: =SUM(G13:H13) -> -1540228.6
A14: Outras Receitas | B14: 2630.7 | C14: 42.37 | D14: 2673.07 | F14: =+A14 -> Outras Receitas | G14: =GETPIVOTDATA("Valor Total",$A$5,"Conta",G$5,"Classificação Sintética",$F14) -> 2630.7 | H14: =GETPIVOTDATA("Valor Total",$A$5,"Conta",H$5,"Classificação Sintética",$F14) -> 42.37 | I14: =SUM(G14:H14) -> 2673.07
A15: Outros Tributos | B15: -55240.46 | C15: -54235.21 | D15: -109475.67 | F15: =+A15 -> Outros Tributos | G15: =GETPIVOTDATA("Valor Total",$A$5,"Conta",G$5,"Classificação Sintética",$F15) -> -55240.46 | H15: =GETPIVOTDATA("Valor Total",$A$5,"Conta",H$5,"Classificação Sintética",$F15) -> -54235.21 | I15: =SUM(G15:H15) -> -109475.67
A16: Retiradas | C16: -493197.76 | D16: -493197.76 | F16: =+A16 -> Retiradas | G16: =GETPIVOTDATA("Valor Total",$A$5,"Conta",G$5,"Classificação Sintética",$F16) -> 0 | H16: =GETPIVOTDATA("Valor Total",$A$5,"Conta",H$5,"Classificação Sintética",$F16) -> -493197.76 | I16: =SUM(G16:H16) -> -493197.76
A17: Terreno | B17: -3201681.4 | C17: -1683707.7 | D17: -4885389.1 | F17: =+A17 -> Terreno | G17: =GETPIVOTDATA("Valor Total",$A$5,"Conta",G$5,"Classificação Sintética",$F17) -> -3201681.4 | H17: =GETPIVOTDATA("Valor Total",$A$5,"Conta",H$5,"Classificação Sintética",$F17) -> -1683707.7 | I17: =SUM(G17:H17) -> -4885389.1
A18: Crédito - Província | C18: 3758299.8 | D18: 3758299.8 | F18: =+A18 -> Crédito - Província | G18: =GETPIVOTDATA("Valor Total",$A$5,"Conta",G$5,"Classificação Sintética",$F18) -> 0 | H18: =GETPIVOTDATA("Valor Total",$A$5,"Conta",H$5,"Classificação Sintética",$F18) -> 3758299.8 | I18: =SUM(G18:H18) -> 3758299.8
A19: Aplicação / Resgate | C19: -277293.03 | D19: -277293.03 | F19: =A19 -> Aplicação / Resgate | G19: =GETPIVOTDATA("Valor Total",$A$5,"Conta",G$5,"Classificação Sintética",$F19) -> 0 | H19: =GETPIVOTDATA("Valor Total",$A$5,"Conta",H$5,"Classificação Sintética",$F19) -> -277293.03 | I19: =GETPIVOTDATA("Valor Total",$A$5,"Classificação Sintética","Aplicação / Resgate") -> -277293.03
A20: CRI - Liberação | C20: 600000 | D20: 600000 | F20: =A20 -> CRI - Liberação | G20: =GETPIVOTDATA("Valor Total",$A$5,"Conta",G$5,"Classificação Sintética",$F20) -> 0 | H20: =GETPIVOTDATA("Valor Total",$A$5,"Conta",H$5,"Classificação Sintética",$F20) -> 600000 | I20: =GETPIVOTDATA("Valor Total",$A$5,"Classificação Sintética","Aplicação / Resgate") -> -277293.03
A21: Receita Contratada | C21: 112500 | D21: 112500 | F21: Saldo Final | G21: =ROUND(SUM(OFFSET(G$5,1,0):OFFSET(G21,-1,0)),2) -> #REF! | H21: =ROUND(SUM(OFFSET(H$5,1,0):OFFSET(H21,-1,0)),2) -> #REF! | I21: =SUM(G21:H21) -> #REF! | K21: =#REF! -> #REF!
A22: Total Geral | B22: 107.7 | C22: -63294.93 | D22: -63187.23
F23: check | G23: =VLOOKUP(G$5&"C/C",#REF!,MATCH($K21,#REF!,0),FALSE) -> #REF! | H23: =VLOOKUP(H$5&"C/C",#REF!,MATCH($K21,#REF!,0),FALSE) -> #REF!
G24: =+G21-G23 -> #REF! | H24: =H21-H23 -> #REF!
A25: Mês | B25: (Tudo)
G26: Itaú
A27: Soma de Valor Total | B27: Rótulos de Coluna | F27: Classificação | G27: 18593-7
A28: Rótulos de Linha | B28: 18593-7 | C28: Total Geral | F28: Saldo Inicial | G28: =VLOOKUP(G$27&"C/C",#REF!,MATCH($J29,#REF!,0),FALSE) -> #REF! | J28: Não muda
A29: Débito a identificar | B29: -38200487 | C29: -38200487 | F29: =+A29 -> Débito a identificar | G29: =GETPIVOTDATA("Valor Total",$A$27,"Conta","18593-7","Classificação Sintética",$F29) -> -38200487 | J29: 45412
A30: Desp Financeiras | B30: -535.8 | C30: -535.8 | F30: =+A30 -> Desp Financeiras | G30: =GETPIVOTDATA("Valor Total",$A$27,"Conta","18593-7","Classificação Sintética",$F30) -> -535.8
A31: Outras Receitas | B31: 109.3 | C31: 109.3 | F31: =+A31 -> Outras Receitas | G31: =GETPIVOTDATA("Valor Total",$A$27,"Conta","18593-7","Classificação Sintética",$F31) -> 109.3
A32: CRI - Juros | B32: -3386938.6 | C32: -3386938.6 | F32: =+A32 -> CRI - Juros | G32: =GETPIVOTDATA("Valor Total",$A$27,"Conta","18593-7","Classificação Sintética",$F32) -> -3386938.6
A33: Débito - Netcorp | B33: -3758299.8 | C33: -3758299.8 | F33: =A33 -> Débito - Netcorp | G33: =GETPIVOTDATA("Valor Total",$A$27,"Conta","18593-7","Classificação Sintética",$F33) -> -3758299.8
A34: Aplicação / Resgate | B34: -1103631.7 | C34: -1103631.7 | F34: =A34 -> Aplicação / Resgate | G34: =GETPIVOTDATA("Valor Total",$A$27,"Conta","18593-7","Classificação Sintética",$F34) -> -1103631.7
A35: CRI - Emissão | B35: 46154994 | C35: 46154994 | F35: =A35 -> CRI - Emissão | G35: =GETPIVOTDATA("Valor Total",$A$27,"Conta","18593-7","Classificação Sintética",$F35) -> 46154994
A36: Crédito - Netcorp | B36: 515410.49 | C36: 515410.49 | F36: =A36 -> Crédito - Netcorp | G36: =GETPIVOTDATA("Valor Total",$A$27,"Conta","18593-7","Classificação Sintética",$F36) -> 515410.49
A37: CRI - Outros | B37: 0.51 | C37: 0.51 | F37: =A37 -> CRI - Outros | G37: =GETPIVOTDATA("Valor Total",$A$27,"Conta","18593-7","Classificação Sintética",$F37) -> 0.51 | J37: =#REF! -> #REF!
A38: CRI - Liberação | B38: -600000 | C38: -600000 | F38: =A38 -> CRI - Liberação | G38: =GETPIVOTDATA("Valor Total",$A$27,"Conta","18593-7","Classificação Sintética",$F38) -> -600000
A39: Total Geral | B39: -379378.7 | C39: -379378.7 | F39: Saldo Final | G39: =ROUND(SUM(OFFSET(G$27,1,0):OFFSET(G39,-1,0)),2) -> #REF!
F41: check | G41: =VLOOKUP(G$27&"C/C",#REF!,MATCH($J37,#REF!,0),FALSE) -> #REF!
G42: =G39-G41 -> #REF!

Sheet Valores à identificar
A4: Data | B4: Conta | C4: Classificação Analítica | D4: Descrição | E4: Valor Apropriação
A5: 45385 | B5: 18593-7 | C5: Débito a identificar | D5: Sispag Pag Tit Banco 0 | E5: 397292
A6: 45385 | B6: 18593-7 | C6: Débito a identificar | D6: Sispag Pag Tit Banco 0 | E6: 618020.67
A7: 45385 | B7: 18593-7 | C7: Débito a identificar | D7: Sispag Transf Titularid | E7: 64301.46 | G7: Crédito a identificar
A8: 45385 | B8: 18593-7 | C8: Débito a identificar | D8: Sispag Fornecedores | E8: 5570587.3 | G8: Débito a identificar
A9: 45385 | B9: 18593-7 | C9: Débito a identificar | D9: Sispag Fornecedores | E9: 4377112.1 | G9: =SUMIF('Fluxo Incorrido'!$AG:$AG,$G$7,'Fluxo Incorrido'!$Y:$Y)+SUMIF('Fluxo Incorrido'!$AG:$AG,$G$8,'Fluxo Incorrido'!$Y:$Y) -> 0
A10: 45385 | B10: 18593-7 | C10: Débito a identificar | D10: Sispag Fornecedores | E10: 1200000
A11: 45385 | B11: 18593-7 | C11: Débito a identificar | D11: Sispag Fornecedores Ted | E11: 10155257
A12: 45385 | B12: 18593-7 | C12: Débito a identificar | D12: Sispag Fornecedores Ted | E12: 14763787
A13: 45387 | B13: 18593-7 | C13: Débito a identificar | D13: Sispag Fornecedores | E13: 526944.97
A14: 45394 | B14: 18593-7 | C14: Débito a identificar | D14: Sispag Fornecedores | E14: 18770
A15: 45400 | B15: 18593-7 | C15: Débito a identificar | D15: Sispag Fornecedores Ted | E15: 8869.31
A16: 45401 | B16: 18593-7 | C16: Débito a identificar | D16: Sispag Transf Titularid | E16: 3985.33
A17: 45404 | B17: 18593-7 | C17: Débito a identificar | D17: Sispag Pag Tit Banco 23 | E17: 18000
A18: 45415 | B18: 51562-2 | C18: Débito a identificar | D18: Sispag Fornecedores | E18: 43380.95
A19: 45422 | B19: 51562-2 | C19: Débito a identificar | D19: Sispag Fornecedores | E19: 10749.5
A20: 45429 | B20: 51562-2 | C20: Débito a identificar | D20: Sispag Fornecedores | E20: 25087.52
A21: 45433 | B21: 18593-7 | C21: Débito a identificar | D21: Sispag Transf Titularid | E21: 313357.06
... A65: 45559 | B65: 18593-7 | C65: Débito a identificar | D65: SISPAG FORNECEDORES | E65: 1689.3
A66: TOTAL | E66: =ROUND(SUM(SUBTOTAL(9,OFFSET(E$4,1,0):OFFSET(E66,-1,0))),2) -> 38572024

Sheet Bdados
A1: Aux | B1: Empreendimento | C1: Cod Torre | D1: Unidade | E1: Área Privativa | F1: Tipo | G1: Valor Tabela de Vendas | H1: Contrato Enviado? | I1: Contrato | J1: Cliente | K1: CPF | L1: Data Venda | M1: Valor Venda | N1: Classificação Manual | O1: Valor Carteira | P1: Contas Recebidas | Q1: Recebido Pré-Chaves | R1: Antecipação Pós-Chaves | S1: Recebido Pós-Chaves | T1: Contas a Receber | U1: A Receber Pré-Chaves | V1: A Receber Chaves | W1: A Receber Pós-Chaves | X1: Dias atraso unidade | Y1: Faixa atraso unidade | Z1: Status Unidade | AA1: Faixa Área | AB1: VUV últimas vendas | AC1: Valor de Mercado | AD1: Mês Venda | AE1: Valor Venda Atualizado | AF1: Contrato Elegível? | AG1: Valor Presente | AH1: Tipologia | AI1: Tipologia
A2: JOYA-01-0101 | B2: Joya Jardins | C2: 01 | D2: 101 | E2: 81.19 | F2: UNIDADE | G2: 2395105 | H2: não | N2: estoque (disponível) | O2: 0 | P2: 0 | Q2: 0 | R2: 0 | S2: 0 | T2: 0 | U2: 0 | V2: 0 | W2: 0 | X2: 0 | Y2: 0 - 30 | Z2: disponível | AA2: 80-100 | AB2: 26921.233 | AC2: 2185734.9 | AD2: 0 | AE2: 0 | AF2: não | AG2: 0 | AH2: Residencial | AI2: 77 até 97 m²
A3: JOYA-01-0102 | B3: Joya Jardins | C3: 01 | D3: 102 | E3: 112.41 | F3: UNIDADE | G3: 3147480 | H3: não | N3: estoque (disponível) | O3: 0 | P3: 0 | Q3: 0 | R3: 0 | S3: 0 | T3: 0 | U3: 0 | V3: 0 | W3: 0 | X3: 0 | Y3: 0 - 30 | Z3: disponível | AA3: 100-150 | AB3: 26921.233 | AC3: 3026215.8 | AD3: 0 | AE3: 0 | AF3: não | AG3: 0 | AH3: Residencial | AI3: 107 até 127 m²
A4: JOYA-01-0201 | B4: Joya Jardins | C4: 01 | D4: 201 | E4: 77.51 | F4: UNIDADE | G4: 2418312 | H4: não | N4: estoque (disponível) | O4: 0 | P4: 0 | Q4: 0 | R4: 0 | S4: 0 | T4: 0 | U4: 0 | V4: 0 | W4: 0 | X4: 0 | Y4: 0 - 30 | Z4: disponível | AA4: 60-80 | AB4: 26921.233 | AC4: 2086664.7 | AD4: 0 | AE4: 0 | AF4: não | AG4: 0 | AH4: Residencial | AI4: 77 até 97 m²
A5: JOYA-01-0202 | B5: Joya Jardins | C5: 01 | D5: 202 | E5: 81.44 | F5: UNIDADE | G5: 2540928 | H5: não | N5: estoque (disponível) | O5: 0 | P5: 0 | Q5: 0 | R5: 0 | S5: 0 | T5: 0 | U5: 0 | V5: 0 | W5: 0 | X5: 0 | Y5: 0 - 30 | Z5: disponível | AA5: 80-100 | AB5: 26921.233 | AC5: 2192465.2 | AD5: 0 | AE5: 0 | AF5: não | AG5: 0 | AH5: Residencial | AI5: 77 até 97 m²
A6: JOYA-01-0203 | B6: Joya Jardins | C6: 01 | D6: 203 | E6: 77.67 | F6: UNIDADE | G6: 2423304 | H6: não | N6: estoque (disponível) | O6: 0 | P6: 0 | Q6: 0 | R6: 0 | S6: 0 | T6: 0 | U6: 0 | V6: 0 | W6: 0 | X6: 0 | Y6: 0 - 30 | Z6: disponível | AA6: 60-80 | AB6: 26921.233 | AC6: 2090972.1 | AD6: 0 | AE6: 0 | AF6: não | AG6: 0 | AH6: Residencial | AI6: 77 até 97 m²
A7: JOYA-01-0204 | B7: Joya Jardins | C7: 01 | D7: 204 | E7: 78.49 | F7: UNIDADE | G7: 2448888 | H7: não | N7: estoque (disponível) | O7: 0 | P7: 0 | Q7: 0 | R7: 0 | S7: 0 | T7: 0 | U7: 0 | V7: 0 | W7: 0 | X7: 0 | Y7: 0 - 30 | Z7: disponível | AA7: 60-80 | AB7: 26921.233 | AC7: 2113047.5 | AD7: 0 | AE7: 0 | AF7: não | AG7: 0 | AH7: Residencial | AI7: 77 até 97 m²
A8: JOYA-01-0301 | B8: Joya Jardins | C8: 01 | D8: 301 | E8: 77.51 | F8: UNIDADE | G8: 2442495.1 | H8: não | N8: estoque (disponível) | O8: 0 | P8: 0 | Q8: 0 | R8: 0 | S8: 0 | T8: 0 | U8: 0 | V8: 0 | W8: 0 | X8: 0 | Y8: 0 - 30 | Z8: disponível | AA8: 60-80 | AB8: 26921.233 | AC8: 2086664.7 | AD8: 0 | AE8: 0 | AF8: não | AG8: 0 | AH8: Residencial | AI8: 77 até 97 m²
A9: JOYA-01-0302 | B9: Joya Jardins | C9: 01 | D9: 302 | E9: 81.44 | F9: UNIDADE | G9: 2566337.3 | H9: não | N9: estoque (disponível) | O9: 0 | P9: 0 | Q9: 0 | R9: 0 | S9: 0 | T9: 0 | U9: 0 | V9: 0 | W9: 0 | X9: 0 | Y9: 0 - 30 | Z9: disponível | AA9: 80-100 | AB9: 26921.233 | AC9: 2192465.2 | AD9: 0 | AE9: 0 | AF9: não | AG9: 0 | AH9: Residencial | AI9: 77 até 97 m²
A10: JOYA-01-0303 | B10: Joya Jardins | C10: 01 | D10: 303 | E10: 77.67 | F10: UNIDADE | G10: 2447537 | H10: não | N10: estoque (disponível) | O10: 0 | P10: 0 | Q10: 0 | R10: 0 | S10: 0 | T10: 0 | U10: 0 | V10: 0 | W10: 0 | X10: 0 | Y10: 0 - 30 | Z10: disponível | AA10: 60-80 | AB10: 26921.233 | AC10: 2090972.1 | AD10: 0 | AE10: 0 | AF10: não | AG10: 0 | AH10: Residencial | AI10: 77 até 97 m²
A11: JOYA-01-0304 | B11: Joya Jardins | C11: 01 | D11: 304 | E11: 78.49 | F11: UNIDADE | G11: 2473376.9 | H11: não | N11: estoque (disponível) | O11: 0 | P11: 0 | Q11: 0 | R11: 0 | S11: 0 | T11: 0 | U11: 0 | V11: 0 | W11: 0 | X11: 0 | Y11: 0 - 30 | Z11: disponível | AA11: 60-80 | AB11: 26921.233 | AC11: 2113047.5 | AD11: 0 | AE11: 0 | AF11: não | AG11: 0 | AH11: Residencial | AI11: 77 até 97 m²
A12: JOYA-01-0401 | B12: Joya Jardins | C12: 01 | D12: 401 | E12: 77.51 | F12: UNIDADE | G12: 2466920.1 | H12: não | N12: estoque (disponível) | O12: 0 | P12: 0 | Q12: 0 | R12: 0 | S12: 0 | T12: 0 | U12: 0 | V12: 0 | W12: 0 | X12: 0 | Y12: 0 - 30 | Z12: disponível | AA12: 60-80 | AB12: 26921.233 | AC12: 2086664.7 | AD12: 0 | AE12: 0 | AF12: não | AG12: 0 | AH12: Residencial | AI12: 77 até 97 m²
A13: JOYA-01-0402 | B13: Joya Jardins | C13: 01 | D13: 402 | E13: 81.44 | F13: UNIDADE | G13: 2592000.6 | H13: não | N13: estoque (disponível) | O13: 0 | P13: 0 | Q13: 0 | R13: 0 | S13: 0 | T13: 0 | U13: 0 | V13: 0 | W13: 0 | X13: 0 | Y13: 0 - 30 | Z13: disponível | AA13: 80-100 | AB13: 26921.233 | AC13: 2192465.2 | AD13: 0 | AE13: 0 | AF13: não | AG13: 0 | AH13: Residencial | AI13: 77 até 97 m²
... A32: JOYA-01-0901 | B32: Joya Jardins | C32: 01 | D32: 901 | E32: 77.51 | F32: UNIDADE | G32: 2592757.8 | H32: não | N32: estoque (disponível) | O32: 0 | P32: 0 | Q32: 0 | R32: 0 | S32: 0 | T32: 0 | U32: 0 | V32: 0 | W32: 0 | X32: 0 | Y32: 0 - 30 | Z32: disponível | AA32: 60-80 | AB32: 26921.233 | AC32: 2086664.7 | AD32: 0 | AE32: 0 | AF32: não | AG32: 0 | AH32: Residencial | AI32: 77 até 97 m²
A33: JOYA-01-0902 | B33: Joya Jardins | C33: 01 | D33: 902 | E33: 57.36 | F33: UNIDADE | G33: 0 | H33: sim | I33: 1457 | J33: Bruna Bertolani Grilo | K33: 283.463.228-60 | L33: 45565 | M33: 1500000 | N33: venda direta | O33: 1500000 | P33: 1250000 | Q33: 1250000 | R33: 0 | S33: 0 | T33: 250000 | U33: 250000 | V33: 0 | W33: 0 | X33: 0 | Y33: 0 - 30 | Z33: vendido | AA33: 50-60 | AB33: 26921.233 | AC33: 1544201.9 | AD33: 45536 | AE33: 1508754.6 | AF33: sim | AG33: 243561.85 | AH33: Residencial | AI33: 57 até 67 m²
A34: JOYA-01-0903 | B34: Joya Jardins | C34: 01 | D34: 903 | E34: 77.67 | F34: UNIDADE | G34: 2598109.9 | H34: não | N34: estoque (disponível) | O34: 0 | P34: 0 | Q34: 0 | R34: 0 | S34: 0 | T34: 0 | U34: 0 | V34: 0 | W34: 0 | X34: 0 | Y34: 0 - 30 | Z34: disponível | AA34: 60-80 | AB34: 26921.233 | AC34: 2090972.1 | AD34: 0 | AE34: 0 | AF34: não | AG34: 0 | AH34: Residencial | AI34: 77 até 97 m²
A35: JOYA-01-0904 | B35: Joya Jardins | C35: 01 | D35: 904 | E35: 78.49 | F35: UNIDADE | G35: 2625539.4 | H35: não | N35: estoque (disponível) | O35: 0 | P35: 0 | Q35: 0 | R35: 0 | S35: 0 | T35: 0 | U35: 0 | V35: 0 | W35: 0 | X35: 0 | Y35: 0 - 30 | Z35: disponível | AA35: 60-80 | AB35: 26921.233 | AC35: 2113047.5 | AD35: 0 | AE35: 0 | AF35: não | AG35: 0 | AH35: Residencial | AI35: 77 até 97 m²
A36: JOYA-01-1001 | B36: Joya Jardins | C36: 01 | D36: 1001 | E36: 77.51 | F36: UNIDADE | G36: 2618685.4 | H36: não | N36: estoque (disponível) | O36: 0 | P36: 0 | Q36: 0 | R36: 0 | S36: 0 | T36: 0 | U36: 0 | V36: 0 | W36: 0 | X36: 0 | Y36: 0 - 30 | Z36: disponível | AA36: 60-80 | AB36: 26921.233 | AC36: 2086664.7 | AD36: 0 | AE36: 0 | AF36: não | AG36: 0 | AH36: Residencial | AI36: 77 até 97 m²
A37: JOYA-01-1002 | B37: Joya Jardins | C37: 01 | D37: 1002 | E37: 57.36 | F37: UNIDADE | G37: 1937915 | H37: não | N37: estoque (disponível) | O37: 0 | P37: 0 | Q37: 0 | R37: 0 | S37: 0 | T37: 0 | U37: 0 | V37: 0 | W37: 0 | X37: 0 | Y37: 0 - 30 | Z37: disponível | AA37: 50-60 | AB37: 26921.233 | AC37: 1544201.9 | AD37: 0 | AE37: 0 | AF37: não | AG37: 0 | AH37: Residencial | AI37: 57 até 67 m²
A38: JOYA-01-1003 | B38: Joya Jardins | C38: 01 | D38: 1003 | E38: 77.67 | F38: UNIDADE | G38: 2624091 | H38: não | N38: estoque (disponível) | O38: 0 | P38: 0 | Q38: 0 | R38: 0 | S38: 0 | T38: 0 | U38: 0 | V38: 0 | W38: 0 | X38: 0 | Y38: 0 - 30 | Z38: disponível | AA38: 60-80 | AB38: 26921.233 | AC38: 2090972.1 | AD38: 0 | AE38: 0 | AF38: não | AG38: 0 | AH38: Residencial | AI38: 77 até 97 m²
A39: JOYA-01-1004 | B39: Joya Jardins | C39: 01 | D39: 1004 | E39: 78.49 | F39: UNIDADE | G39: 2651794.8 | H39: não | N39: estoque (disponível) | O39: 0 | P39: 0 | Q39: 0 | R39: 0 | S39: 0 | T39: 0 | U39: 0 | V39: 0 | W39: 0 | X39: 0 | Y39: 0 - 30 | Z39: disponível | AA39: 60-80 | AB39: 26921.233 | AC39: 2113047.5 | AD39: 0 | AE39: 0 | AF39: não | AG39: 0 | AH39: Residencial | AI39: 77 até 97 m²
A40: JOYA-01-1101 | B40: Joya Jardins | C40: 01 | D40: 1101 | E40: 77.51 | F40: UNIDADE | G40: 2644872.2 | H40: não | N40: estoque (disponível) | O40: 0 | P40: 0 | Q40: 0 | R40: 0 | S40: 0 | T40: 0 | U40: 0 | V40: 0 | W40: 0 | X40: 0 | Y40: 0 - 30 | Z40: disponível | AA40: 60-80 | AB40: 26921.233 | AC40: 2086664.7 | AD40: 0 | AE40: 0 | AF40: não | AG40: 0 | AH40: Residencial | AI40: 77 até 97 m²
A41: JOYA-01-1102 | B41: Joya Jardins | C41: 01 | D41: 1102 | E41: 57.36 | F41: UNIDADE | G41: 1957294.2 | H41: não | N41: estoque (disponível) | O41: 0 | P41: 0 | Q41: 0 | R41: 0 | S41: 0 | T41: 0 | U41: 0 | V41: 0 | W41: 0 | X41: 0 | Y41: 0 - 30 | Z41: disponível | AA41: 50-60 | AB41: 26921.233 | AC41: 1544201.9 | AD41: 0 | AE41: 0 | AF41: não | AG41: 0 | AH41: Residencial | AI41: 57 até 67 m²
A42: JOYA-01-1103 | B42: Joya Jardins | C42: 01 | D42: 1103 | E42: 77.67 | F42: UNIDADE | G42: 2650331.9 | H42: não | N42: estoque (disponível) | O42: 0 | P42: 0 | Q42: 0 | R42: 0 | S42: 0 | T42: 0 | U42: 0 | V42: 0 | W42: 0 | X42: 0 | Y42: 0 - 30 | Z42: disponível | AA42: 60-80 | AB42: 26921.233 | AC42: 2090972.1 | AD42: 0 | AE42: 0 | AF42: não | AG42: 0 | AH42: Residencial | AI42: 77 até 97 m²
A43: JOYA-01-1104 | B43: Joya Jardins | C43: 01 | D43: 1104 | E43: 78.49 | F43: UNIDADE | G43: 2678312.7 | H43: não | N43: estoque (disponível) | O43: 0 | P43: 0 | Q43: 0 | R43: 0 | S43: 0 | T43: 0 | U43: 0 | V43: 0 | W43: 0 | X43: 0 | Y43: 0 - 30 | Z43: disponível | AA43: 60-80 | AB43: 26921.233 | AC43: 2113047.5 | AD43: 0 | AE43: 0 | AF43: não | AG43: 0 | AH43: Residencial | AI43: 77 até 97 m²
A44: JOYA-01-1201 | B44: Joya Jardins | C44: 01 | D44: 1201 | E44: 139.81 | F44: UNIDADE | G44: 4893350 | H44: não | N44: estoque (disponível) | O44: 0 | P44: 0 | Q44: 0 | R44: 0 | S44: 0 | T44: 0 | U44: 0 | V44: 0 | W44: 0 | X44: 0 | Y44: 0 - 30 | Z44: disponível | AA44: 100-150 | AB44: 26921.233 | AC44: 3763857.5 | AD44: 0 | AE44: 0 | AF44: não | AG44: 0 | AH44: Residencial | AI44: 137 até 157 m²
A45: JOYA-01-1202 | B45: Joya Jardins | C45: 01 | D45: 1202 | E45: 153.07 | F45: UNIDADE | G45: 5357450 | H45: não | N45: estoque (disponível) | O45: 0 | P45: 0 | Q45: 0 | R45: 0 | S45: 0 | T45: 0 | U45: 0 | V45: 0 | W45: 0 | X45: 0 | Y45: 0 - 30 | Z45: disponível | AA45: 150-300 | AB45: 26921.233 | AC45: 4120833.1 | AD45: 0 | AE45: 0 | AF45: não | AG45: 0 | AH45: Residencial | AI45: 137 até 157 m²
... A56: JOYA-01-1801 | B56: Joya Jardins | C56: 01 | D56: 1801 | E56: 90.1 | F56: UNIDADE | G56: 3153500 | H56: não | N56: estoque (disponível) | O56: 0 | P56: 0 | Q56: 0 | R56: 0 | S56: 0 | T56: 0 | U56: 0 | V56: 0 | W56: 0 | X56: 0 | Y56: 0 - 30 | Z56: disponível | AA56: 80-100 | AB56: 26921.233 | AC56: 2425603.1 | AD56: 0 | AE56: 0 | AF56: não | AG56: 0 | AH56: Residencial | AI56: 77 até 97 m²
A57: JOYA-01-1802 | B57: Joya Jardins | C57: 01 | D57: 1802 | E57: 110.59 | F57: UNIDADE | G57: 0 | H57: sim | I57: 1450 | J57: Roberto Rampioni | K57: 238.651.778-08 | L57: 45561 | M57: 2220000 | N57: quitado | O57: 2220000 | P57: 2220000 | Q57: 2220000 | R57: 0 | S57: 0 | T57: 0 | U57: 0 | V57: 0 | W57: 0 | X57: 0 | Y57: 0 - 30 | Z57: vendido | AA57: 100-150 | AB57: 26921.233 | AC57: 2977219.1 | AD57: 45536 | AE57: 2232956.8 | AF57: sim | AG57: 0 | AH57: Residencial | AI57: 107 até 127 m²
A58: JOYA-01-1901 | B58: Joya Jardins | C58: 01 | D58: 1901 | E58: 80.93 | F58: UNIDADE | G58: 2889201 | H58: não | N58: estoque (disponível) | O58: 0 | P58: 0 | Q58: 0 | R58: 0 | S58: 0 | T58: 0 | U58: 0 | V58: 0 | W58: 0 | X58: 0 | Y58: 0 - 30 | Z58: disponível | AA58: 80-100 | AB58: 26921.233 | AC58: 2178735.4 | AD58: 0 | AE58: 0 | AF58: não | AG58: 0 | AH58: Residencial | AI58: 77 até 97 m²
A59: JOYA-01-1902 | B59: Joya Jardins | C59: 01 | D59: 1902 | E59: 65.32 | F59: UNIDADE | G59: 2331924 | H59: não | N59: estoque (disponível) | O59: 0 | P59: 0 | Q59: 0 | R59: 0 | S59: 0 | T59: 0 | U59: 0 | V59: 0 | W59: 0 | X59: 0 | Y59: 0 - 30 | Z59: disponível | AA59: 60-80 | AB59: 26921.233 | AC59: 1758494.9 | AD59: 0 | AE59: 0 | AF59: não | AG59: 0 | AH59: Residencial | AI59: 57 até 67 m²
A60: JOYA-01-2001 | B60: Joya Jardins | C60: 01 | D60: 2001 | E60: 80.93 | F60: UNIDADE | G60: 0 | H60: sim | I60: 1468 | J60: André Marino Gregori | K60: 105.510.388-02 | L60: 45587 | M60: 2182150 | N60: venda direta | O60: 2193152.6 | P60: 285150 | Q60: 285150 | R60: 0 | S60: 0 | T60: 1908002.6 | U60: 754350 | V60: 0 | W60: 1153652.6 | X60: 0 | Y60: 0 - 30 | Z60: vendido | AA60: 80-100 | AB60: 26921.233 | AC60: 2178735.4 | AD60: 45566 | AE60: 2182150 | AF60: sim | AG60: 1552425.5 | AH60: Residencial | AI60: 77 até 97 m²
A61: JOYA-01-2002 | B61: Joya Jardins | C61: 01 | D61: 2002 | E61: 65.32 | F61: UNIDADE | G61: 2378562.5 | H61: não | N61: estoque (disponível) | O61: 0 | P61: 0 | Q61: 0 | R61: 0 | S61: 0 | T61: 0 | U61: 0 | V61: 0 | W61: 0 | X61: 0 | Y61: 0 - 30 | Z61: disponível | AA61: 60-80 | AB61: 26921.233 | AC61: 1758494.9 | AD61: 0 | AE61: 0 | AF61: não | AG61: 0 | AH61: Residencial | AI61: 57 até 67 m²
A62: JOYA-01-2101 | B62: Joya Jardins | C62: 01 | D62: 2101 | E62: 80.93 | F62: UNIDADE | G62: 0 | H62: sim | I62: 1449 | J62: Gianluca Perino | K62: 232.170.948-08 | L62: 45559 | M62: 2630000 | N62: venda direta | O62: 2644163.3 | P62: 188025 | Q62: 188025 | R62: 0 | S62: 0 | T62: 2456138.3 | U62: 2354854.2 | V62: 0 | W62: 101284.06 | X62: 0 | Y62: 0 - 30 | Z62: vendido | AA62: 80-100 | AB62: 26921.233 | AC62: 2178735.4 | AD62: 45536 | AE62: 2645349.7 | AF62: sim | AG62: 2131843.5 | AH62: Residencial | AI62: 77 até 97 m²
A63: JOYA-01-2102 | B63: Joya Jardins | C63: 01 | D63: 2102 | E63: 65.32 | F63: UNIDADE | G63: 0 | H63: sim | I63: 1456 | J63: Ricardo Alexandre Camargo | K63: 122.078.238-65 | L63: 45563 | M63: 2105236.6 | N63: venda direta | O63: 2116981.9 | P63: 80210 | Q63: 80210 | R63: 0 | S63: 0 | T63: 2036771.9 | U63: 1853447.8 | V63: 0 | W63: 183324.15 | X63: 0 | Y63: 0 - 30 | Z63: vendido | AA63: 60-80 | AB63: 26921.233 | AC63: 1758494.9 | AD63: 45536 | AE63: 2117523.7 | AF63: sim | AG63: 1752729.8 | AH63: Residencial | AI63: 57 até 67 m²

Sheet VUV critérios CRI
H1: Ordem de venda | I1: Valor | J1: m2 | K1: Ponderada | L1: Preço do m2 | N1: Tipologia | O1: Qtd estoque | P1: Área Estoque | Q1: Qtd Área Inelegível | R1: (a) Área Inelegível | S1: VUV últimas vendas | T1: Estoque = AP x Preço do m2
H2: 1 | I2: =IFERROR(_xlfn.XLOOKUP($H2,$F:$F,$E:$E),0) -> 1500000 | J2: =IFERROR(_xlfn.XLOOKUP($H2,$F:$F,$D:$D),0) -> 57.36 | K2: =IFERROR(I2*J2,0) -> 86040000 | L2: =IFERROR(I2/J2,0) -> 26150.628 | N2: Residencial | O2: =COUNTIFS(Bdados!$Z:$Z,"disponível") -> 57 | P2: =SUMIFS(Bdados!$E:$E,Bdados!$Z:$Z,"disponível") -> 5007.52 | Q2: =COUNTIFS(Bdados!$Z:$Z,"vendido",Bdados!$H:$H,"não")+COUNTIFS(Bdados!$Z:$Z,"vendido",Bdados!$X:$X,">"&90) -> 0 | R2: =SUMIFS(Bdados!$E:$E,Bdados!$Z:$Z,"vendido",Bdados!$H:$H,"não")+SUMIFS(Bdados!$E:$E,Bdados!$Z:$Z,"vendido",Bdados!$X:$X,">"&90) -> 0 | S2: =L8 -> 26921.233 | T2: =($R$2+$P$2)*$S$2 -> 1.3480861e+08
H3: 2 | I3: =IFERROR(_xlfn.XLOOKUP($H3,$F:$F,$E:$E),0) -> 2220000 | J3: =IFERROR(_xlfn.XLOOKUP($H3,$F:$F,$D:$D),0) -> 110.59 | K3: =IFERROR(I3*J3,0) -> 245509800 | L3: =IFERROR(I3/J3,0) -> 20074.148
H4: 3 | I4: =IFERROR(_xlfn.XLOOKUP($H4,$F:$F,$E:$E),0) -> 2630000 | J4: =IFERROR(_xlfn.XLOOKUP($H4,$F:$F,$D:$D),0) -> 80.93 | K4: =IFERROR(I4*J4,0) -> 2.128459e+08 | L4: =IFERROR(I4/J4,0) -> 32497.22
H5: 4 | I5: =IFERROR(_xlfn.XLOOKUP($H5,$F:$F,$E:$E),0) -> 2105236.6 | J5: =IFERROR(_xlfn.XLOOKUP($H5,$F:$F,$D:$D),0) -> 65.32 | K5: =IFERROR(I5*J5,0) -> 1.3751406e+08 | L5: =IFERROR(I5/J5,0) -> 32229.587
H6: 5 | I6: =IFERROR(_xlfn.XLOOKUP($H6,$F:$F,$E:$E),0) -> 2182150 | J6: =IFERROR(_xlfn.XLOOKUP($H6,$F:$F,$D:$D),0) -> 80.93 | K6: =IFERROR(I6*J6,0) -> 1.766014e+08 | L6: =IFERROR(I6/J6,0) -> 26963.425
A7: Status Unidade | B7: vendido | C7: filtrar "vendido" | H7: 6 | I7: =IFERROR(_xlfn.XLOOKUP($H7,$F:$F,$E:$E),0) -> 0 | J7: =IFERROR(_xlfn.XLOOKUP($H7,$F:$F,$D:$D),0) -> 0 | K7: =IFERROR(I7*J7,0) -> 0 | L7: =IFERROR(I7/J7,0) -> 0
H8: Total | I8: =SUM(I2:I7) -> 10637387 | J8: =SUM(J2:J7) -> 395.13 | K8: =SUM(K2:K7) -> 8.5851116e+08 | L8: =+SUMPRODUCT(L2:L7,J2:J7)/SUM(J2:J7) -> 26921.233
C9: Valores
A10: Data Venda | B10: Tipologia | C10: Contagem de Aux | D10: Soma de Área Privativa | E10: Sum of Valor Venda | F10: Ordem
A11: 45565 | B11: Residencial | C11: 1 | D11: 57.36 | E11: 1500000 | F11: =IF(C11="","",SUM(C$10:C11)) -> 1
A12: 45561 | B12: Residencial | C12: 1 | D12: 110.59 | E12: 2220000 | F12: =IF(C12="","",SUM(C$10:C12)) -> 2
A13: 45559 | B13: Residencial | C13: 1 | D13: 80.93 | E13: 2630000 | F13: =IF(C13="","",SUM(C$10:C13)) -> 3
A14: 45563 | B14: Residencial | C14: 1 | D14: 65.32 | E14: 2105236.6 | F14: =IF(C14="","",SUM(C$10:C14)) -> 4
A15: 45587 | B15: Residencial | C15: 1 | D15: 80.93 | E15: 2182150 | F15: =IF(C15="","",SUM(C$10:C15)) -> 5
A16: Grand Total | C16: 5 | D16: 395.13 | E16: 10637387 | F16: =IF(C16="","",SUM(C$10:C16)) -> 10
F17: =IF(C17="","",SUM(C$10:C17))
F18: =IF(C18="","",SUM(C$10:C18))
F19: =IF(C19="","",SUM(C$10:C19))
F20: =IF(C20="","",SUM(C$10:C20))
F21: =IF(C21="","",SUM(C$10:C21))
F22: =IF(C22="","",SUM(C$10:C22))
F23: =IF(C23="","",SUM(C$10:C23))
F24: =IF(C24="","",SUM(C$10:C24))
F25: =IF(C25="","",SUM(C$10:C25))
F26: =IF(C26="","",SUM(C$10:C26))
F27: =IF(C27="","",SUM(C$10:C27))
F28: =IF(C28="","",SUM(C$10:C28))
... F170: =IF(C170="","",SUM(C$10:C170))

Sheet Índice de Garantia
C1: =Bdados!$A$1 -> Aux
A3: Índice de Garantia
A4: Descrição | B4: Unds | C4: Valor (R$) | F4: Data | G4: 45596
A5: Recebíveis | B5: =COUNTIFS(Bdados!$Z:$Z,"vendido",Bdados!$T:$T,">"&0) -> 4 | C5: =SUMIFS(Bdados!$T:$T,Bdados!$Z:$Z,"vendido") -> 6650912.8 | D5: (A) | F5: P.U. | G5: 1000.5859
A6: VP Recebíveis | B6: =COUNTIFS(Bdados!$Z:$Z,"vendido",Bdados!$AG:$AG,">"&0) -> 4 | C6: =SUMIFS(Bdados!$AG:$AG,Bdados!$Z:$Z,"VENDIDO") -> 5680560.5 | D6: (B) | F6: Quota ativa | G6: 46154
A7: VP Recebíveis Elegíveis | B7: =COUNTIF(Bdados!$AF:$AF,"sim") -> 5 | C7: =SUMIFS(Bdados!$AG:$AG,Bdados!AF:AF,"sim") -> 5680560.5 | D7: (C) | F7: Saldo Devedor | G7: =G6*G5 -> 46181043
A8: Estoque | B8: =COUNTIF(Bdados!$Z:$Z,"disponível") -> 57 | C8: =SUMIFS(Bdados!$AC:$AC,Bdados!$Z:$Z,"disponível") -> 1.3480861e+08 | D8: (D)
A9: Fundo de Reserva | B9: - | C9: 3546708.9 | D9: (E)
A10: Saldo Devedor Atualizado (Série 1) | B10: - | C10: =G7 -> 46181043 | D10: (F)
A11: Saldo Devedor Atualizado (Série 2) | B11: - | C11: 0 | D11: (G)
A12: Saldo Devedor Atualizado (Série 3) | B12: - | C12: 0 | D12: (H)
A13: IG = (C + (70% * D)) / ((F + G + H) - E) → 130% | C13: =($C$7+(70%*$C$8))/(($C$10+C11+C12)-$C$9) -> 2.3466202 | D13: =IF($C$13>=130%,1,0) -> 1
A16: Legenda:
A17: (A) Valor dos recebíveis
A18: (B) Valor presente dos recebíveis de vendas elegíveis @ 11% a.a
A19: pelo saldo devedor das séries já emitidas;
A20: (C) Valor presente dos recebíveis de vendas elegíveis (adimplentes < 90 dias com
A21: o contrato de direito Creditório formalizado)
A22: (D) Valor do estoque considerando a soma da área privativa das unidades inadimplentes ( > 90 dias),
A23: a soma da área privativa das unidades disponíveis para venda e o preço médio de venda do m² das 6 ultimas
A24: unidades.
A25: (E) Fundo de Reserva de 3.546.708,92
A26: (F) Saldo Devedor da Série 001 37ª Emissão
A27: (G) Saldo Devedor da Série 002 37ª Emissão (PU não emitido)
... A31: Taxa média Ponderada
A32: Descrição | B32: Taxa da Série | C32: Valor da Série
A33: Série 001 37ª Emissão | B33: 0.0475 | C33: 46154000
A34: Série 002 37ª Emissão | B34: 0.0425 | C34: 22500000 | E34: Não
A35: Série 003 37ª Emissão | B35: 0.0425 | C35: 22500000
A36: Taxa Média Ponderada | C36: =((B33*C33)+(B34*C34)+(B35*C35))/SUM(C33:C35) -> 0.04503165

Sheet Comparação diária
E2: Mês | F2: 44896 | K2: Mês | L2: 44927
E4: Conta | F4: Data | G4: Soma de Valor | I4: Dif | K4: Conta | L4: Data Ajustada | M4: Soma de Valor Total
E5: 18541-6 | F5: 44897 | G5: -62.42 | I5: =G5-M5 -> 899.81 | K5: Holding | L5: 44957 | M5: -962.23
F6: 44904 | G6: -7220.36 | I6: =G6-M6 -> -6820.36 | L6: 44952 | M6: -400
F7: 44914 | G7: -8374.43 | I7: =G7-M7 -> -7012.2 | K7: Total Geral | M7: -1362.23
F8: 44916 | G8: 5224401.5
F9: 44917 | G9: -5163594.5 | I9: =G9-M9 -> -5163594.5
F10: 44921 | G10: 103.27 | I10: =G10-M10 -> 103.27
F11: 44923 | G11: -59344.94 | I11: =G11-M11 -> -59344.94
F12: 44924 | G12: -1567.97 | I12: =G12-M12 -> -1567.97
E13: 2383-8 | F13: 44896 | G13: -7.2759576e-12 | I13: =G13-M13 -> -7.2759576e-12
F14: 44901 | G14: 0 | I14: =G14-M14 -> 0
F15: 44917 | G15: 0 | I15: =G15-M15 -> 0
F16: 44921 | G16: 931163.24 | I16: =G16-M16 -> 931163.24
F17: 44923 | G17: -70001.3 | I17: =G17-M17 -> -70001.3
E18: 2384-6 | F18: 44896 | G18: -219.13 | I18: =G18-M18 -> -219.13
F19: 44900 | G19: -448 | I19: =G19-M19 -> -448
F20: 44901 | G20: 1915.22 | I20: =G20-M20 -> 1915.22
F21: 44911 | G21: -3611.5 | I21: =G21-M21 -> -3611.5
F22: 44915 | G22: -66.67 | I22: =G22-M22 -> -66.67
F23: 44917 | G23: 1250 | I23: =G23-M23 -> 1250
F24: 44921 | G24: -34.5 | I24: =G24-M24 -> -34.5
F25: 44923 | G25: 4146.94 | I25: =G25-M25 -> 4146.94
E26: 2385-4 | F26: 44900 | G26: -532 | I26: =G26-M26 -> -532
F27: 44902 | G27: -835.94 | I27: =G27-M27 -> -835.94
F28: 44907 | G28: -2692.86 | I28: =G28-M28 -> -2692.86
F29: 44908 | G29: 1748.06 | I29: =G29-M29 -> 1748.06
F30: 44911 | G30: -768.4 | I30: =G30-M30 -> -768.4
F31: 44921 | G31: -51.75 | I31: =G31-M31 -> -51.75
F32: 44923 | G32: 2445.21 | I32: =G32-M32 -> 2445.21
E33: 2386-2 | F33: 44907 | G33: 0 | I33: =G33-M33 -> 0
F34: 44908 | G34: 0 | I34: =G34-M34 -> 0
F35: 44911 | G35: 0 | I35: =G35-M35 -> 0
F36: 44921 | G36: 1602548.6 | I36: =G36-M36 -> 1602548.6
F37: 44923 | G37: -100000 | I37: =G37-M37 -> -100000
E38: Total Geral | G38: 2350295.4 | I38: =G38-M38 -> 2350295.4

Sheet Fluxo Incorrido comparação
A1: Empreendimento | B1: Data Ajustada | C1: Banco | D1: Conta | E1: Grupo de empresa | F1: Período | G1: Empresa | H1: Conta | I1: Saldo anterior | J1: Apropriação Ajustada | K1: Classe Ajustada | L1: Conciliação | M1: Data | N1: Or | O1: Histórico | P1: Documento | Q1: Saídas | R1: Entradas | S1: Saldo | T1: Fornecedor Ajustado | U1: Valor Total | V1: Valor ABS | W1: Aux | X1: Mês | Y1: Conciliação | Z1: Classificação Monitori | AA1: Classificação Macro | AB1: Considerar Saldo
A2: REALITA BELEM | B2: 44330 | C2: Itaú | D2: 42313-2 | E2: 2 - SPE's | F2: 01/01/2021 até 31/12/2022 | G2: 11 - NETCORP REALITA INCORPORAÇÃO E EMPREENDIMENTO IMOBILIARIO SPE LTDA | H2: 423132 - NETCORP REALITA - ITAU | I2: 0 | J2: 1102 - INCORPORACAO - TOLEDO BARBOSA | K2: 2.04.03.11 - Despesas Administrativas 1 365,75 | L2: 365.75 | M2: 44330 | N2: CP | O2: Pagamento CERTISIGN CERTIFICADORA DIGITAL | P2: Pagamento CERTISIGN CERTIFICADORA DIGITAL | Q2: -365.75 | R2: 0 | S2: -365.75 | T2: CERTISIGN CERTIFICADORA DIGITAL | U2: -365.75 | V2: 365.75 | W2: 0 | X2: 44317 | Z2: Despesas Administrativas - Outras | AA2: Despesas Administrativas | AB2: sim
A3: REALITA BELEM | B3: 44330 | C3: Itaú | D3: 42313-2 | E3: 2 - SPE's | F3: 01/01/2021 até 31/12/2022 | G3: 11 - NETCORP REALITA INCORPORAÇÃO E EMPREENDIMENTO IMOBILIARIO SPE LTDA | H3: 423132 - NETCORP REALITA - ITAU | I3: 0 | J3: 1102 - INCORPORACAO - TOLEDO BARBOSA | K3: 2.04.03.11 - Despesas Administrativas 1 173,25 | L3: 173.25 | M3: 44330 | N3: CP | O3: Pagamento CERTISIGN CERTIFICADORA DIGITAL | P3: Pagamento CERTISIGN CERTIFICADORA DIGITAL | Q3: -173.25 | R3: 0 | S3: -539 | T3: CERTISIGN CERTIFICADORA DIGITAL | U3: -173.25 | V3: 173.25 | W3: 0 | X3: 44317 | Z3: Despesas Administrativas - Outras | AA3: Despesas Administrativas | AB3: sim
A4: REALITA BELEM | B4: 44330 | C4: Itaú | D4: 42313-2 | E4: 2 - SPE's | F4: 01/01/2021 até 31/12/2022 | G4: 11 - NETCORP REALITA INCORPORAÇÃO E EMPREENDIMENTO IMOBILIARIO SPE LTDA | H4: 423132 - NETCORP REALITA - ITAU | I4: 0 | J4: 1102 - INCORPORACAO - TOLEDO BARBOSA | K4: 1.05.01.01 - Entradas de Aportes de Sócios / Investidores 1 1000 | L4: 1000 | M4: 44330 | N4: CR | O4: Recebimento NC HOLDING EMPREENDIMENTOS E PARTICIPACOES LTDA | P4: Recebimento NC HOLDING EMPREENDIMENTOS E PARTICIPACOES LTDA | Q4: 0 | R4: 1000 | S4: 461 | U4: 1000 | V4: 1000 | W4: 0 | X4: 44317 | Z4: Aporte Netcorp | AA4: Aporte Netcorp | AB4: sim
A5: REALITA BELEM | B5: 44333 | C5: Itaú | D5: 42313-2 | E5: 2 - SPE's | F5: 01/01/2021 até 31/12/2022 | G5: 11 - NETCORP REALITA INCORPORAÇÃO E EMPREENDIMENTO IMOBILIARIO SPE LTDA | H5: 423132 - NETCORP REALITA - ITAU | I5: 0 | J5: 1102 - INCORPORACAO - TOLEDO BARBOSA | K5: 1.05.01.01 - Entradas de Aportes de Sócios / Investidores 1 67000 | L5: 67000 | M5: 44333 | N5: CR | O5: Recebimento NC HOLDING EMPREENDIMENTOS E PARTICIPACOES LTDA | P5: Recebimento NC HOLDING EMPREENDIMENTOS E PARTICIPACOES LTDA | Q5: 0 | R5: 67000 | S5: 67461 | U5: 67000 | V5: 67000 | W5: 0 | X5: 44317 | Z5: Aporte Netcorp | AA5: Aporte Netcorp | AB5: sim
A6: REALITA BELEM | B6: 44335 | C6: Itaú | D6: 42313-2 | E6: 2 - SPE's | F6: 01/01/2021 até 31/12/2022 | G6: 11 - NETCORP REALITA INCORPORAÇÃO E EMPREENDIMENTO IMOBILIARIO SPE LTDA | H6: 423132 - NETCORP REALITA - ITAU | I6: 0 | J6: 1102 - INCORPORACAO - TOLEDO BARBOSA | K6: 2.02.03.01 - Assessoria e Consultoria em Projetos Técnicos (Eng 1 27163,8 | L6: 27163.8 | M6: 44335 | N6: CP | O6: Pagamento FAR SISTEMA DE DECORACAO PLANEJADA LTDA. | P6: Pagamento FAR SISTEMA DE DECORACAO PLANEJADA LTDA. | Q6: -27163.8 | R6: 0 | S6: 40297.2 | T6: FAR SISTEMA DE DECORACAO PLANEJADA LTDA. | U6: -27163.8 | V6: 27163.8 | W6: 0 | X6: 44317 | Z6: Incorporação - Projetos | AA6: Incorporação | AB6: sim
A7: REALITA BELEM | B7: 44335 | C7: Itaú | D7: 42313-2 | E7: 2 - SPE's | F7: 01/01/2021 até 31/12/2022 | G7: 11 - NETCORP REALITA INCORPORAÇÃO E EMPREENDIMENTO IMOBILIARIO SPE LTDA | H7: 423132 - NETCORP REALITA - ITAU | I7: 0 | J7: 1102 - INCORPORACAO - TOLEDO BARBOSA | K7: 2.02.03.01 - Assessoria e Consultoria em Projetos Técnicos (Eng 1 31650,47 | L7: 31650.47 | M7: 44335 | N7: CP | O7: Pagamento FAR SISTEMA DE DECORACAO PLANEJADA LTDA. | P7: Pagamento FAR SISTEMA DE DECORACAO PLANEJADA LTDA. | Q7: -31650.47 | R7: 0 | S7: 8646.73 | T7: FAR SISTEMA DE DECORACAO PLANEJADA LTDA. | U7: -31650.47 | V7: 31650.47 | W7: 0 | X7: 44317 | Z7: Incorporação - Projetos | AA7: Incorporação | AB7: sim
A8: REALITA BELEM | B8: 44335 | C8: Itaú | D8: 42313-2 | E8: 2 - SPE's | F8: 01/01/2021 até 31/12/2022 | G8: 11 - NETCORP REALITA INCORPORAÇÃO E EMPREENDIMENTO IMOBILIARIO SPE LTDA | H8: 423132 - NETCORP REALITA - ITAU | I8: 0 | J8: 1102 - INCORPORACAO - TOLEDO BARBOSA | K8: 2.02.03.01 - Assessoria e Consultoria em Projetos Técnicos (Eng 1 7500 | L8: 7500 | M8: 44335 | N8: CP | O8: Pagamento FAR SISTEMA DE DECORACAO PLANEJADA LTDA. | P8: Pagamento FAR SISTEMA DE DECORACAO PLANEJADA LTDA. | Q8: -7500 | R8: 0 | S8: 1146.73 | T8: FAR SISTEMA DE DECORACAO PLANEJADA LTDA. | U8: -7500 | V8: 7500 | W8: 0 | X8: 44317 | Z8: Incorporação - Projetos | AA8: Incorporação | AB8: sim
A9: REALITA BELEM | B9: 44335 | C9: Itaú | D9: 42313-2 | E9: 2 - SPE's | F9: 01/01/2021 até 31/12/2022 | G9: 11 - NETCORP REALITA INCORPORAÇÃO E EMPREENDIMENTO IMOBILIARIO SPE LTDA | H9: 423132 - NETCORP REALITA - ITAU | I9: 0 | J9: 1102 - INCORPORACAO - TOLEDO BARBOSA | K9: 1.03.01.01 - Receita de Aplicações Financeiras 1 0,02 | L9: 0.02 | M9: 44335 | N9: BC | O9: Rendimento de aplicação | P9: Rendimento de aplicação | Q9: 0 | R9: 0.02 | S9: 1146.75 | U9: 0.02 | V9: 0.02 | W9: 0 | X9: 44317 | Z9: Rendimento Aplicações | AA9: Outras Receitas | AB9: sim
A10: REALITA BELEM | B10: 44343 | C10: Itaú | D10: 42313-2 | E10: 2 - SPE's | F10: 01/01/2021 até 31/12/2022 | G10: 11 - NETCORP REALITA INCORPORAÇÃO E EMPREENDIMENTO IMOBILIARIO SPE LTDA | H10: 423132 - NETCORP REALITA - ITAU | I10: 0 | J10: 1102 - INCORPORACAO - TOLEDO BARBOSA | K10: 1.03.01.01 - Receita de Aplicações Financeiras 1 0,01 | L10: 0.01 | M10: 44343 | N10: BC | O10: Rendimento de aplicação | P10: Rendimento de aplicação | Q10: 0 | R10: 0.01 | S10: 1146.76 | U10: 0.01 | V10: 0.01 | W10: 0 | X10: 44317 | Z10: Rendimento Aplicações | AA10: Outras Receitas | AB10: sim
A11: REALITA BELEM | B11: 44343 | C11: Itaú | D11: 42313-2 | E11: 2 - SPE's | F11: 01/01/2021 até 31/12/2022 | G11: 11 - NETCORP REALITA INCORPORAÇÃO E EMPREENDIMENTO IMOBILIARIO SPE LTDA | H11: 423132 - NETCORP REALITA - ITAU | I11: 0 | J11: 1102 - INCORPORACAO - TOLEDO BARBOSA | K11: 1.05.01.01 - Entradas de Aportes de Sócios / Investidores 1 450 | L11: 450 | M11: 44343 | N11: CR | O11: Recebimento NC HOLDING EMPREENDIMENTOS E PARTICIPACOES LTDA | P11: Recebimento NC HOLDING EMPREENDIMENTOS E PARTICIPACOES LTDA | Q11: 0 | R11: 450 | S11: 1596.76 | U11: 450 | V11: 450 | W11: 0 | X11: 44317 | Z11: Aporte Netcorp | AA11: Aporte Netcorp | AB11: sim
A12: REALITA BELEM | B12: 44344 | C12: Itaú | D12: 42313-2 | E12: 2 - SPE's | F12: 01/01/2021 até 31/12/2022 | G12: 11 - NETCORP REALITA INCORPORAÇÃO E EMPREENDIMENTO IMOBILIARIO SPE LTDA | H12: 423132 - NETCORP REALITA - ITAU | I12: 0 | J12: 1102 - INCORPORACAO - TOLEDO BARBOSA | K12: 2.01.03.04 - Alvarás, Emolumentos, Taxas e Custos Legais 1 1101,05 | L12: 1101.05 | M12: 44344 | N12: CP | O12: Pagamento ASSOCIACAO DOS REGISTRADORES IMOBILIARIOS DE SAO PAULO | P12: Pagamento ASSOCIACAO DOS REGISTRADORES IMOBILIARIOS DE SAO PAULO | Q12: -1101.05 | R12: 0 | S12: 495.71 | T12: ASSOCIACAO DOS REGISTRADORES IMOBILIARIOS DE SAO PAULO | U12: -1101.05 | V12: 1101.05 | W12: 0 | X12: 44317 | Z12: Incorporação - Despesas Legais, Tributos, Emolumentos | AA12: Incorporação | AB12: sim
A13: REALITA BELEM | B13: 44344 | C13: Itaú | D13: 42313-2 | E13: 2 - SPE's | F13: 01/01/2021 até 31/12/2022 | G13: 11 - NETCORP REALITA INCORPORAÇÃO E EMPREENDIMENTO IMOBILIARIO SPE LTDA | H13: 423132 - NETCORP REALITA - ITAU | I13: 0 | J13: 1102 - INCORPORACAO - TOLEDO BARBOSA | K13: 2.01.03.04 - Alvarás, Emolumentos, Taxas e Custos Legais 1 173,85 | L13: 173.85 | M13: 44344 | N13: CP | O13: Pagamento ASSOCIACAO DOS REGISTRADORES IMOBILIARIOS DE SAO PAULO | P13: Pagamento ASSOCIACAO DOS REGISTRADORES IMOBILIARIOS DE SAO PAULO | Q13: -173.85 | R13: 0 | S13: 321.86 | T13: ASSOCIACAO DOS REGISTRADORES IMOBILIARIOS DE SAO PAULO | U13: -173.85 | V13: 173.85 | W13: 0 | X13: 44317 | Z13: Incorporação - Despesas Legais, Tributos, Emolumentos | AA13: Incorporação | AB13: sim
A14: REALITA BELEM | B14: 44344 | C14: Itaú | D14: 42313-2 | E14: 2 - SPE's | F14: 01/01/2021 até 31/12/2022 | G14: 11 - NETCORP REALITA INCORPORAÇÃO E EMPREENDIMENTO IMOBILIARIO SPE LTDA | H14: 423132 - NETCORP REALITA - ITAU | I14: 0 | J14: 1102 - INCORPORACAO - TOLEDO BARBOSA | K14: 2.01.03.04 - Alvarás, Emolumentos, Taxas e Custos Legais 1 173,85 | L14: 173.85 | M14: 44344 | N14: CP | O14: Pagamento ASSOCIACAO DOS REGISTRADORES IMOBILIARIOS DE SAO PAULO | P14: Pagamento ASSOCIACAO DOS REGISTRADORES IMOBILIARIOS DE SAO PAULO | Q14: -173.85 | R14: 0 | S14: 148.01 | T14: ASSOCIACAO DOS REGISTRADORES IMOBILIARIOS DE SAO PAULO | U14: -173.85 | V14: 173.85 | W14: 0 | X14: 44317 | Z14: Incorporação - Despesas Legais, Tributos, Emolumentos | AA14: Incorporação | AB14: sim
A15: REALITA BELEM | B15: 44348 | C15: Itaú | D15: 42313-2 | E15: 2 - SPE's | F15: 01/01/2021 até 31/12/2022 | G15: 11 - NETCORP REALITA INCORPORAÇÃO E EMPREENDIMENTO IMOBILIARIO SPE LTDA | H15: 423132 - NETCORP REALITA - ITAU | I15: 0 | J15: 1102 - INCORPORACAO - TOLEDO BARBOSA | K15: 2.01.01.01 - Aquisição de Terreno 1 17070 | L15: 17070 | M15: 44348 | N15: CP | O15: Pagamento BIOAGRI AMBIENTAL LTDA. | P15: Pagamento BIOAGRI AMBIENTAL LTDA. | Q15: -17070 | R15: 0 | S15: -16921.99 | T15: BIOAGRI AMBIENTAL LTDA. | U15: -17070 | V15: 17070 | W15: 0 | X15: 44348 | Z15: Terreno - Aquisição | AA15: Terreno | AB15: sim
A16: REALITA BELEM | B16: 44348 | C16: Itaú | D16: 42313-2 | E16: 2 - SPE's | F16: 01/01/2021 até 31/12/2022 | G16: 11 - NETCORP REALITA INCORPORAÇÃO E EMPREENDIMENTO IMOBILIARIO SPE LTDA | H16: 423132 - NETCORP REALITA - ITAU | I16: 0 | J16: 1102 - INCORPORACAO - TOLEDO BARBOSA | K16: 2.09.01.04 - (-) Retenção de PIS/Cofins/CSLL - Terceiros 1 793,76 | L16: 793.76 | M16: 44348 | N16: CP | O16: Retenção impostos CSRF / BIOAGRI AMBIENTAL LTDA. | P16: Retenção impostos CSRF / BIOAGRI AMBIENTAL LTDA. | Q16: 0 | R16: 793.76 | S16: -16128.23 | T16: BIOAGRI AMBIENTAL LTDA. | U16: 793.76 | V16: 793.76 | W16: 0 | X16: 44348 | Z16: Terreno - Aquisição | AA16: Terreno | AB16: sim
A17: REALITA BELEM | B17: 44348 | C17: Itaú | D17: 42313-2 | E17: 2 - SPE's | F17: 01/01/2021 até 31/12/2022 | G17: 11 - NETCORP REALITA INCORPORAÇÃO E EMPREENDIMENTO IMOBILIARIO SPE LTDA | H17: 423132 - NETCORP REALITA - ITAU | I17: 0 | J17: 1102 - INCORPORACAO - TOLEDO BARBOSA | K17: 2.09.01.01 - (-) Retenção de IR - Terceiros 1 256,05 | L17: 256.05 | M17: 44348 | N17: CP | O17: Retenção impostos IR 1708 / BIOAGRI AMBIENTAL LTDA. | P17: Retenção impostos IR 1708 / BIOAGRI AMBIENTAL LTDA. | Q17: 0 | R17: 256.05 | S17: -15872.18 | T17: BIOAGRI AMBIENTAL LTDA. | U17: 256.05 | V17: 256.05 | W17: 0 | X17: 44348 | Z17: Terreno - Aquisição | AA17: Terreno | AB17: sim
A18: REALITA BELEM | B18: 44348 | C18: Itaú | D18: 42313-2 | E18: 2 - SPE's | F18: 01/01/2021 até 31/12/2022 | G18: 11 - NETCORP REALITA INCORPORAÇÃO E EMPREENDIMENTO IMOBILIARIO SPE LTDA | H18: 423132 - NETCORP REALITA - ITAU | I18: 0 | J18: 1102 - INCORPORACAO - TOLEDO BARBOSA | K18: 2.02.03.01 - Assessoria e Consultoria em Projetos Técnicos (Eng 1 21000 | L18: 21000 | M18: 44348 | N18: CP | O18: Pagamento NURA ARQUITETURA IMOBILIARIA LTDA | P18: Pagamento NURA ARQUITETURA IMOBILIARIA LTDA | Q18: -21000 | R18: 0 | S18: -36872.18 | T18: NURA ARQUITETURA IMOBILIARIA LTDA | U18: -21000 | V18: 21000 | W18: 0 | X18: 44348 | Z18: Incorporação - Projetos | AA18: Incorporação | AB18: sim
A19: REALITA BELEM | B19: 44348 | C19: Itaú | D19: 42313-2 | E19: 2 - SPE's | F19: 01/01/2021 até 31/12/2022 | G19: 11 - NETCORP REALITA INCORPORAÇÃO E EMPREENDIMENTO IMOBILIARIO SPE LTDA | H19: 423132 - NETCORP REALITA - ITAU | I19: 0 | J19: 1102 - INCORPORACAO - TOLEDO BARBOSA | K19: 2.09.01.01 - (-) Retenção de IR - Terceiros 1 315 | L19: 315 | M19: 44348 | N19: CP | O19: Retenção impostos IR 1708 / NURA ARQUITETURA IMOBILIARIA LTDA | P19: Retenção impostos IR 1708 / NURA ARQUITETURA IMOBILIARIA LTDA | Q19: 0 | R19: 315 | S19: -36557.18 | T19: NURA ARQUITETURA IMOBILIARIA LTDA | U19: 315 | V19: 315 | W19: 0 | X19: 44348 | Z19: Incorporação - Projetos | AA19: Incorporação | AB19: sim
A20: REALITA BELEM | B20: 44348 | C20: Itaú | D20: 42313-2 | E20: 2 - SPE's | F20: 01/01/2021 até 31/12/2022 | G20: 11 - NETCORP REALITA INCORPORAÇÃO E EMPREENDIMENTO IMOBILIARIO SPE LTDA | H20: 423132 - NETCORP REALITA - ITAU | I20: 0 | J20: 1102 - INCORPORACAO - TOLEDO BARBOSA | K20: 2.09.01.04 - (-) Retenção de PIS/Cofins/CSLL - Terceiros 1 976,5 | L20: 976.5 | M20: 44348 | N20: CP | O20: Retenção impostos CSRF / NURA ARQUITETURA IMOBILIARIA LTDA | P20: Retenção impostos CSRF / NURA ARQUITETURA IMOBILIARIA LTDA | Q20: 0 | R20: 976.5 | S20: -35580.68 | T20: NURA ARQUITETURA IMOBILIARIA LTDA | U20: 976.5 | V20: 976.5 | W20: 0 | X20: 44348 | Z20: Incorporação - Projetos | AA20: Incorporação | AB20: sim
A21: REALITA BELEM | B21: 44348 | C21: Itaú | D21: 42313-2 | E21: 2 - SPE's | F21: 01/01/2021 até 31/12/2022 | G21: 11 - NETCORP REALITA INCORPORAÇÃO E EMPREENDIMENTO IMOBILIARIO SPE LTDA | H21: 423132 - NETCORP REALITA - ITAU | I21: 0 | J21: 1102 - INCORPORACAO - TOLEDO BARBOSA | K21: 2.02.03.01 - Assessoria e Consultoria em Projetos Técnicos (Eng 1 13000 | L21: 13000 | M21: 44348 | N21: CP | O21: Pagamento QUALCOMTEC GEOTECNIA E MEIO AMBIENTE LTDA. | P21: Pagamento QUALCOMTEC GEOTECNIA E MEIO AMBIENTE LTDA. | Q21: -13000 | R21: 0 | S21: -48580.68 | T21: QUALCOMTEC GEOTECNIA E MEIO AMBIENTE LTDA. | U21: -13000 | V21: 13000 | W21: 0 | X21: 44348 | Z21: Incorporação - Projetos | AA21: Incorporação | AB21: sim
A22: REALITA BELEM | B22: 44348 | C22: Itaú | D22: 42313-2 | E22: 2 - SPE's | F22: 01/01/2021 até 31/12/2022 | G22: 11 - NETCORP REALITA INCORPORAÇÃO E EMPREENDIMENTO IMOBILIARIO SPE LTDA | H22: 423132 - NETCORP REALITA - ITAU | I22: 0 | J22: 1102 - INCORPORACAO - TOLEDO BARBOSA | K22: 2.05.01.07 - Multas, Juros e Correções por Atraso no Pagamento 1 4,07 | L22: 4.07 | M22: 44348 | N22: CP | O22: Pagto juros QUALCOMTEC GEOTECNIA E MEIO AMBIENTE LTDA. | P22: Pagto juros QUALCOMTEC GEOTECNIA E MEIO AMBIENTE LTDA. | Q22: -4.07 | R22: 0 | S22: -48584.75 | U22: -4.07 | V22: 4.07 | W22: 0 | X22: 44348 | Z22: Incorporação - Projetos | AA22: Incorporação | AB22: sim
A23: REALITA BELEM | B23: 44348 | C23: Itaú | D23: 42313-2 | E23: 2 - SPE's | F23: 01/01/2021 até 31/12/2022 | G23: 11 - NETCORP REALITA INCORPORAÇÃO E EMPREENDIMENTO IMOBILIARIO SPE LTDA | H23: 423132 - NETCORP REALITA - ITAU | I23: 0 | J23: 1102 - INCORPORACAO - TOLEDO BARBOSA | K23: 2.05.01.07 - Multas, Juros e Correções por Atraso no Pagamento 1 122,01 | L23: 122.01 | M23: 44348 | N23: CP | O23: Pagto multa QUALCOMTEC GEOTECNIA E MEIO AMBIENTE LTDA. | P23: Pagto multa QUALCOMTEC GEOTECNIA E MEIO AMBIENTE LTDA. | Q23: -122.01 | R23: 0 | S23: -48706.76 | U23: -122.01 | V23: 122.01 | W23: 0 | X23: 44348 | Z23: Incorporação - Projetos | AA23: Incorporação | AB23: sim
A24: REALITA BELEM | B24: 44348 | C24: Itaú | D24: 42313-2 | E24: 2 - SPE's | F24: 01/01/2021 até 31/12/2022 | G24: 11 - NETCORP REALITA INCORPORAÇÃO E EMPREENDIMENTO IMOBILIARIO SPE LTDA | H24: 423132 - NETCORP REALITA - ITAU | I24: 0 | J24: 1102 - INCORPORACAO - TOLEDO BARBOSA | K24: 2.09.01.01 - (-) Retenção de IR - Terceiros 1 195 | L24: 195 | M24: 44348 | N24: CP | O24: Retenção impostos IR 1708 / QUALCOMTEC GEOTECNIA E MEIO AMBIENTE LTDA. | P24: Retenção impostos IR 1708 / QUALCOMTEC GEOTECNIA E MEIO AMBIENTE LTDA. | Q24: 0 | R24: 195 | S24: -48511.76 | T24: QUALCOMTEC GEOTECNIA E MEIO AMBIENTE LTDA. | U24: 195 | V24: 195 | W24: 0 | X24: 44348 | Z24: Incorporação - Projetos | AA24: Incorporação | AB24: sim
A25: REALITA BELEM | B25: 44348 | C25: Itaú | D25: 42313-2 | E25: 2 - SPE's | F25: 01/01/2021 até 31/12/2022 | G25: 11 - NETCORP REALITA INCORPORAÇÃO E EMPREENDIMENTO IMOBILIARIO SPE LTDA | H25: 423132 - NETCORP REALITA - ITAU | I25: 0 | J25: 1102 - INCORPORACAO - TOLEDO BARBOSA | K25: 2.09.01.04 - (-) Retenção de PIS/Cofins/CSLL - Terceiros 1 604,5 | L25: 604.5 | M25: 44348 | N25: CP | O25: Retenção impostos CSRF / QUALCOMTEC GEOTECNIA E MEIO AMBIENTE LTDA. | P25: Retenção impostos CSRF / QUALCOMTEC GEOTECNIA E MEIO AMBIENTE LTDA. | Q25: 0 | R25: 604.5 | S25: -47907.26 | T25: QUALCOMTEC GEOTECNIA E MEIO AMBIENTE LTDA. | U25: 604.5 | V25: 604.5 | W25: 0 | X25: 44348 | Z25: Incorporação - Projetos | AA25: Incorporação | AB25: sim
A26: REALITA BELEM | B26: 44348 | C26: Itaú | D26: 42313-2 | E26: 2 - SPE's | F26: 01/01/2021 até 31/12/2022 | G26: 11 - NETCORP REALITA INCORPORAÇÃO E EMPREENDIMENTO IMOBILIARIO SPE LTDA | H26: 423132 - NETCORP REALITA - ITAU | I26: 0 | J26: 1102 - INCORPORACAO - TOLEDO BARBOSA | K26: 2.01.01.01 - Aquisição de Terreno 1 30000 | L26: 30000 | M26: 44348 | N26: CP | O26: Pagamento WEBER CONSULTORIA E ENGENHARIA AMBIENTAL LIMITADA | P26: Pagamento WEBER CONSULTORIA E ENGENHARIA AMBIENTAL LIMITADA | Q26: -30000 | R26: 0 | S26: -77907.26 | T26: WEBER CONSULTORIA E ENGENHARIA AMBIENTAL LIMITADA | U26: -30000 | V26: 30000 | W26: 1 | X26: 44348 | Z26: Terreno - Aquisição | AA26: Terreno | AB26: sim
A27: REALITA BELEM | B27: 44348 | C27: Itaú | D27: 42313-2 | E27: 2 - SPE's | F27: 01/01/2021 até 31/12/2022 | G27: 11 - NETCORP REALITA INCORPORAÇÃO E EMPREENDIMENTO IMOBILIARIO SPE LTDA | H27: 423132 - NETCORP REALITA - ITAU | I27: 0 | J27: 1102 - INCORPORACAO - TOLEDO BARBOSA | K27: 2.09.01.01 - (-) Retenção de IR - Terceiros 1 450 | L27: 450 | M27: 44348 | N27: CP | O27: Retenção impostos IR 1708 / WEBER CONSULTORIA E ENGENHARIA AMBIENTAL LIMITADA | P27: Retenção impostos IR 1708 / WEBER CONSULTORIA E ENGENHARIA AMBIENTAL LIMITADA | Q27: 0 | R27: 450 | S27: -77457.26 | T27: WEBER CONSULTORIA E ENGENHARIA AMBIENTAL LIMITADA | U27: 450 | V27: 450 | W27: 0 | X27: 44348 | Z27: Terreno - Aquisição | AA27: Terreno | AB27: sim
A28: REALITA BELEM | B28: 44348 | C28: Itaú | D28: 42313-2 | E28: 2 - SPE's | F28: 01/01/2021 até 31/12/2022 | G28: 11 - NETCORP REALITA INCORPORAÇÃO E EMPREENDIMENTO IMOBILIARIO SPE LTDA | H28: 423132 - NETCORP REALITA - ITAU | I28: 0 | J28: 1102 - INCORPORACAO - TOLEDO BARBOSA | K28: 2.09.01.04 - (-) Retenção de PIS/Cofins/CSLL - Terceiros 1 1395 | L28: 1395 | M28: 44348 | N28: CP | O28: Retenção impostos CSRF / WEBER CONSULTORIA E ENGENHARIA AMBIENTAL LIMITADA | P28: Retenção impostos CSRF / WEBER CONSULTORIA E ENGENHARIA AMBIENTAL LIMITADA | Q28: 0 | R28: 1395 | S28: -76062.26 | T28: WEBER CONSULTORIA E ENGENHARIA AMBIENTAL LIMITADA | U28: 1395 | V28: 1395 | W28: 0 | X28: 44348 | Z28: Terreno - Aquisição | AA28: Terreno | AB28: sim
A29: REALITA BELEM | B29: 44348 | C29: Itaú | D29: 42313-2 | E29: 2 - SPE's | F29: 01/01/2021 até 31/12/2022 | G29: 11 - NETCORP REALITA INCORPORAÇÃO E EMPREENDIMENTO IMOBILIARIO SPE LTDA | H29: 423132 - NETCORP REALITA - ITAU | I29: 0 | J29: 1102 - INCORPORACAO - TOLEDO BARBOSA | K29: 2.02.03.04 - Assessoria e Consultoria Contábil 1 1050 | L29: 1050 | M29: 44348 | N29: CP | O29: Pagamento NOVA PLANO - SUPORTE ADMINISTRATIVO LTDA | P29: Pagamento NOVA PLANO - SUPORTE ADMINISTRATIVO LTDA | Q29: -1050 | R29: 0 | S29: -77112.26 | T29: NOVA PLANO - SUPORTE ADMINISTRATIVO LTDA | U29: -1050 | V29: 1050 | W29: 0 | X29: 44348 | Z29: Despesas Administrativas - Auditoria Contábil | AA29: Despesas Administrativas | AB29: sim
A30: REALITA BELEM | B30: 44348 | C30: Itaú | D30: 42313-2 | E30: 2 - SPE's | F30: 01/01/2021 até 31/12/2022 | G30: 11 - NETCORP REALITA INCORPORAÇÃO E EMPREENDIMENTO IMOBILIARIO SPE LTDA | H30: 423132 - NETCORP REALITA - ITAU | I30: 0 | J30: 1102 - INCORPORACAO - TOLEDO BARBOSA | K30: 2.02.03.01 - Assessoria e Consultoria em Projetos Técnicos (Eng 1 15925,01 | L30: 15925.01 | M30: 44348 | N30: CP | O30: Pagamento ENGESOLOS ENGENHARIA DE SOLOS E FUNDACOES LTDA. | P30: Pagamento ENGESOLOS ENGENHARIA DE SOLOS E FUNDACOES LTDA. | Q30: -15925.01 | R30: 0 | S30: -93037.27 | T30: ENGESOLOS ENGENHARIA DE SOLOS E FUNDACOES LTDA. | U30: -15925.01 | V30: 15925.01 | W30: 0 | X30: 44348 | Z30: Incorporação - Projetos | AA30: Incorporação | AB30: sim
A31: REALITA BELEM | B31: 44348 | C31: Itaú | D31: 42313-2 | E31: 2 - SPE's | F31: 01/01/2021 até 31/12/2022 | G31: 11 - NETCORP REALITA INCORPORAÇÃO E EMPREENDIMENTO IMOBILIARIO SPE LTDA | H31: 423132 - NETCORP REALITA - ITAU | I31: 0 | J31: 1102 - INCORPORACAO - TOLEDO BARBOSA | K31: 2.05.01.07 - Multas, Juros e Correções por Atraso no Pagamento 1 154,44 | L31: 154.44 | M31: 44348 | N31: CP | O31: Pagto juros ENGESOLOS ENGENHARIA DE SOLOS E FUNDACOES LTDA. | P31: Pagto juros ENGESOLOS ENGENHARIA DE SOLOS E FUNDACOES LTDA. | Q31: -154.44 | R31: 0 | S31: -93191.71 | U31: -154.44 | V31: 154.44 | W31: 0 | X31: 44348 | Z31: Incorporação - Projetos | AA31: Incorporação | AB31: sim
A32: REALITA BELEM | B32: 44348 | C32: Itaú | D32: 42313-2 | E32: 2 - SPE's | F32: 01/01/2021 até 31/12/2022 | G32: 11 - NETCORP REALITA INCORPORAÇÃO E EMPREENDIMENTO IMOBILIARIO SPE LTDA | H32: 423132 - NETCORP REALITA - ITAU | I32: 0 | J32: 1102 - INCORPORACAO - TOLEDO BARBOSA | K32: 2.09.01.01 - (-) Retenção de IR - Terceiros 1 238,88 | L32: 238.88 | M32: 44348 | N32: CP | O32: Retenção impostos IR 1708 / ENGESOLOS ENGENHARIA DE SOLOS E FUNDACOES LTDA. | P32: Retenção impostos IR 1708 / ENGESOLOS ENGENHARIA DE SOLOS E FUNDACOES LTDA. | Q32: 0 | R32: 238.88 | S32: -92952.83 | T32: ENGESOLOS ENGENHARIA DE SOLOS E FUNDACOES LTDA. | U32: 238.88 | V32: 238.88 | W32: 0 | X32: 44348 | Z32: Incorporação - Projetos | AA32: Incorporação | AB32: sim
A33: REALITA BELEM | B33: 44348 | C33: Itaú | D33: 42313-2 | E33: 2 - SPE's | F33: 01/01/2021 até 31/12/2022 | G33: 11 - NETCORP REALITA INCORPORAÇÃO E EMPREENDIMENTO IMOBILIARIO SPE LTDA | H33: 423132 - NETCORP REALITA - ITAU | I33: 0 | J33: 1102 - INCORPORACAO - TOLEDO BARBOSA | K33: 2.09.01.04 - (-) Retenção de PIS/Cofins/CSLL - Terceiros 1 740,51 | L33: 740.51 | M33: 44348 | N33: CP | O33: Retenção impostos CSRF / ENGESOLOS ENGENHARIA DE SOLOS E FUNDACOES LTDA. | P33: Retenção impostos CSRF / ENGESOLOS ENGENHARIA DE SOLOS E FUNDACOES LTDA. | Q33: 0 | R33: 740.51 | S33: -92212.32 | T33: ENGESOLOS ENGENHARIA DE SOLOS E FUNDACOES LTDA. | U33: 740.51 | V33: 740.51 | W33: 0 | X33: 44348 | Z33: Incorporação - Projetos | AA33: Incorporação | AB33: sim
A34: REALITA BELEM | B34: 44348 | C34: Itaú | D34: 42313-2 | E34: 2 - SPE's | F34: 01/01/2021 até 31/12/2022 | G34: 11 - NETCORP REALITA INCORPORAÇÃO E EMPREENDIMENTO IMOBILIARIO SPE LTDA | H34: 423132 - NETCORP REALITA - ITAU | I34: 0 | J34: 1102 - INCORPORACAO - TOLEDO BARBOSA | K34: 1.05.01.01 - Entradas de Aportes de Sócios / Investidores 1 93000 | L34: 93000 | M34: 44348 | N34: CR | O34: Recebimento NC HOLDING EMPREENDIMENTOS E PARTICIPACOES LTDA | P34: Recebimento NC HOLDING EMPREENDIMENTOS E PARTICIPACOES LTDA | Q34: 0 | R34: 93000 | S34: 787.68 | U34: 93000 | V34: 93000 | W34: 0 | X34: 44348 | Z34: Aporte Netcorp | AA34: Aporte Netcorp | AB34: sim
A35: REALITA BELEM | B35: 44349 | C35: Itaú | D35: 42313-2 | E35: 2 - SPE's | F35: 01/01/2021 até 31/12/2022 | G35: 11 - NETCORP REALITA INCORPORAÇÃO E EMPREENDIMENTO IMOBILIARIO SPE LTDA | H35: 423132 - NETCORP REALITA - ITAU | I35: 0 | J35: 1102 - INCORPORACAO - TOLEDO BARBOSA | K35: 2.05.01.05 - Despesas e Tarifas Bancárias 1 0,9 | L35: 0.9 | M35: 44349 | N35: BC | O35: Pag. tarifa conta | P35: Pag. tarifa conta | Q35: -0.9 | R35: 0 | S35: 786.78 | U35: -0.9 | V35: 0.9 | W35: 0 | X35: 44348 | Z35: Despesas Financeiras - Tarifas | AA35: Despesas Financeiras - Tarifas | AB35: sim
A36: REALITA BELEM | B36: 44349 | C36: Itaú | D36: 42313-2 | E36: 2 - SPE's | F36: 01/01/2021 até 31/12/2022 | G36: 11 - NETCORP REALITA INCORPORAÇÃO E EMPREENDIMENTO IMOBILIARIO SPE LTDA | H36: 423132 - NETCORP REALITA - ITAU | I36: 0 | J36: 1102 - INCORPORACAO - TOLEDO BARBOSA | K36: 2.05.01.05 - Despesas e Tarifas Bancárias 1 16,64 | L36: 16.64 | M36: 44349 | N36: BC | O36: Pag. tarifa conta | P36: Pag. tarifa conta | Q36: -16.64 | R36: 0 | S36: 770.14 | U36: -16.64 | V36: 16.64 | W36: 0 | X36: 44348 | Z36: Despesas Financeiras - Tarifas | AA36: Despesas Financeiras - Tarifas | AB36: sim
A37: REALITA BELEM | B37: 44349 | C37: Itaú | D37: 42313-2 | E37: 2 - SPE's | F37: 01/01/2021 até 31/12/2022 | G37: 11 - NETCORP REALITA INCORPORAÇÃO E EMPREENDIMENTO IMOBILIARIO SPE LTDA | H37: 423132 - NETCORP REALITA - ITAU | I37: 0 | J37: 1102 - INCORPORACAO - TOLEDO BARBOSA | K37: 2.05.01.05 - Despesas e Tarifas Bancárias 1 273 | L37: 273 | M37: 44349 | N37: BC | O37: Pag. tarifa conta | P37: Pag. tarifa conta | Q37: -273 | R37: 0 | S37: 497.14 | U37: -273 | V37: 273 | W37: 0 | X37: 44348 | Z37: Despesas Financeiras - Tarifas | AA37: Despesas Financeiras - Tarifas | AB37: sim
A38: REALITA BELEM | B38: 44362 | C38: Itaú | D38: 42313-2 | E38: 2 - SPE's | F38: 01/01/2021 até 31/12/2022 | G38: 11 - NETCORP REALITA INCORPORAÇÃO E EMPREENDIMENTO IMOBILIARIO SPE LTDA | H38: 423132 - NETCORP REALITA - ITAU | I38: 0 | J38: 1102 - INCORPORACAO - TOLEDO BARBOSA | K38: 1.05.01.01 - Entradas de Aportes de Sócios / Investidores 1 5500 | L38: 5500 | M38: 44362 | N38: CR | O38: Recebimento NC HOLDING EMPREENDIMENTOS E PARTICIPACOES LTDA | P38: Recebimento NC HOLDING EMPREENDIMENTOS E PARTICIPACOES LTDA | Q38: 0 | R38: 5500 | S38: 5997.14 | U38: 5500 | V38: 5500 | W38: 0 | X38: 44348 | Z38: Aporte Netcorp | AA38: Aporte Netcorp | AB38: sim
A39: REALITA BELEM | B39: 44372 | C39: Itaú | D39: 42313-2 | E39: 2 - SPE's | F39: 01/01/2021 até 31/12/2022 | G39: 11 - NETCORP REALITA INCORPORAÇÃO E EMPREENDIMENTO IMOBILIARIO SPE LTDA | H39: 423132 - NETCORP REALITA - ITAU | I39: 0 | J39: 1102 - INCORPORACAO - TOLEDO BARBOSA | K39: 1.05.01.01 - Entradas de Aportes de Sócios / Investidores 1 6000 | L39: 6000 | M39: 44372 | N39: CR | O39: Recebimento NC HOLDING EMPREENDIMENTOS E PARTICIPACOES LTDA | P39: Recebimento NC HOLDING EMPREENDIMENTOS E PARTICIPACOES LTDA | Q39: 0 | R39: 6000 | S39: 11997.14 | U39: 6000 | V39: 6000 | W39: 0 | X39: 44348 | Z39: Aporte Netcorp | AA39: Aporte Netcorp | AB39: sim
A40: REALITA BELEM | B40: 44376 | C40: Itaú | D40: 42313-2 | E40: 2 - SPE's | F40: 01/01/2021 até 31/12/2022 | G40: 11 - NETCORP REALITA INCORPORAÇÃO E EMPREENDIMENTO IMOBILIARIO SPE LTDA | H40: 423132 - NETCORP REALITA - ITAU | I40: 0 | J40: 1102 - INCORPORACAO - TOLEDO BARBOSA | K40: 2.09.02.01 - Recolhimento de IRRF - Terceiros 1 195 | L40: 195 | M40: 44376 | N40: CP | O40: Pagamento Secretaria de Fazenda Federal | P40: Pagamento Secretaria de Fazenda Federal | Q40: -195 | R40: 0 | S40: 11802.14 | T40: Secretaria de Fazenda Federal | U40: -195 | V40: 195 | W40: 0 | X40: 44348 | Z40: Incorporação - Projetos | AA40: Incorporação | AB40: sim
A41: REALITA BELEM | B41: 44376 | C41: Itaú | D41: 42313-2 | E41: 2 - SPE's | F41: 01/01/2021 até 31/12/2022 | G41: 11 - NETCORP REALITA INCORPORAÇÃO E EMPREENDIMENTO IMOBILIARIO SPE LTDA | H41: 423132 - NETCORP REALITA - ITAU | I41: 0 | J41: 1102 - INCORPORACAO - TOLEDO BARBOSA | K41: 2.09.02.01 - Recolhimento de IRRF - Terceiros 1 450 | L41: 450 | M41: 44376 | N41: CP | O41: Pagamento Secretaria de Fazenda Federal | P41: Pagamento Secretaria de Fazenda Federal | Q41: -450 | R41: 0 | S41: 11352.14 | T41: Secretaria de Fazenda Federal | U41: -450 | V41: 450 | W41: 0 | X41: 44348 | Z41: Terreno - Aquisição | AA41: Terreno | AB41: sim
A42: REALITA BELEM | B42: 44376 | C42: Itaú | D42: 42313-2 | E42: 2 - SPE's | F42: 01/01/2021 até 31/12/2022 | G42: 11 - NETCORP REALITA INCORPORAÇÃO E EMPREENDIMENTO IMOBILIARIO SPE LTDA | H42: 423132 - NETCORP REALITA - ITAU | I42: 0 | J42: 1102 - INCORPORACAO - TOLEDO BARBOSA | K42: 2.09.02.01 - Recolhimento de IRRF - Terceiros 1 315 | L42: 315 | M42: 44376 | N42: CP | O42: Pagamento Secretaria de Fazenda Federal | P42: Pagamento Secretaria de Fazenda Federal | Q42: -315 | R42: 0 | S42: 11037.14 | T42: Secretaria de Fazenda Federal | U42: -315 | V42: 315 | W42: 0 | X42: 44348 | Z42: Incorporação - Projetos | AA42: Incorporação | AB42: sim
A43: REALITA BELEM | B43: 44376 | C43: Itaú | D43: 42313-2 | E43: 2 - SPE's | F43: 01/01/2021 até 31/12/2022 | G43: 11 - NETCORP REALITA INCORPORAÇÃO E EMPREENDIMENTO IMOBILIARIO SPE LTDA | H43: 423132 - NETCORP REALITA - ITAU | I43: 0 | J43: 1102 - INCORPORACAO - TOLEDO BARBOSA | K43: 2.09.02.01 - Recolhimento de IRRF - Terceiros 1 238,88 | L43: 238.88 | M43: 44376 | N43: CP | O43: Pagamento Secretaria de Fazenda Federal | P43: Pagamento Secretaria de Fazenda Federal | Q43: -238.88 | R43: 0 | S43: 10798.26 | T43: Secretaria de Fazenda Federal | U43: -238.88 | V43: 238.88 | W43: 0 | X43: 44348 | Z43: Incorporação - Projetos | AA43: Incorporação | AB43: sim
A44: REALITA BELEM | B44: 44376 | C44: Itaú | D44: 42313-2 | E44: 2 - SPE's | F44: 01/01/2021 até 31/12/2022 | G44: 11 - NETCORP REALITA INCORPORAÇÃO E EMPREENDIMENTO IMOBILIARIO SPE LTDA | H44: 423132 - NETCORP REALITA - ITAU | I44: 0 | J44: 1102 - INCORPORACAO - TOLEDO BARBOSA | K44: 2.09.02.04 - Recolhimento de PIS/Cofins/CSLL - Terceiros 1 740,51 | L44: 740.51 | M44: 44376 | N44: CP | O44: Pagamento Secretaria de Fazenda Federal | P44: Pagamento Secretaria de Fazenda Federal | Q44: -740.51 | R44: 0 | S44: 10057.75 | T44: Secretaria de Fazenda Federal | U44: -740.51 | V44: 740.51 | W44: 0 | X44: 44348 | Z44: Incorporação - Projetos | AA44: Incorporação | AB44: sim
A45: REALITA BELEM | B45: 44376 | C45: Itaú | D45: 42313-2 | E45: 2 - SPE's | F45: 01/01/2021 até 31/12/2022 | G45: 11 - NETCORP REALITA INCORPORAÇÃO E EMPREENDIMENTO IMOBILIARIO SPE LTDA | H45: 423132 - NETCORP REALITA - ITAU | I45: 0 | J45: 1102 - INCORPORACAO - TOLEDO BARBOSA | K45: 2.09.02.04 - Recolhimento de PIS/Cofins/CSLL - Terceiros 1 976,5 | L45: 976.5 | M45: 44376 | N45: CP | O45: Pagamento Secretaria de Fazenda Federal | P45: Pagamento Secretaria de Fazenda Federal | Q45: -976.5 | R45: 0 | S45: 9081.25 | T45: Secretaria de Fazenda Federal | U45: -976.5 | V45: 976.5 | W45: 0 | X45: 44348 | Z45: Incorporação - Projetos | AA45: Incorporação | AB45: sim
A46: REALITA BELEM | B46: 44376 | C46: Itaú | D46: 42313-2 | E46: 2 - SPE's | F46: 01/01/2021 até 31/12/2022 | G46: 11 - NETCORP REALITA INCORPORAÇÃO E EMPREENDIMENTO IMOBILIARIO SPE LTDA | H46: 423132 - NETCORP REALITA - ITAU | I46: 0 | J46: 1102 - INCORPORACAO - TOLEDO BARBOSA | K46: 2.09.02.04 - Recolhimento de PIS/Cofins/CSLL - Terceiros 1 1395 | L46: 1395 | M46: 44376 | N46: CP | O46: Pagamento Secretaria de Fazenda Federal | P46: Pagamento Secretaria de Fazenda Federal | Q46: -1395 | R46: 0 | S46: 7686.25 | T46: Secretaria de Fazenda Federal | U46: -1395 | V46: 1395 | W46: 0 | X46: 44348 | Z46: Terreno - Aquisição | AA46: Terreno | AB46: sim
A47: REALITA BELEM | B47: 44376 | C47: Itaú | D47: 42313-2 | E47: 2 - SPE's | F47: 01/01/2021 até 31/12/2022 | G47: 11 - NETCORP REALITA INCORPORAÇÃO E EMPREENDIMENTO IMOBILIARIO SPE LTDA | H47: 423132 - NETCORP REALITA - ITAU | I47: 0 | J47: 1102 - INCORPORACAO - TOLEDO BARBOSA | K47: 1.02.03.04 - (-) Retenção de PIS/Cofins/CSLL 1 520,8 | L47: 520.8 | M47: 44376 | N47: BC | O47: Retenção impostos CRSF / NF 1366 | P47: Retenção impostos CRSF/ NF 1366 | Q47: -520.8 | R47: 0 | S47: 7165.45 | T47: NF 1366 | U47: -520.8 | V47: 520.8 | W47: 0 | X47: 44348 | Z47: Incorporação - Projetos | AA47: Incorporação | AB47: sim
A48: REALITA BELEM | B48: 44376 | C48: Itaú | D48: 42313-2 | E48: 2 - SPE's | F48: 01/01/2021 até 31/12/2022 | G48: 11 - NETCORP REALITA INCORPORAÇÃO E EMPREENDIMENTO IMOBILIARIO SPE LTDA | H48: 423132 - NETCORP REALITA - ITAU | I48: 0 | J48: 1102 - INCORPORACAO - TOLEDO BARBOSA | K48: 2.09.02.04 - Recolhimento de PIS/Cofins/CSLL - Terceiros 1 604,5 | L48: 604.5 | M48: 44376 | N48: CP | O48: Pagamento Secretaria de Fazenda Federal | P48: Pagamento Secretaria de Fazenda Federal | Q48: -604.5 | R48: 0 | S48: 6560.95 | T48: Secretaria de Fazenda Federal | U48: -604.5 | V48: 604.5 | W48: 0 | X48: 44348 | Z48: Incorporação - Projetos | AA48: Incorporação | AB48: sim
A49: REALITA BELEM | B49: 44376 | C49: Itaú | D49: 42313-2 | E49: 2 - SPE's | F49: 01/01/2021 até 31/12/2022 | G49: 11 - NETCORP REALITA INCORPORAÇÃO E EMPREENDIMENTO IMOBILIARIO SPE LTDA | H49: 423132 - NETCORP REALITA - ITAU | I49: 0 | J49: 1102 - INCORPORACAO - TOLEDO BARBOSA | K49: 2.05.01.07 - Multas, Juros e Correções por Atraso no Pagamento 1 40,59 | L49: 40.59 | M49: 44376 | N49: BC | O49: Retenção impostos / MULTA POR ATRASO IRRF 052021 1708 | P49: Retenção impostos MULTA POR ATRASO IRRF 052021 1708 | Q49: -40.59 | R49: 0 | S49: 6520.36 | T49: MULTA POR ATRASO IRRF 052021 1708 | U49: -40.59 | V49: 40.59 | W49: 0 | X49: 44348 | Z49: Incorporação - Projetos | AA49: Incorporação | AB49: sim
A50: REALITA BELEM | B50: 44376 | C50: Itaú | D50: 42313-2 | E50: 2 - SPE's | F50: 01/01/2021 até 31/12/2022 | G50: 11 - NETCORP REALITA INCORPORAÇÃO E EMPREENDIMENTO IMOBILIARIO SPE LTDA | H50: 423132 - NETCORP REALITA - ITAU | I50: 0 | J50: 1102 - INCORPORACAO - TOLEDO BARBOSA | K50: 2.05.01.07 - Multas, Juros e Correções por Atraso no Pagamento 1 125,84 | L50: 125.84 | M50: 44376 | N50: BC | O50: Retenção impostos / MULTA CSRF 5952 052021 | P50: Retenção impostos MULTA CSRF 5952 052021 | Q50: -125.84 | R50: 0 | S50: 6394.52 | T50: MULTA CSRF 5952 052021 | U50: -125.84 | V50: 125.84 | W50: 0 | X50: 44348 | Z50: Despesas Administrativas - Outras | AA50: Despesas Administrativas | AB50: sim
A51: REALITA BELEM | B51: 44376 | C51: Itaú | D51: 42313-2 | E51: 2 - SPE's | F51: 01/01/2021 até 31/12/2022 | G51: 11 - NETCORP REALITA INCORPORAÇÃO E EMPREENDIMENTO IMOBILIARIO SPE LTDA | H51: 423132 - NETCORP REALITA - ITAU | I51: 0 | J51: 1102 - INCORPORACAO - TOLEDO BARBOSA | K51: 2.09.02.01 - Recolhimento de IRRF - Terceiros 1 168 | L51: 168 | M51: 44376 | N51: BC | O51: Retenção impostos / IRRF SOBRE NF 1366 | P51: Retenção impostos IRRF SOBRE NF 1366 | Q51: -168 | R51: 0 | S51: 6226.52 | T51: IRRF SOBRE NF 1366 | U51: -168 | V51: 168 | W51: 0 | X51: 44348 | Z51: Incorporação - Projetos | AA51: Incorporação | AB51: sim
A52: REALITA BELEM | B52: 44376 | C52: Itaú | D52: 42313-2 | E52: 2 - SPE's | F52: 01/01/2021 até 31/12/2022 | G52: 11 - NETCORP REALITA INCORPORAÇÃO E EMPREENDIMENTO IMOBILIARIO SPE LTDA | H52: 423132 - NETCORP REALITA - ITAU | I52: 0 | J52: 1102 - INCORPORACAO - TOLEDO BARBOSA | K52: 1.03.01.01 - Receita de Aplicações Financeiras 1 0,09 | L52: 0.09 | M52: 44376 | N52: BC | O52: Rendimento de aplicação | P52: Rendimento de aplicação | Q52: 0 | R52: 0.09 | S52: 6226.61 | U52: 0.09 | V52: 0.09 | W52: 0 | X52: 44348 | Z52: Rendimento Aplicações | AA52: Outras Receitas | AB52: sim
A53: REALITA BELEM | B53: 44378 | C53: Itaú | D53: 42313-2 | E53: 2 - SPE's | F53: 01/01/2021 até 31/12/2022 | G53: 11 - NETCORP REALITA INCORPORAÇÃO E EMPREENDIMENTO IMOBILIARIO SPE LTDA | H53: 423132 - NETCORP REALITA - ITAU | I53: 0 | J53: 1102 - INCORPORACAO - TOLEDO BARBOSA | K53: 2.06.05.01 - Multas por Autuações Fiscais 1 100 | L53: 100 | M53: 44378 | N53: CP | O53: Pagamento MINISTERIO DA FAZENDA (MULTAS) - 1345 | P53: Pagamento MINISTERIO DA FAZENDA (MULTAS) - 1345 | Q53: -100 | R53: 0 | S53: 6126.61 | T53: MINISTERIO DA FAZENDA (MULTAS) - 1345 | U53: -100 | V53: 100 | W53: 0 | X53: 44378 | Z53: Despesas Administrativas - Outras | AA53: Despesas Administrativas | AB53: sim
A54: REALITA BELEM | B54: 44378 | C54: Itaú | D54: 42313-2 | E54: 2 - SPE's | F54: 01/01/2021 até 31/12/2022 | G54: 11 - NETCORP REALITA INCORPORAÇÃO E EMPREENDIMENTO IMOBILIARIO SPE LTDA | H54: 423132 - NETCORP REALITA - ITAU | I54: 0 | J54: 1102 - INCORPORACAO - TOLEDO BARBOSA | K54: 2.06.05.04 - Multas ref. entrega de obrigações fiscais 1 250 | L54: 250 | M54: 44378 | N54: CP | O54: Pagamento MINISTERIO DA FAZENDA (MULTAS) - 1345 | P54: Pagamento MINISTERIO DA FAZENDA (MULTAS) - 1345 | Q54: -250 | R54: 0 | S54: 5876.61 | T54: MINISTERIO DA FAZENDA (MULTAS) - 1345 | U54: -250 | V54: 250 | W54: 0 | X54: 44378 | Z54: Despesas Administrativas - Outras | AA54: Despesas Administrativas | AB54: sim
A55: REALITA BELEM | B55: 44379 | C55: Itaú | D55: 42313-2 | E55: 2 - SPE's | F55: 01/01/2021 até 31/12/2022 | G55: 11 - NETCORP REALITA INCORPORAÇÃO E EMPREENDIMENTO IMOBILIARIO SPE LTDA | H55: 423132 - NETCORP REALITA - ITAU | I55: 0 | J55: 1102 - INCORPORACAO - TOLEDO BARBOSA | K55: 2.02.03.04 - Assessoria e Consultoria Contábil 1 350 | L55: 350 | M55: 44379 | N55: CP | O55: Pagamento NOVA PLANO - SUPORTE ADMINISTRATIVO LTDA | P55: Pagamento NOVA PLANO - SUPORTE ADMINISTRATIVO LTDA | Q55: -350 | R55: 0 | S55: 5526.61 | T55: NOVA PLANO - SUPORTE ADMINISTRATIVO LTDA | U55: -350 | V55: 350 | W55: 0 | X55: 44378 | Z55: Despesas Administrativas - Auditoria Contábil | AA55: Despesas Administrativas | AB55: sim
A56: REALITA BELEM | B56: 44379 | C56: Itaú | D56: 42313-2 | E56: 2 - SPE's | F56: 01/01/2021 até 31/12/2022 | G56: 11 - NETCORP REALITA INCORPORAÇÃO E EMPREENDIMENTO IMOBILIARIO SPE LTDA | H56: 423132 - NETCORP REALITA - ITAU | I56: 0 | J56: 1102 - INCORPORACAO - TOLEDO BARBOSA | K56: 2.05.01.05 - Despesas e Tarifas Bancárias 1 0,9 | L56: 0.9 | M56: 44379 | N56: BC | O56: Pag. tarifa conta | P56: Pag. tarifa conta | Q56: -0.9 | R56: 0 | S56: 5525.71 | U56: -0.9 | V56: 0.9 | W56: 0 | X56: 44378 | Z56: Despesas Financeiras - Tarifas | AA56: Despesas Financeiras - Tarifas | AB56: sim
A57: REALITA BELEM | B57: 44379 | C57: Itaú | D57: 42313-2 | E57: 2 - SPE's | F57: 01/01/2021 até 31/12/2022 | G57: 11 - NETCORP REALITA INCORPORAÇÃO E EMPREENDIMENTO IMOBILIARIO SPE LTDA | H57: 423132 - NETCORP REALITA - ITAU | I57: 0 | J57: 1102 - INCORPORACAO - TOLEDO BARBOSA | K57: 2.05.01.05 - Despesas e Tarifas Bancárias 1 273 | L57: 273 | M57: 44379 | N57: BC | O57: Tarifa Bancária | P57: Tarifa Bancária | Q57: -273 | R57: 0 | S57: 5252.71 | U57: -273 | V57: 273 | W57: 0 | X57: 44378 | Z57: Despesas Financeiras - Tarifas | AA57: Despesas Financeiras - Tarifas | AB57: sim
A58: REALITA BELEM | B58: 44397 | C58: Itaú | D58: 42313-2 | E58: 2 - SPE's | F58: 01/01/2021 até 31/12/2022 | G58: 11 - NETCORP REALITA INCORPORAÇÃO E EMPREENDIMENTO IMOBILIARIO SPE LTDA | H58: 423132 - NETCORP REALITA - ITAU | I58: 0 | J58: 1102 - INCORPORACAO - TOLEDO BARBOSA | K58: 2.09.02.01 - Recolhimento de IRRF - Terceiros 1 447,45 | L58: 447.45 | M58: 44397 | N58: CP | O58: Pagamento Secretaria de Fazenda Federal | P58: Pagamento Secretaria de Fazenda Federal | Q58: -447.45 | R58: 0 | S58: 4805.26 | T58: Secretaria de Fazenda Federal | U58: -447.45 | V58: 447.45 | W58: 0 | X58: 44378 | Z58: Terreno - Aquisição | AA58: Terreno | AB58: sim
A59: REALITA BELEM | B59: 44397 | C59: Itaú | D59: 42313-2 | E59: 2 - SPE's | F59: 01/01/2021 até 31/12/2022 | G59: 11 - NETCORP REALITA INCORPORAÇÃO E EMPREENDIMENTO IMOBILIARIO SPE LTDA | H59: 423132 - NETCORP REALITA - ITAU | I59: 0 | J59: 1102 - INCORPORACAO - TOLEDO BARBOSA | K59: 1.03.01.01 - Receita de Aplicações Financeiras 1 0,02 | L59: 0.02 | M59: 44397 | N59: BC | O59: Rendimento de aplicação | P59: Rendimento de aplicação | Q59: 0 | R59: 0.02 | S59: 4805.28 | U59: 0.02 | V59: 0.02 | W59: 0 | X59: 44378 | Z59: Rendimento Aplicações | AA59: Outras Receitas | AB59: sim
A60: REALITA BELEM | B60: 44411 | C60: Itaú | D60: 42313-2 | E60: 2 - SPE's | F60: 01/01/2021 até 31/12/2022 | G60: 11 - NETCORP REALITA INCORPORAÇÃO E EMPREENDIMENTO IMOBILIARIO SPE LTDA | H60: 423132 - NETCORP REALITA - ITAU | I60: 0 | J60: 1102 - INCORPORACAO - TOLEDO BARBOSA | K60: 1.03.01.01 - Receita de Aplicações Financeiras 1 0,15 | L60: 0.15 | M60: 44411 | N60: BC | O60: Rendimento de aplicação | P60: Rendimento de aplicação | Q60: 0 | R60: 0.15 | S60: 4805.43 | U60: 0.15 | V60: 0.15 | W60: 0 | X60: 44409 | Z60: Rendimento Aplicações | AA60: Outras Receitas | AB60: sim
A61: REALITA BELEM | B61: 44411 | C61: Itaú | D61: 42313-2 | E61: 2 - SPE's | F61: 01/01/2021 até 31/12/2022 | G61: 11 - NETCORP REALITA INCORPORAÇÃO E EMPREENDIMENTO IMOBILIARIO SPE LTDA | H61: 423132 - NETCORP REALITA - ITAU | I61: 0 | J61: 1102 - INCORPORACAO - TOLEDO BARBOSA | K61: 2.05.01.05 - Despesas e Tarifas Bancárias 1 296 | L61: 296 | M61: 44411 | N61: BC | O61: Pag. tarifa conta | P61: Pag. tarifa conta | Q61: -296 | R61: 0 | S61: 4509.43 | U61: -296 | V61: 296 | W61: 0 | X61: 44409 | Z61: Despesas Financeiras - Tarifas | AA61: Despesas Financeiras - Tarifas | AB61: sim
A62: REALITA BELEM | B62: 44424 | C62: Itaú | D62: 42313-2 | E62: 2 - SPE's | F62: 01/01/2021 até 31/12/2022 | G62: 11 - NETCORP REALITA INCORPORAÇÃO E EMPREENDIMENTO IMOBILIARIO SPE LTDA | H62: 423132 - NETCORP REALITA - ITAU | I62: 0 | J62: 1102 - INCORPORACAO - TOLEDO BARBOSA | K62: 1.05.01.01 - Entradas de Aportes de Sócios / Investidores 1 10000 | L62: 10000 | M62: 44424 | N62: CR | O62: Recebimento NC HOLDING EMPREENDIMENTOS E PARTICIPACOES LTDA | P62: Recebimento NC HOLDING EMPREENDIMENTOS E PARTICIPACOES LTDA | Q62: 0 | R62: 10000 | S62: 14509.43 | U62: 10000 | V62: 10000 | W62: 2 | X62: 44409 | Z62: Aporte Netcorp | AA62: Aporte Netcorp | AB62: sim
A63: REALITA BELEM | B63: 44425 | C63: Itaú | D63: 42313-2 | E63: 2 - SPE's | F63: 01/01/2021 até 31/12/2022 | G63: 11 - NETCORP REALITA INCORPORAÇÃO E EMPREENDIMENTO IMOBILIARIO SPE LTDA | H63: 423132 - NETCORP REALITA - ITAU | I63: 0 | J63: 1102 - INCORPORACAO - TOLEDO BARBOSA | K63: 2.02.03.04 - Assessoria e Consultoria Contábil 1 350 | L63: 350 | M63: 44425 | N63: CP | O63: Pagamento NOVA PLANO - SUPORTE ADMINISTRATIVO LTDA | P63: Pagamento NOVA PLANO - SUPORTE ADMINISTRATIVO LTDA | Q63: -350 | R63: 0 | S63: 14159.43 | T63: NOVA PLANO - SUPORTE ADMINISTRATIVO LTDA | U63: -350 | V63: 350 | W63: 0 | X63: 44409 | Z63: Despesas Administrativas - Auditoria Contábil | AA63: Despesas Administrativas | AB63: sim
A64: REALITA BELEM | B64: 44425 | C64: Itaú | D64: 42313-2 | E64: 2 - SPE's | F64: 01/01/2021 até 31/12/2022 | G64: 11 - NETCORP REALITA INCORPORAÇÃO E EMPREENDIMENTO IMOBILIARIO SPE LTDA | H64: 423132 - NETCORP REALITA - ITAU | I64: 0 | J64: 1102 - INCORPORACAO - TOLEDO BARBOSA | K64: 2.06.02.07 - TFE- Taxa de Fiscalização de Estabelecimento 1 200,58 | L64: 200.58 | M64: 44425 | N64: CP | O64: Pagamento PREFEITURA DE SAO PAULO - TFE | P64: Pagamento PREFEITURA DE SAO PAULO - TFE | Q64: -200.58 | R64: 0 | S64: 13958.85 | T64: PREFEITURA DE SAO PAULO - TFE | U64: -200.58 | V64: 200.58 | W64: 0 | X64: 44409 | Z64: Despesas Administrativas - Outras | AA64: Despesas Administrativas | AB64: sim
A65: REALITA BELEM | B65: 44425 | C65: Itaú | D65: 42313-2 | E65: 2 - SPE's | F65: 01/01/2021 até 31/12/2022 | G65: 11 - NETCORP REALITA INCORPORAÇÃO E EMPREENDIMENTO IMOBILIARIO SPE LTDA | H65: 423132 - NETCORP REALITA - ITAU | I65: 0 | J65: 1102 - INCORPORACAO - TOLEDO BARBOSA | K65: 1.03.01.01 - Receita de Aplicações Financeiras 1 3,28 | L65: 3.28 | M65: 44425 | N65: BC | O65: Rendimento de aplicação | P65: Rendimento de aplicação | Q65: 0 | R65: 3.28 | S65: 13962.13 | U65: 3.28 | V65: 3.28 | W65: 0 | X65: 44409 | Z65: Rendimento Aplicações | AA65: Outras Receitas | AB65: sim
A66: REALITA BELEM | B66: 44425 | C66: Itaú | D66: 42313-2 | E66: 2 - SPE's | F66: 01/01/2021 até 31/12/2022 | G66: 11 - NETCORP REALITA INCORPORAÇÃO E EMPREENDIMENTO IMOBILIARIO SPE LTDA | H66: 423132 - NETCORP REALITA - ITAU | I66: 0 | J66: 1102 - INCORPORACAO - TOLEDO BARBOSA | K66: 2.01.01.01 - Aquisição de Terreno 1 10000 | L66: 10000 | M66: 44425 | N66: CP | O66: Pagamento FRANCISCO FERNANDES NETO | P66: Pagamento FRANCISCO FERNANDES NETO | Q66: -10000 | R66: 0 | S66: 3962.13 | T66: FRANCISCO FERNANDES NETO | U66: -10000 | V66: 10000 | W66: 4 | X66: 44409 | Z66: Terreno - Aquisição | AA66: Terreno | AB66: sim
A67: REALITA BELEM | B67: 44428 | C67: Itaú | D67: 42313-2 | E67: 2 - SPE's | F67: 01/01/2021 até 31/12/2022 | G67: 11 - NETCORP REALITA INCORPORAÇÃO E EMPREENDIMENTO IMOBILIARIO SPE LTDA | H67: 423132 - NETCORP REALITA - ITAU | I67: 0 | J67: 1102 - INCORPORACAO - TOLEDO BARBOSA | K67: 2.09.02.01 - Recolhimento de IRRF - Terceiros 1 175,95 | L67: 175.95 | M67: 44428 | N67: CP | O67: Pagamento Secretaria de Fazenda Federal | P67: Pagamento Secretaria de Fazenda Federal | Q67: -175.95 | R67: 0 | S67: 3786.18 | T67: Secretaria de Fazenda Federal | U67: -175.95 | V67: 175.95 | W67: 0 | X67: 44409 | Z67: Terreno - Aquisição | AA67: Terreno | AB67: sim
A68: REALITA BELEM | B68: 44428 | C68: Itaú | D68: 42313-2 | E68: 2 - SPE's | F68: 01/01/2021 até 31/12/2022 | G68: 11 - NETCORP REALITA INCORPORAÇÃO E EMPREENDIMENTO IMOBILIARIO SPE LTDA | H68: 423132 - NETCORP REALITA - ITAU | I68: 0 | J68: 1102 - INCORPORACAO - TOLEDO BARBOSA | K68: 1.03.01.01 - Receita de Aplicações Financeiras 1 0,01 | L68: 0.01 | M68: 44428 | N68: BC | O68: Rendimento de aplicação | P68: Rendimento de aplicação | Q68: 0 | R68: 0.01 | S68: 3786.19 | U68: 0.01 | V68: 0.01 | W68: 0 | X68: 44409 | Z68: Rendimento Aplicações | AA68: Outras Receitas | AB68: sim
A69: REALITA BELEM | B69: 44428 | C69: Itaú | D69: 42313-2 | E69: 2 - SPE's | F69: 01/01/2021 até 31/12/2022 | G69: 11 - NETCORP REALITA INCORPORAÇÃO E EMPREENDIMENTO IMOBILIARIO SPE LTDA | H69: 423132 - NETCORP REALITA - ITAU | I69: 0 | J69: 1102 - INCORPORACAO - TOLEDO BARBOSA | K69: 2.09.02.04 - Recolhimento de PIS/Cofins/CSLL - Terceiros 1 1387,1 | L69: 1387.1 | M69: 44428 | N69: CP | O69: Pagamento Secretaria de Fazenda Federal | P69: Pagamento Secretaria de Fazenda Federal | Q69: -1387.1 | R69: 0 | S69: 2399.09 | T69: Secretaria de Fazenda Federal | U69: -1387.1 | V69: 1387.1 | W69: 0 | X69: 44409 | Z69: Terreno - Aquisição | AA69: Terreno | AB69: sim
A70: REALITA BELEM | B70: 44428 | C70: Itaú | D70: 42313-2 | E70: 2 - SPE's | F70: 01/01/2021 até 31/12/2022 | G70: 11 - NETCORP REALITA INCORPORAÇÃO E EMPREENDIMENTO IMOBILIARIO SPE LTDA | H70: 423132 - NETCORP REALITA - ITAU | I70: 0 | J70: 1102 - INCORPORACAO - TOLEDO BARBOSA | K70: 1.03.01.03 - Descontos Obtidos 1 0,01 | L70: 0.01 | M70: 44428 | N70: CP | O70: Desconto obtido Secretaria de Fazenda Federal | P70: Desconto obtido Secretaria de Fazenda Federal | Q70: 0 | R70: 0.01 | S70: 2399.1 | T70: Secretaria de Fazenda Federal | U70: 0.01 | V70: 0.01 | W70: 0 | X70: 44409 | Z70: Incorporação - Projetos | AA70: Incorporação | AB70: sim
A71: REALITA BELEM | B71: 44428 | C71: Itaú | D71: 42313-2 | E71: 2 - SPE's | F71: 01/01/2021 até 31/12/2022 | G71: 11 - NETCORP REALITA INCORPORAÇÃO E EMPREENDIMENTO IMOBILIARIO SPE LTDA | H71: 423132 - NETCORP REALITA - ITAU | I71: 0 | J71: 1102 - INCORPORACAO - TOLEDO BARBOSA | K71: 2.09.02.04 - Recolhimento de PIS/Cofins/CSLL - Terceiros 1 545,44 | L71: 545.44 | M71: 44428 | N71: CP | O71: Pagamento Secretaria de Fazenda Federal | P71: Pagamento Secretaria de Fazenda Federal | Q71: -545.44 | R71: 0 | S71: 1853.66 | T71: Secretaria de Fazenda Federal | U71: -545.44 | V71: 545.44 | W71: 0 | X71: 44409 | Z71: Terreno - Aquisição | AA71: Terreno | AB71: sim
A72: REALITA BELEM | B72: 44439 | C72: Itaú | D72: 42313-2 | E72: 2 - SPE's | F72: 01/01/2021 até 31/12/2022 | G72: 11 - NETCORP REALITA INCORPORAÇÃO E EMPREENDIMENTO IMOBILIARIO SPE LTDA | H72: 423132 - NETCORP REALITA - ITAU | I72: 0 | J72: 1102 - INCORPORACAO - TOLEDO BARBOSA | K72: 2.01.01.01 - Aquisição de Terreno 1 11730 | L72: 11730 | M72: 44439 | N72: CP | O72: Pagamento CONCRE-S GESTAO EMPRESARIAL LTDA | P72: Pagamento CONCRE-S GESTAO EMPRESARIAL LTDA | Q72: -11730 | R72: 0 | S72: -9876.34 | T72: CONCRE-S GESTAO EMPRESARIAL LTDA | U72: -11730 | V72: 11730 | W72: 0 | X72: 44409 | Z72: Terreno - Aquisição | AA72: Terreno | AB72: sim
A73: REALITA BELEM | B73: 44439 | C73: Itaú | D73: 42313-2 | E73: 2 - SPE's | F73: 01/01/2021 até 31/12/2022 | G73: 11 - NETCORP REALITA INCORPORAÇÃO E EMPREENDIMENTO IMOBILIARIO SPE LTDA | H73: 423132 - NETCORP REALITA - ITAU | I73: 0 | J73: 1102 - INCORPORACAO - TOLEDO BARBOSA | K73: 2.09.01.01 - (-) Retenção de IR - Terceiros 1 175,95 | L73: 175.95 | M73: 44439 | N73: CP | O73: Retenção impostos IR 1708 / CONCRE-S GESTAO EMPRESARIAL LTDA | P73: Retenção impostos IR 1708 / CONCRE-S GESTAO EMPRESARIAL LTDA | Q73: 0 | R73: 175.95 | S73: -9700.39 | T73: CONCRE-S GESTAO EMPRESARIAL LTDA | U73: 175.95 | V73: 175.95 | W73: 0 | X73: 44409 | Z73: Terreno - Aquisição | AA73: Terreno | AB73: sim
A74: REALITA BELEM | B74: 44439 | C74: Itaú | D74: 42313-2 | E74: 2 - SPE's | F74: 01/01/2021 até 31/12/2022 | G74: 11 - NETCORP REALITA INCORPORAÇÃO E EMPREENDIMENTO IMOBILIARIO SPE LTDA | H74: 423132 - NETCORP REALITA - ITAU | I74: 0 | J74: 1102 - INCORPORACAO - TOLEDO BARBOSA | K74: 2.09.01.04 - (-) Retenção de PIS/Cofins/CSLL - Terceiros 1 545,44 | L74: 545.44 | M74: 44439 | N74: CP | O74: Retenção impostos CSRF / CONCRE-S GESTAO EMPRESARIAL LTDA | P74: Retenção impostos CSRF / CONCRE-S GESTAO EMPRESARIAL LTDA | Q74: 0 | R74: 545.44 | S74: -9154.95 | T74: CONCRE-S GESTAO EMPRESARIAL LTDA | U74: 545.44 | V74: 545.44 | W74: 0 | X74: 44409 | Z74: Terreno - Aquisição | AA74: Terreno | AB74: sim
